Workbook
Name ANDAM: '[1]LISTA DE PRECIO'!$E$63
Name CROMATO_ZINC: '[1]LISTA DE PRECIO'!$E$99
Name EQUIPOSOL: '[1]LISTA DE PRECIO'!$E$70
Name ESMALTE: '[1]LISTA DE PRECIO'!$E$100
Name PTTO: '[2]PPTO-obra'!$C:$H

Sheet resumen 
B4: RESUMEN DEL PROYECTO
B6: REPÚBLICA DE COLOMBIA GOBERNACIÓN DE CORDOBA
B9: MANTENIMIENTO Y ADECUACIÓN DE LA CASA DE LA MUJER UBICADA EN EL MUNICIPIO DE MONTERÍA - CÓRDOBA
B12: Proyecto | C12: =+'[3]Presupuesto Electrico'!C2:F2 -> UNIDAD
C13: Tiempo de ejecución del proyecto (MESES): | G13: 6
C14: Tiempo de ejecución de obra (MESES): | G14: 6
B16: Construcción de la Obra Civil | G16: =+'PRESUPUESTO GENERAL'!I67+'PRESUPUESTO GENERAL'!I71 -> 2.532597e+08
B17: PGIO 2% | G17: =+'PRESUPUESTO GENERAL'!I72 -> 3896303
G18: =+'[4]PRESUPUESTO GENERAL'!F32 -> 0
B19: Interventoría 7% | G19: =+'[3]Presupuesto Electrico'!F59 -> 0
B20: Valor Total del proyecto | G20: =ROUND((SUM(G16:G19)),0) -> 257156000
B22: Presupuesto resumido por actividades
B23: 1 | C23: =+'PRESUPUESTO GENERAL'!D14 -> PRELIMINARES | G23: =+'PRESUPUESTO GENERAL'!I14*1.3 -> 23544011
B24: =+B23+1 -> 2 | C24: =+'PRESUPUESTO GENERAL'!D18 -> PISOS Y ENCHAPES | G24: =+'PRESUPUESTO GENERAL'!I18*1.3 -> 1089183.7
B25: =+B24+1 -> 3 | C25: =+'PRESUPUESTO GENERAL'!D21 -> CUBIERTAS | G25: =+'PRESUPUESTO GENERAL'!I21*1.3 -> 1.0417338e+08
B26: =+B25+1 -> 4 | C26: =+'PRESUPUESTO GENERAL'!D26 -> PINTURA Y ESTUCO | G26: =+'PRESUPUESTO GENERAL'!I26*1.3 -> 36167361
B27: =+B26+1 -> 5 | C27: =+'PRESUPUESTO GENERAL'!D30 -> PUERTAS,VENTANAS Y DIVISIONES | G27: =+'PRESUPUESTO GENERAL'!I30*1.3 -> 27035483
B28: =+B27+1 -> 6 | C28: =+'PRESUPUESTO GENERAL'!D42 -> INSTALACIONES ELECTRICAS | G28: =+('PRESUPUESTO GENERAL'!I42+'PRESUPUESTO GENERAL'!I47+'PRESUPUESTO GENERAL'!I49+'PRESUPUESTO GENERAL'!I54+'PRESUPUESTO GENERAL'!I58+'PRESUPUESTO GENERAL'!I63)*1.3 -> 61250274
B29: =+B28+1 -> 7 | C29: REALIZAR IMPLEMENTACÓN PGIO | G29: =+'PRESUPUESTO GENERAL'!I72 -> 3896303
B30: =+B27+1 -> 6 | C30: REALIZAR LA INTERVENTORÍA TÉCNICA, ADMINISTRATIVA Y FINANCIERA (7%) | G30: =+'[3]Presupuesto Electrico'!F59 -> 0
C31: Total del Proyecto | G31: =ROUND((SUM(G23:G30)),0) -> 257156000
C35: ELIANA UPARELA MARSIGLIA | F35: CILIA TOBIAS CARRASCAL
C36: Director Técnico y Administrativo S.I.D. | F36: SECRETARIA DE INFRAESTRUCTURA
C37: Revisó | F37: Revisó
B39: ¡Ahora le toca al pueblo! Dirección: Palacio de Naín - Calle 27 N 3 - 28 - Montería - Córdoba / Contacto Teléfono: 7848940 / Línea de atención gratuita: 018000400357 Email: contactenos@cordoba.gov.co - secretaria.infraestructura@cordoba.gov.co
B45: Objetivo | C45: Productos | D45: Actividades | E45: Insumos
B46: =+B9 -> MANTENIMIENTO Y ADECUACIÓN DE LA CASA DE LA MUJER UBICADA EN EL MUNICIPIO DE MONTERÍA - CÓRDOBA | C46: =+B46 -> MANTENIMIENTO Y ADECUACIÓN DE LA CASA DE LA MUJER UBICADA EN EL MUNICIPIO DE MONTERÍA - CÓRDOBA | D46: =+C23 -> PRELIMINARES | E46: =+G23 -> 23544011
D47: =+C24 -> PISOS Y ENCHAPES | E47: =+G24 -> 1089183.7
D48: =+C25 -> CUBIERTAS | E48: =+G25 -> 1.0417338e+08
D49: =+C26 -> PINTURA Y ESTUCO | E49: =+G26 -> 36167361
D50: =+C27 -> PUERTAS,VENTANAS Y DIVISIONES | E50: =+G27 -> 27035483
D51: =+C28 -> INSTALACIONES ELECTRICAS | E51: =G28 -> 61250274
D52: =+C29 -> REALIZAR IMPLEMENTACÓN PGIO | E52: =+G29 -> 3896303
D53: =+C30 -> REALIZAR LA INTERVENTORÍA TÉCNICA, ADMINISTRATIVA Y FINANCIERA (7%) | E53: =+G30 -> 0
B54: Total del Proyecto | E54: =ROUND((SUM(E46:E53)),0) -> 257156000
C58: =+C35 -> ELIANA UPARELA MARSIGLIA | F58: CILIA TOBIAS CARRASCAL
C59: Director Técnico y Administrativo S.I.D. | F59: SECRETARIA DE INFRAESTRUCTURA
C60: Revisó | F60: Revisó
B62: ¡Ahora le toca al pueblo! Dirección: Palacio de Naín - Calle 27 N 3 - 28 - Montería - Córdoba / Contacto Teléfono: 7848940 / Línea de atención gratuita: 018000400357 Email: contactenos@cordoba.gov.co - secretaria.infraestructura@cordoba.gov.co
B67: Etapa | C67: Año | D67: Actividad | E67: Ruta Crítica | F67: Valor
B68: Inversión | C68: 2021 | D68: =+D46 -> PRELIMINARES | F68: =+E46 -> 23544011
B69: Inversión | C69: 2021 | D69: =+D47 -> PISOS Y ENCHAPES | F69: =+E47 -> 1089183.7
B70: Inversión | C70: 2021 | D70: =+D48 -> CUBIERTAS | F70: =+E48 -> 1.0417338e+08
B71: Inversión | C71: 2021 | D71: =+D49 -> PINTURA Y ESTUCO | F71: =+E49 -> 36167361
B72: Inversión | C72: 2021 | D72: =+D50 -> PUERTAS,VENTANAS Y DIVISIONES | F72: =+E50 -> 27035483
B73: Inversión | C73: 2021 | D73: =+D51 -> INSTALACIONES ELECTRICAS | F73: =+E51 -> 61250274
B74: Inversión | C74: 2021 | D74: =+D52 -> REALIZAR IMPLEMENTACÓN PGIO | F74: =+E52 -> 3896303
B75: Inversión | C75: 2021 | D75: =+D53 -> REALIZAR LA INTERVENTORÍA TÉCNICA, ADMINISTRATIVA Y FINANCIERA (7%) | F75: =+E53 -> 0
B76: Total del Proyecto | F76: =ROUNDUP((SUM(F68:F75)),0) -> 257156000
C80: =+C58 -> ELIANA UPARELA MARSIGLIA | F80: CILIA TOBIAS CARRASCAL
C81: Director Técnico y Administrativo S.I.D. | F81: SECRETARIA DE INFRAESTRUCTURA
C82: Revisó | F82: Revisó
B84: ¡Ahora le toca al pueblo! Dirección: Palacio de Naín - Calle 27 N 3 - 28 - Montería - Córdoba / Contacto Teléfono: 7848940 / Línea de atención gratuita: 018000400357 Email: contactenos@cordoba.gov.co - secretaria.infraestructura@cordoba.gov.co
B89: OBSERVACIONES GENERALES
B90: • Se realiza el presupuesto de obra a partir de los Precios Unitarios establecidos por Cotizaciones de Provedores del mercado regional y la Gobernación Gobernación de Córdoba.
B91: • Se determina un AIU del 30%
B92: • El Análisis de Precios Unitarios contempla el valor de la Herramienta Menor como el 5% del valor de la mano de obra
B93: • La cantidades de obra se establecen y verifican según diseño
B94: • La cantidades de obra de instalaciones eléctricas se verifican de acuerdo con el diseño el cual adjunta Análisis de Precios Unitarios
C108: =+C80 -> ELIANA UPARELA MARSIGLIA | F108: CILIA TOBIAS CARRASCAL
C109: Director Técnico y Administrativo S.I.D. | F109: SECRETARIA DE INFRAESTRUCTURA
C110: Revisó | F110: Revisó
B112: ¡Ahora le toca al pueblo! Dirección: Palacio de Naín - Calle 27 N 3 - 28 - Montería - Córdoba / Contacto Teléfono: 7848940 / Línea de atención gratuita: 018000400357 Email: contactenos@cordoba.gov.co - secretaria.infraestructura@cordoba.gov.co

Sheet PRESUPUESTO GENERAL
C2: PRESUPUESTO OFICIAL DE OBRA
C4: REPÚBLICA DE COLOMBIA GOBERNACIÓN DE CORDOBA
C7: SECRETARÍA DE INFRAESTRUCTURA - DEPARTAMENTO DE CÓRDOBA
C9: MANTENIMIENTO Y ADECUACIÓN DE LA CASA DE LA MUJER UBICADA EN EL MUNICIPIO DE MONTERÍA - CÓRDOBA
C12: ÍTEM | D12: DESCRIPCIÓN | E12: UND | F12: CANT | G12: VR.UNITARIO | H12: VR. PARCIAL | I12: VR. TOTAL
C14: 1 | D14: PRELIMINARES | I14: =SUM(H15:H16) -> 18110778
C15: 1.1 | D15: Desmonte de cielo raso | E15: m2 | F15: 717.76 | G15: =+'1.1-A.P.U'!G38 -> 24584 | H15: =(F15*G15) -> 17645412
C16: 1.2 | D16: Desmonte y retiro de puertas y ventanas existentes | E16: Un | F16: 22 | G16: =+'1,2-A.P.U'!G37 -> 21153 | H16: =(F16*G16) -> 465366
C18: 2 | D18: PISOS Y ENCHAPES | I18: =SUM(H19:H19) -> 837833.61
C19: 2.1 | D19: Pañete en mortero 1:4 allanado para muros, incluye junta de dilatación | E19: m2 | F19: 30 | G19: =+'2.1-A.P.U'!G41 -> 27927.787 | H19: =(F19*G19) -> 837833.61
C21: 3 | D21: CUBIERTAS | I21: =SUM(H22:H24) -> 80133373
C22: 3.1 | D22: Reparacion de cubierta y caballerte en eternit | E22: m2 | F22: 702.63622 | G22: ='3.1-A-P-U'!G41 -> 37142 | H22: =(F22*G22) -> 26097314
C23: 3.2 | D23: Impermeabilizacion manto real | E23: ml | F23: 20 | G23: =+'3.2-A.P.U'!G40 -> 201098 | H23: =(F23*G23) -> 4021960
C24: 3.3 | D24: Suministro e instalación de cielo raso en Dry wall, incluye estructura de soporte y pintura a 3 manos | E24: m2 | F24: =+F15 -> 717.76 | G24: ='3.3-A.P.U'!G48 -> 69680.81 | H24: =(F24*G24) -> 50014098
C26: 4 | D26: PINTURA Y ESTUCO | I26: =SUM(H27:H28) -> 27821047
C27: 4.1 | D27: Pintura tipo 1 para muros interiores y exteriores (3 manos) | E27: m2 | F27: =2377+20 -> 2397 | G27: ='4.1-A.P.U.'!G41 -> 11297 | H27: =(F27*G27) -> 27078909
C28: 4.2 | D28: Estuco plastico para muros | E28: m2 | F28: =+F19 -> 30 | G28: ='4.2-A.P.U.'!G41 -> 24737.923 | H28: =(F28*G28) -> 742137.69
C30: 5 | D30: PUERTAS,VENTANAS Y DIVISIONES | I30: =SUM(H31:H40) -> 20796525
C31: 5.1 | D31: suministro e instalacion de puertas en madera 2,64 x 1,6 (fachada) | E31: und | F31: 2 | G31: =+'5.1 A.P.U'!G45 -> 1291354 | H31: =(F31*G31) -> 2582708
C32: 5.2 | D32: suministro e instalacion de ventanas en madera 2,20 x 1,00 (fachada) | E32: und | F32: 4 | G32: =+'5.2 A.P.U'!G45 -> 867354 | H32: =(F32*G32) -> 3469416
C33: 5.3 | D33: suministro e instalacion de puertas en madera 2,00 x 0,90 | E33: und | F33: 4 | G33: =+'5.3 A.P.U '!G45 -> 927354 | H33: =(F33*G33) -> 3709416
C34: 5.4 | D34: suministro e instalacion de puertas en madera 2,00 x 0,80 | E34: und | F34: 3 | G34: =+'5.4 A.P.U '!G45 -> 867354 | H34: =(F34*G34) -> 2602062
C35: 5.5 | D35: suministro e instalacion de puertas en madera 2,10 x 1,10 | E35: und | F35: 3 | G35: =+'5.5 A.P.U '!G45 -> 867354 | H35: =(F35*G35) -> 2602062
C36: 5.6 | D36: suministro e instalacion de puertas en madera 2,70 x 1,65 | E36: und | F36: 3 | G36: =+'5.6 A.P.U.'!G45 -> 927354 | H36: =(F36*G36) -> 2782062
C37: 5.7 | D37: suministro e instalacion de puertas en metalica 2,00 x 1,00 | E37: und | F37: 2 | G37: =+'5.7 A.P.U.'!G41 -> 428199 | H37: =(F37*G37) -> 856398
C38: 5.8 | D38: suministro e instalacion de puertas en metalica 2,00 x 0,80 | E38: und | F38: 3 | G38: =+'5.8 A.P.U'!G41 -> 385560 | H38: =(F38*G38) -> 1156680
C39: 5.9 | D39: Pintura con proteccion anticorrosivo y acabado en esmalte para puerta de 2,60 X 2,70 (GARAJE) | E39: M2 | F39: =+(2.6*2.7) -> 7.02 | G39: =+'5.9 A.P.U '!G42 -> 24155.9 | H39: =(F39*G39) -> 169574.42
C40: 5.10 | D40: Divicion en para oficnas en superboar | E40: m2 | F40: =8.5*2.2 -> 18.7 | G40: =+'5.10 A.P.U'!G45 -> 46318 | H40: =(F40*G40) -> 866146.6
C42: 6 | D42: INSTALACIONES ELECTRICAS | I42: =SUM(H44:H46) -> 9560000
C43: 6.1 | D43: INSTALACIONES ELECTRICAS INTERNAS
C44: 6.1.1 | D44: SUMINISTRO E INSTALACIÓN DE LUMINARIAS LED DE 18 W, CIRCULAR. PARA EMPOTRAR. | E44: UND | F44: 40 | G44: =+'6.1.1 A.P.U'!G41 -> 135000 | H44: =(F44*G44) -> 5400000
C45: 6.1.2 | D45: SUMINISTRO E INSTALACIÓN DE TOMACORRIENTE NORMAL, 120 V. | E45: UND | F45: 30 | G45: =+'6.1.2 A.P.U '!G41 -> 92000 | H45: =(F45*G45) -> 2760000
C46: 6.1.3 | D46: SUMINISTRO, MONTAJE E INSTALACIÓN DE VENTILADOR DE TECHO. | E46: UND | F46: 4 | G46: =+'6.1.3 A.P.U '!G41 -> 350000 | H46: =(F46*G46) -> 1400000
C47: 6.2 | D47: AIRE ACONDICIONADO | I47: =+H48 -> 3000000
C48: 6.2.1 | D48: MANTENIMIENTO PREVENTIVO DE UNIDADES MANEJADORAS Y CONDENSADORAS DE AIRE ACONDICIONADOS. | E48: UND | F48: 12 | G48: =+'6.2.1 A.P.U '!G41 -> 250000 | H48: =(F48*G48) -> 3000000
C49: 6.3 | D49: ACOMETIDAS Y ALIMENTADORES ELECTRICOS | I49: =+SUM(H50:H53) -> 17239551
C50: 6.3.1 | D50: SUMINISTRO DE CABLE DE COBRE 3 X N°2 + 1 N°2 + 1 N°2 T THWN. LIBRE DE HALOGENO. TUBERÍA EMT DE 1 1/2". ACCESORIOS PARA SU INSTALACIÓN. | E50: ML | F50: 10 | G50: =+'6.3.1 A.P.U '!G44 -> 209354.33 | H50: =(F50*G50) -> 2093543.3
C51: 6.3.2 | D51: SUMINISTRO DE CABLE DE COBRE 2 X N°6 + 1 N°6 + 1 N°6 T THWN. LIBRE DE HALOGENO. TUBERÍA EMT DE 1 1/4"y EMT DE 3/4". ACCESORIOS PARA SU INSTALACIÓN. | E51: ML | F51: 5 | G51: =+'6.3.2 A.P.U '!G46 -> 117150 | H51: =(F51*G51) -> 585750
C52: 6.3.3 | D52: SUMINISTRO DE CABLE DE COBRE 2 X N°10 + 1 N°10 + 1 N°10 T THWN. LIBRE DE HALOGENO. TUBERÍA EMT DE 3/4". ACCESORIOS PARA SU INSTALACIÓN. | E52: ML | F52: 120 | G52: =+'6.3.3 A.P.U '!G44 -> 38553.098 | H52: =(F52*G52) -> 4626371.8
C53: 6.3.4 | D53: SUMINISTRO DE CABLE DE COBRE 2 X N° 12 + 1 N° 12 + 1 N°12 T THWN. LIBRE DE HALOGENO. TUBERÍA EMT DE 1/2" y EMT DE 3/4". ACCESORIOS PARA SU INSTALACIÓN. | E53: ML | F53: 350 | G53: =+'6.3.4 A.P.U '!G46 -> 28382.532 | H53: =(F53*G53) -> 9933886.2
C54: 6.4 | D54: PROTECCIONES ELECTRICAS | I54: =+SUM(H55:H57) -> 1671000
C55: 6.4.1 | D55: SUMINISTRO, TRANSPORTE E INSTALACIÓN DE INTERRUPTOR AUTOMÁTICO MONOPOLAR ENCHUFABLE (BREAKER) DE 1X20 - 30 AMP. | E55: UND | F55: 24 | G55: =+'6.4.1 A.P.U'!G41 -> 39000 | H55: =(F55*G55) -> 936000
C56: 6.4.2 | D56: SUMINISTRO, TRANSPORTE E INSTALACIÓN DE INTERRUPTOR TOTALIZADOR DE 3 X 100 AMP. | E56: UND | F56: 1 | G56: =+'6.4.2 A.P.U'!G41 -> 275000 | H56: =(F56*G56) -> 275000
C57: 6.4.3 | D57: SUMINISTRO, TRANSPORTE E INSTALACIÓN DE INTERRUPTOR TOTALIZADOR DE 3 X 70 AMP. | E57: UND | F57: 2 | G57: =+'6.4.3 A.P.U'!G41 -> 230000 | H57: =(F57*G57) -> 460000
C58: 6.5 | D58: COMUNICACIÓN Y ACCESORIOS | I58: =+SUM(H59:H62) -> 6611340
C59: 6.5.1 | D59: SUMINISTRO E INSTALACIÓN DE SALIDA PARA VOZ Y DATOS. | E59: UND | F59: 15 | G59: =+'6.5.1 A.P.U'!G39 -> 67500 | H59: =(F59*G59) -> 1012500
C60: 6.5.2 | D60: Suministro e instalacion de Alimentadores para salidas de Voz y Datos. Cable UTP Categoria 6A. | E60: ML | F60: 400 | G60: =+'6.5.2. A.P.U'!G44 -> 9434.6 | H60: =(F60*G60) -> 3773840
C61: 6.5.3 | D61: Suministro e instalación Gabinete. Contiene patch panel, swiches, multitoma, ventilación, puesta a tierra. | E61: UND | F61: 1 | G61: =+'6.5.3 A.P.U '!G44 -> 1150000 | H61: =(F61*G61) -> 1150000
C62: 6.5.4 | D62: Certificacion de salidas de Voz y Datos. | E62: UND | F62: 15 | G62: =+'6.5.4 A.P.U'!G41 -> 45000 | H62: =(F62*G62) -> 675000
C63: 6.6 | D63: GABINETES Y TABLEROS ELECTRICOS | I63: =+SUM(H64:H65) -> 9033704.1
C64: 6.6.1 | D64: SUMINISTRO, TRANSPORTE E INSTALACIÓN DE GABINETE PRINCIPAL DE DISTRIBUCIÓN, CERTIFICADO. INCUYE: INTERRUPTOR TOTALIZADOR GENERAL REGULABLE DE 3X 100 AMP. DPS DE PROTECCIÓN, BARRAJE PRINCIPAL EN COBRE ELECTRÓLITICO DE 200 AMPS. PROTECCIONES DE CIRCUITOS ALIMENTADORES, CABLEADO GENERAL DEL EQUIPO Y ACCESORIOS. | E64: UND | F64: 1 | G64: =+'6.6.1 A.P.U'!G39 -> 8136420.2 | H64: =(F64*G64) -> 8136420.2
C65: 6.6.2 | D65: SUMINISTRO, INSTALACIÓN Y ARMADO DE TABLERO TRIFÁSICO DE 24 CIRCUITOS CON ESPACIO PARA TOTALIZADOR. | E65: UND | F65: 1 | G65: =+'6.6.2 A.PU'!G38 -> 897283.97 | H65: =(F65*G65) -> 897283.97
D67: VALOR COSTOS DIRECTOS | I67: =I14+I18++I21+I26+I30+I42+I47+I49+I54+I58+I63 -> 1.9481515e+08
D68: ADMINISTRACION | F68: 0.25 | I68: =+$I$67*F68 -> 48703788
D69: IMPREVISTOS | F69: 0.01 | I69: =+$I$67*F69 -> 1948151.5
D70: UTILIDAD | F70: 0.04 | I70: =+$I$67*F70 -> 7792606
D71: VR. TOTAL A.I.U. | F71: 0.3 | I71: =+$I$67*F71 -> 58444545
D72: COMPONENTE PGIO | F72: 0.02 | I72: =0.02*I67 -> 3896303
D73: VALOR COSTO PROYECTO OBRA CIVIL | I73: =I67+I71+I72 -> 2.57156e+08
C80: DANIELA BUSTAMENTE | I80: ELIANA UPARELA MARSIGLIA
C81: ARQUITECTA CONTRATISTA DE APOYO S.I.D. | I81: DIRECTOR TECNICO Y ADMINISTRATIVO S.I.D
C82: Elaboró | I82: Aprobó
C84: GEBILIER RAMOS
C85: INGENIERO CONTRATISTA DE APOYO S.I.D.
C86: Elaboró
C88: ¡Ahora le toca al pueblo! Dirección: Palacio de Naín - Calle 27 N 3 - 28 - Montería - Córdoba / Contacto Teléfono: 7848940 / Línea de atención gratuita: 018000400357 Email: contactenos@cordoba.gov.co - secretaria.infraestructura@cordoba.gov.co

Sheet 1.1-A.P.U 
B2: ANÁLISIS DE PRECIOS UNITARIOS - A.P.U.
B4: REPÚBLICA DE COLOMBIA GOBERNACIÓN DE CORDOBA
B7: SECRETARÍA DE INFRAESTRUCTURA - DEPARTAMENTO DE CÓRDOBA
B9: MANTENIMIENTO Y MEJORAS LOCATIVAS EN DIFERENTES PUNTOS DEL BIBLIOPARQUE DAVID SANCHEZ JULIAO UBICADO EN EL BARRIO VILLA MELISA, DEL MUNICIPIO DE MONTERÍA-CORDOBA
B13: PROYECTO U OBRA: | D13: DESCRIPCIÓN DEL ÍTEM
B14: =B9 -> MANTENIMIENTO Y MEJORAS LOCATIVAS EN DIFERENTES PUNTOS DEL BIBLIOPARQUE DAVID SANCHEZ JULIAO UBICADO EN EL BARRIO VILLA MELISA, DEL MUNICIPIO DE MONTERÍA-CORDOBA | D14: ='PRESUPUESTO GENERAL'!#REF! -> #REF!
B15: ÍTEM: | C15: ='PRESUPUESTO GENERAL'!C15 -> 1.1 | D15: UNIDAD: | E15: m2 | F15: CANTIDAD: | G15: ='PRESUPUESTO GENERAL'!F15 -> 717.76
B17: 1. EQUIPOS
B18: Descripción | D18: Tipo | E18: Valor/Hora | F18: Rendimiento | G18: Valor-unit.
B19: herramientas menores | D19: Manual | E19: 3000 | F19: 5 | G19: =ROUND(E19/F19,0) -> 600
F23: Sub-Total | G23: =SUM(G19:G22) -> 600
B24: 2. MATERIALES EN OBRA
B25: Descripción | D25: unidad | E25: Precio-unit. | F25: Cantidad | G25: Valor-unit.
F30: Sub-Total | G30: =SUM(G26:G29) -> 0
B31: 3. TRANSPORTES
B32: Material | C32: Vol-peso ó Cant. | D32: Distancia | E32: M3-Km | F32: Tarifa | G32: Valor-unit.
G35: =SUM(G33:G34) -> 0
B36: 4. MANO DE OBRA
B37: Trabajador | C37: Jornal | D37: Prestaciones | E37: Jornal Total | F37: Rendimiento | G37: Valor-unit.
B38: =Personal!D25 -> CUADRILLA ( 2 AYUDANTES) (JR) | C38: 65361.211 | D38: 55557.03 | E38: 120918.24 | F38: 18 | G38: =ROUND(E38/F38,0) -> 6718
F41: Sub-Total | G41: =SUM(G38:G40) -> 6718
F42: Total Costo Directo | G42: =+G23+G30+G35+G41 -> 7318
B47: GUSTAVO TIRADO HERNADEZ | C47: OSCAR PINEDA MENDOZA | G47: CILIA TOBIAS CARRASCAL
B48: Contratista Secretaria De Infraestructura | C48: Contratista Secretaria De Infraestructura | G48: SECRETARIA DE INFRAESTRUCTURA
B49: Elaboró | C49: Elaboró | G49: Aprobó
B51: ¡Ahora le toca al pueblo! Dirección: Palacio de Naín - Calle 27 N 3 - 28 - Montería - Córdoba / Contacto Teléfono: 7848940 / Línea de atención gratuita: 018000400357 Email: contactenos@cordoba.gov.co - secretaria.infraestructura@cordoba.gov.co

Sheet 1.2-A.P.U
B2: ANÁLISIS DE PRECIOS UNITARIOS - A.P.U.
B4: REPÚBLICA DE COLOMBIA GOBERNACIÓN DE CORDOBA
B7: SECRETARÍA DE INFRAESTRUCTURA - DEPARTAMENTO DE CÓRDOBA
B9: MANTENIMIENTO Y MEJORAS LOCATIVAS EN DIFERENTES PUNTOS DEL BIBLIOPARQUE DAVID SANCHEZ JULIAO UBICADO EN EL BARRIO VILLA MELISA, DEL MUNICIPIO DE MONTERÍA-CORDOBA
B13: PROYECTO U OBRA: | D13: DESCRIPCIÓN DEL ÍTEM:
B14: =B9 -> MANTENIMIENTO Y MEJORAS LOCATIVAS EN DIFERENTES PUNTOS DEL BIBLIOPARQUE DAVID SANCHEZ JULIAO UBICADO EN EL BARRIO VILLA MELISA, DEL MUNICIPIO DE MONTERÍA-CORDOBA | D14: ='PRESUPUESTO GENERAL'!#REF! -> #REF!
B15: ÍTEM: | C15: ='PRESUPUESTO GENERAL'!C16 -> 1.2 | D15: UNIDAD: | E15: m2 | F15: CANTIDAD: | G15: ='PRESUPUESTO GENERAL'!F16 -> 22
B17: 1. EQUIPOS
B18: Descripción | D18: Tipo | E18: Tarifa/Hora | F18: Rendimiento | G18: Valor-unit.
B19: HERRAMIENTAS MENORES | D19: Manual | E19: 2000 | F19: 0.1 | G19: =ROUND(E19*F19,0) -> 200
F21: Sub-Total | G21: =SUM(G19:G20) -> 200
B22: 2. MATERIALES EN OBRA
B23: Descripción | D23: unidad | E23: Precio-unit. | F23: Cantidad | G23: Valor-unit.
F27: Sub-Total | G27: =SUM(G24:G26) -> 0
B28: 3. TRANSPORTES
B29: Material | C29: Vol-peso ó Cant. | D29: Distancia | E29: M3-Km | F29: Tarifa | G29: Valor-unit.
G32: =SUM(G30:G31) -> 0
B33: 4. MANO DE OBRA
B34: Trabajador | C34: Jornal | D34: Prestaciones | E34: Jornal Total | F34: Rendimiento | G34: Valor-unit.
B35: =+[2]PERSONAL!$D$25 -> CUADRILLA ( 2 AYUDANTES) (JR) | C35: =+[2]PERSONAL!$F$25 -> 65361.211 | D35: =+[2]PERSONAL!$G$25 -> 55557.03 | E35: =+C35+D35 -> 120918.24 | F35: 15 | G35: =ROUND(E35/F35,0) -> 8061
F38: Sub-Total | G38: =SUM(G35:G37) -> 8061
F39: Total Costo Directo | G39: =+G21+G27+G32+G38 -> 8261
B42: GUSTAVO TIRADO HERNADEZ | C42: OSCAR PINEDA MENDOZA | G42: CILIA TOBIAS CARRASCAL
B43: Contratista Secretaria De Infraestructura | C43: Contratista Secretaria De Infraestructura | G43: SECRETARIA DE INFRAESTRUCTURA
B44: Elaboró | C44: Elaboró | G44: Aprobó
B46: ¡Ahora le toca al pueblo! Dirección: Palacio de Naín - Calle 27 N 3 - 28 - Montería - Córdoba / Contacto Teléfono: 7848940 / Línea de atención gratuita: 018000400357 Email: contactenos@cordoba.gov.co - secretaria.infraestructura@cordoba.gov.co

Sheet A.I.U
D2: DESGLOSE DEL A.I.U. (ADMINISTRACÍON, IMPREVISTOS Y UTILIDAD)
D4: REPÚBLICA DE COLOMBIA GOBERNACIÓN DE CORDOBA
D7: ='PRESUPUESTO GENERAL'!C7 -> SECRETARÍA DE INFRAESTRUCTURA - DEPARTAMENTO DE CÓRDOBA
D9: ='PRESUPUESTO GENERAL'!C9 -> MANTENIMIENTO Y ADECUACIÓN DE LA CASA DE LA MUJER UBICADA EN EL MUNICIPIO DE MONTERÍA - CÓRDOBA
D14: VALOR DE LOS COSTOS DIRECTOS OBRA CIVIL | E14: =+'PRESUPUESTO GENERAL'!I67 -> 1.9481515e+08 | J14: ADMINISTRACIÓN | L14: 0.25
D15: DURACIÓN DE LA EJECUCIÓN DE LA OBRA | E15: 2 | F15: MESES | J15: IMPREVISTOS | L15: 0.01
D16: A.I.U CALCULADO | E16: =+L14+L15+L16 -> 0.3 | J16: UTILIDAD | L16: 0.04
D17: TOTAL VALOR A.I.U. ADOPTADO | E17: =+E16 -> 0.3
D19: COSTOS ADMINISTRATIVOS | E19: VR. HONORARIO MENSUAL $ | F19: F.P. | G19: VR. MENSUAL TOTAL | H19: CANT | I19: DEDICACIÓN MENSUAL % | J19: MESES | K19: VR. PARCIAL | L19: % SOBRE COSTOS DIRECTOS
C21: 1 | D21: PERSONAL PROFESIONAL Y TÉCNICO | F21: 0.85 | K21: =SUM(K22:K26) -> 10092863 | L21: =SUM(L22:L26) -> 0.051807384
D22: Director de obra | E22: 4433940 | F22: =+E22*85% -> 3768849 | G22: =+F22+E22 -> 8202789 | H22: 1 | I22: 0.2 | J22: =+$E$15 -> 2 | K22: =+J22*I22*H22*G22 -> 3281115.6 | L22: =+K22/$E$14 -> 0.016842199
D23: Residente de obra | E23: 1534177.4 | F23: =+E23*85% -> 1304050.8 | G23: =+F23+E23 -> 2838228.2 | H23: 1 | I23: 1 | J23: =+$E$15 -> 2 | K23: =+J23*I23*H23*G23 -> 5676456.4 | L23: =+K23/$E$14 -> 0.029137654
D24: Ingeniero Eléctrico | E24: =+E23 -> 1534177.4 | F24: =+E24*85% -> 1304050.8 | G24: =+F24+E24 -> 2838228.2 | H24: 1 | I24: 0.1 | J24: =+$E$15 -> 2 | K24: =+J24*I24*H24*G24 -> 567645.64 | L24: =+K24/$E$14 -> 0.0029137654
D25: Especialista en higiene y seguridad industrial | E25: =+E23 -> 1534177.4 | F25: =+E25*85% -> 1304050.8 | G25: =+F25+E25 -> 2838228.2 | H25: 1 | I25: 0.1 | J25: =+$E$15 -> 2 | K25: =+J25*I25*H25*G25 -> 567645.64 | L25: =+K25/$E$14 -> 0.0029137654
C27: 2
D28: OFICINA, PAPELERIA Y OTROS | K28: =SUM(K29:K29) -> 1756316.7 | L28: =SUM(L29:L29) -> 0.0090152981
D29: Alquiler de Oficina, - incluye mobiliario y servicios públicos - Reproducción de documentos, planos, ploter, comunicaciones. | E29: 878158.33 | H29: 1 | I29: 1 | J29: =+E15 -> 2 | K29: =+J29*I29*H29*E29 -> 1756316.7 | L29: =+K29/$E$14 -> 0.0090152981
C31: 3 | D31: OTROS COSTOS FIJOS | K31: =SUM(K32:K32) -> 562493.33 | L31: =SUM(L32:L32) -> 0.0028873182
D32: Valla Informativa del proyecto | E32: 562493.33 | H32: 1 | K32: =+E32*H32 -> 562493.33 | L32: =+K32/$E$14 -> 0.0028873182
D34: LEGALIZACIÓN DEL CONTRATO, IMPUESTOS TASAS Y CONTRIBUCIONES | K34: =ROUND((SUM(K35:K41)),2) -> 36292115 | L34: =SUM(L35:L41) -> 0.18629
D35: Pro-Cultura | E35: Tasa prima sobre el valor del contrato | J35: 0.005 | K35: =+(1+0.3)*J35*$E$14 -> 1266298.5 | L35: =+K35/$E$14 -> 0.0065
D36: Para el bienestar del adulto mayor | E36: Tasa prima sobre el valor del contrato | J36: 0.03 | K36: =+(1+0.3)*J36*$E$14 -> 7597790.9 | L36: =+K36/$E$14 -> 0.039
D37: Estampilla Pro-Desarrollo Académico y descentralización de servicios educativos de Universidaad de Córdoba | E37: Tasa prima sobre el valor del contrato | J37: 0.02 | K37: =+(1+0.3)*J37*$E$14 -> 5065193.9 | L37: =+K37/$E$14 -> 0.026
D38: Prodesarrollo Departamental | E38: Tasa prima sobre el valor del contrato | J38: 0.02 | K38: =+(1+0.3)*J38*$E$14 -> 5065193.9 | L38: =+K38/$E$14 -> 0.026
D39: Tasa Pro-Deporte y Recreación Departamental | E39: Tasa prima sobre el valor del contrato | J39: 0.01 | K39: =+(1+0.3)*J39*$E$14 -> 2532597 | L39: =+K39/$E$14 -> 0.013
D40: Garantías | E40: Tasa prima sobre el valor del contrato | J40: 0.0083 | K40: =+(1+0.3)*J40*$E$14 -> 2102055.5 | L40: =+K40/$E$14 -> 0.01079
D41: Fondo de Seguridad Ciudadana | E41: Tasa prima sobre el valor del contrato | J41: 0.05 | K41: =+(1+0.3)*J41*$E$14 -> 12662985 | L41: =+K41/$E$14 -> 0.065 | N41: 155619580 | P41: =+'[5]PRESUPUESTO GRAL'!F150 -> 155619580
D43: TOTAL COSTOS ADMINISTRATIVOS | K43: =ROUND((K34+K31+K28+K21),2) -> 48703788 | L43: =+L21+L28+L31+L34 -> 0.25 | N43: 48703788 | O43: 25
D44: RESERVA PARA IMPREVISTOS | K44: =ROUND((+L44*E14),0) -> 1948152 | L44: 0.01
D45: UTILIDAD ESPERADA | K45: =ROUND((+L45*E14),0) -> 7792606 | L45: 0.04
D47: VALOR TOTAL DEL A.I.U. | K47: =SUM(K43:K45) -> 58444546 | L47: =+L43+L44+L45 -> 0.3 | N47: 58444546
N49: =+K47-N47 -> 0
D53: DANIELA BUSTAMENTE | L53: ELINA UPARELA MARSIGLIA
D54: ARQUITECTA CONTRATISTA DE APOYO S.I.D. | L54: DIRECTOR TECNICO Y ADMINISTRATIVO S.I.D
D55: Elaboró | L55: Aprobó
D57: GEBILIER RAMOS
D58: INGENIERO CONTRATISTA DE APOYO S.I.D.
D59: Elaboró
D62: ¡Ahora le toca al pueblo! Dirección: Palacio de Naín - Calle 27 N 3 - 28 - Montería - Córdoba / Contacto Teléfono: 7848940 / Línea de atención gratuita: 018000400357 Email: contactenos@cordoba.gov.co - secretaria.infraestructura@cordoba.gov.co

Sheet 1.1-A.P.U
B2: ANÁLISIS DE PRECIOS UNITARIOS - A.P.U.
B4: REPÚBLICA DE COLOMBIA GOBERNACIÓN DE CORDOBA
B9: MANTENIMIENTO Y ADECUACIÓN DE LA CASA DE LA MUJER UBICADA EN EL MUNICIPIO DE MONTERÍA - CÓRDOBA
B13: PROYECTO U OBRA: | D13: DESCRIPCIÓN DEL ÍTEM:
B14: =+B9 -> MANTENIMIENTO Y ADECUACIÓN DE LA CASA DE LA MUJER UBICADA EN EL MUNICIPIO DE MONTERÍA - CÓRDOBA | D14: ='PRESUPUESTO GENERAL'!D15 -> Desmonte de cielo raso
B15: ÍTEM: | C15: 1.1 | D15: UNIDAD: | E15: M2 | F15: CANTIDAD: | G15: 717.76
B17: 1. EQUIPOS
B18: Descripción | D18: Tipo | E18: Tarifa/Hora | F18: Rendimiento | G18: Valor-unit.
B19: herramientas menores | D19: Manual | E19: 2000 | F19: 5 | G19: =E19/F19 -> 400
F22: Sub-Total | G22: =SUM(G19:G21) -> 400
B23: 2. MATERIALES EN OBRA
B24: Descripción | D24: unidad | E24: Precio-unit. | F24: Cantidad | G24: Valor-unit.
F26: Sub-Total | G26: =SUM(G25:G25) -> 0
B27: 3. TRANSPORTES
B28: Material | D28: Cantidad | E28: Rendimiento/Dia | F28: Tarifa | G28: Valor-unit.
F31: Sub-Total | G31: =SUM(G29:G30) -> 0
B32: 4. MANO DE OBRA
B33: Trabajador | C33: Jornal | D33: Prestaciones | E33: Jornal Total | F33: Rendimiento | G33: Valor-unit.
B34: =Personal!D25 -> CUADRILLA ( 2 AYUDANTES) (JR) | C34: 65361.211 | D34: 55557.03 | E34: 120918.24 | F34: 5 | G34: =ROUND(E34/F34,0) -> 24184
F37: Sub-Total | G37: =SUM(G34:G36) -> 24184
F38: Total Costo Directo | G38: =+G22+G26+G31+G37 -> 24584
B40: DANIELA BUSTAMENTE | G40: ELINA UPARELA MARSIGLIA
B41: ARQUITECTA CONTRATISTA DE APOYO S.I.D. | G41: DIRECTOR TECNICO Y ADMINISTRATIVO S.I.D
B42: Elaboró | G42: Aprobó
B44: ¡Ahora le toca al pueblo! Dirección: Palacio de Naín - Calle 27 N 3 - 28 - Montería - Córdoba / Contacto Teléfono: 7848940 / Línea de atención gratuita: 018000400357 Email: contactenos@cordoba.gov.co - secretaria.infraestructura@cordoba.gov.co

Sheet 1,2-A.P.U
B2: ANÁLISIS DE PRECIOS UNITARIOS - A.P.U.
B4: REPÚBLICA DE COLOMBIA GOBERNACIÓN DE CORDOBA
B9: MANTENIMIENTO Y ADECUACIÓN DE LA CASA DE LA MUJER UBICADA EN EL MUNICIPIO DE MONTERÍA - CÓRDOBA
B13: PROYECTO U OBRA: | D13: DESCRIPCIÓN DEL ÍTEM:
B14: =B9 -> MANTENIMIENTO Y ADECUACIÓN DE LA CASA DE LA MUJER UBICADA EN EL MUNICIPIO DE MONTERÍA - CÓRDOBA | D14: ='PRESUPUESTO GENERAL'!D16 -> Desmonte y retiro de puertas y ventanas existentes
B15: ÍTEM: | C15: 1.2 | D15: UNIDAD: | E15: und | F15: CANTIDAD: | G15: 22
B17: 1. EQUIPOS
B18: Descripción | D18: Tipo | E18: Tarifa/Hora | F18: Rendimiento | G18: Valor-unit.
B19: herramientas menores | D19: Manual | E19: 2000 | F19: 2 | G19: =E19/F19 -> 1000
F21: Sub-Total | G21: =SUM(G19:G20) -> 1000
B22: 2. MATERIALES EN OBRA
B23: Descripción | D23: unidad | E23: Precio-unit. | F23: Cantidad | G23: Valor-unit.
F25: Sub-Total | G25: =SUM(G24:G24) -> 0
B26: 3. TRANSPORTES
B27: Material | D27: Cantidad | E27: Rendimiento/Dia | F27: Tarifa | G27: Valor-unit.
F30: Sub-Total | G30: =SUM(G28:G29) -> 0
B31: 4. MANO DE OBRA
B32: Trabajador | C32: Jornal | D32: Prestaciones | E32: Jornal Total | F32: Rendimiento | G32: Valor-unit.
B33: =Personal!D25 -> CUADRILLA ( 2 AYUDANTES) (JR) | C33: 65361.211 | D33: 55557.03 | E33: 120918.24 | F33: 6 | G33: =ROUND(E33/F33,0) -> 20153
F36: Sub-Total | G36: =SUM(G33:G35) -> 20153
F37: Total Costo Directo | G37: =+G21+G25+G30+G36 -> 21153
B39: DANIELA BUSTAMENTE | G39: ELINA UPARELA MARSIGLIA
B40: ARQUITECTA CONTRATISTA DE APOYO S.I.D. | G40: DIRECTOR TECNICO Y ADMINISTRATIVO S.I.D
B41: Elaboró | G41: Aprobó
B43: ¡Ahora le toca al pueblo! Dirección: Palacio de Naín - Calle 27 N 3 - 28 - Montería - Córdoba / Contacto Teléfono: 7848940 / Línea de atención gratuita: 018000400357 Email: contactenos@cordoba.gov.co - secretaria.infraestructura@cordoba.gov.co

Sheet 2.1-A.P.U
B2: ANÁLISIS DE PRECIOS UNITARIOS - A.P.U.
B4: REPÚBLICA DE COLOMBIA GOBERNACIÓN DE CORDOBA
B9: MANTENIMIENTO Y ADECUACIÓN DE LA CASA DE LA MUJER UBICADA EN EL MUNICIPIO DE MONTERÍA - CÓRDOBA
B13: PROYECTO U OBRA: | D13: DESCRIPCIÓN DEL ÍTEM:
B14: =B9 -> MANTENIMIENTO Y ADECUACIÓN DE LA CASA DE LA MUJER UBICADA EN EL MUNICIPIO DE MONTERÍA - CÓRDOBA | D14: ='PRESUPUESTO GENERAL'!D19 -> Pañete en mortero 1:4 allanado para muros, incluye junta de dilatación
B15: ÍTEM: | C15: ='PRESUPUESTO GENERAL'!C19 -> 2.1 | D15: UNIDAD: | E15: ='PRESUPUESTO GENERAL'!E19 -> m2 | F15: CANTIDAD: | G15: ='PRESUPUESTO GENERAL'!F19 -> 30
B17: 1. EQUIPOS
B18: Descripción | D18: Cantidad | E18: Tarifa/Dia | F18: Rendimiento | G18: Valor-unit.
B19: Herramientas menores | D19: 1 | E19: 3000 | F19: 10 | G19: =(D19*E19)/F19 -> 300
B20: Andamios de tiejras | D20: 1 | E20: 1000 | F20: 1 | G20: =(D20*E20)/F20 -> 1000
F22: Sub-Total | G22: =SUM(G19:G21) -> 1300
B23: 2. MATERIALES EN OBRA
B24: Descripción | D24: unidad | E24: Precio-unit. | F24: Cantidad | G24: Valor-unit.
B25: mortero 1:4 | D25: m3 | E25: 382841 | F25: 0.03 | G25: =E25*F25 -> 11485.23
D26: % | E26: =+G25 -> 11485.23 | F26: =+F25 -> 0.03 | G26: =E26*F26 -> 344.5569
G29: =ROUND(E29*F29,0) -> 0
F30: Sub-Total | G30: =SUM(G25:G29) -> 11829.787
B31: 3. TRANSPORTES
B32: Material | D32: Cantidad | E32: Rendimiento/Dia | F32: Tarifa | G32: Valor-unit.
G35: =SUM(G33:G34) -> 0
B36: 4. MANO DE OBRA
B37: Trabajador | C37: Jornal | D37: Prestaciones | E37: Jornal Total | F37: Rendimiento | G37: Valor-unit.
B38: =Personal!D35 -> CUADRILLA ( OFICIAL + AYUDANTE) (JR) | C38: 79991.261 | D38: 67992.572 | E38: 147983.83 | F38: 10 | G38: =ROUND(E38/F38,0) -> 14798
F40: Sub-Total | G40: =SUM(G38:G39) -> 14798
F41: Total Costo Directo | G41: =+G22+G30+G35+G40 -> 27927.787
B44: DANIELA BUSTAMENTE | G44: ELINA UPARELA MARSIGLIA
B45: ARQUITECTA CONTRATISTA DE APOYO S.I.D. | G45: DIRECTOR TECNICO Y ADMINISTRATIVO S.I.D
B46: Elaboró | G46: Aprobó
B48: ¡Ahora le toca al pueblo! Dirección: Palacio de Naín - Calle 27 N 3 - 28 - Montería - Córdoba / Contacto Teléfono: 7848940 / Línea de atención gratuita: 018000400357 Email: contactenos@cordoba.gov.co - secretaria.infraestructura@cordoba.gov.co

Sheet 3.1-A-P-U
B2: ANÁLISIS DE PRECIOS UNITARIOS - A.P.U.
B4: REPÚBLICA DE COLOMBIA GOBERNACIÓN DE CORDOBA
B9: MANTENIMIENTO Y ADECUACIÓN DE LA CASA DE LA MUJER UBICADA EN EL MUNICIPIO DE MONTERÍA - CÓRDOBA
B13: PROYECTO U OBRA: | D13: DESCRIPCIÓN DEL ÍTEM:
B14: =+B9 -> MANTENIMIENTO Y ADECUACIÓN DE LA CASA DE LA MUJER UBICADA EN EL MUNICIPIO DE MONTERÍA - CÓRDOBA | D14: ='PRESUPUESTO GENERAL'!D22 -> Reparacion de cubierta y caballerte en eternit
B15: ÍTEM: | C15: ='PRESUPUESTO GENERAL'!C22 -> 3.1 | D15: UNIDAD: | E15: ='PRESUPUESTO GENERAL'!E22 -> m2 | F15: CANTIDAD: | G15: ='PRESUPUESTO GENERAL'!F22 -> 702.63622
B17: 1. EQUIPOS
B18: Descripción | D18: Cantidad | E18: Tarifa/Dia | F18: Rendimiento | G18: Valor-unit.
B19: Juego de herramientas menores | D19: 1 | E19: 1600 | F19: 0.2 | G19: =E19*F19 -> 320
B20: Andamio metalico tubular | D20: 1 | E20: 1100 | F20: 0.3 | G20: =E20*F20 -> 330
B21: Cruceta andamio | D21: 1 | E21: 100 | F21: 0.2 | G21: =E21*F21 -> 20
F22: Sub-Total | G22: =SUM(G19:G21) -> 670
B23: 2. MATERIALES EN OBRA
B24: Descripción | D24: unidad | E24: Precio-unit. | F24: Cantidad | G24: Valor-unit.
B25: Gancho | D25: und | E25: 353 | F25: 2 | G25: =ROUND(E25*F25,0) -> 706
B26: Teja asbesto cemento # 6 | D26: und | E26: 25900 | F26: 1 | G26: =ROUND(E26*F26,0) -> 25900
F29: Sub-Total | G29: =SUM(G25:G28) -> 26606
B30: 3. TRANSPORTES
B31: Material | D31: Cantidad | E31: Rendimiento/Dia | F31: Tarifa | G31: Valor-unit.
F34: Sub-Total | G34: =SUM(G32:G33) -> 0
B35: 4. MANO DE OBRA
B36: Trabajador | C36: Jornal | D36: Prestaciones | E36: Jornal Total | F36: Rendimiento | G36: Valor-unit.
B37: CUADRILLA ( OFICIAL + AYUDANTE) (JR) | C37: 79991.261 | D37: 67992.572 | E37: 147983.83 | F37: 15 | G37: =ROUND(E37/F37,0) -> 9866
F40: Sub-Total | G40: =SUM(G37:G39) -> 9866
F41: Total Costo Directo | G41: =+G22+G29+G34+G40 -> 37142
B44: DANIELA BUSTAMENTE | G44: ELINA UPARELA MARSIGLIA
B45: ARQUITECTA CONTRATISTA DE APOYO S.I.D. | G45: DIRECTOR TECNICO Y ADMINISTRATIVO S.I.D
B46: Elaboró | G46: Aprobó
B48: ¡Ahora le toca al pueblo! Dirección: Palacio de Naín - Calle 27 N 3 - 28 - Montería - Córdoba / Contacto Teléfono: 7848940 / Línea de atención gratuita: 018000400357 Email: contactenos@cordoba.gov.co - secretaria.infraestructura@cordoba.gov.co

Sheet 3.2-A.P.U
B2: ANÁLISIS DE PRECIOS UNITARIOS - A.P.U.
B4: REPÚBLICA DE COLOMBIA GOBERNACIÓN DE CORDOBA
B9: MANTENIMIENTO Y ADECUACIÓN DE LA CASA DE LA MUJER UBICADA EN EL MUNICIPIO DE MONTERÍA - CÓRDOBA
B13: PROYECTO U OBRA: | D13: DESCRIPCIÓN DEL ÍTEM:
B14: =+B9 -> MANTENIMIENTO Y ADECUACIÓN DE LA CASA DE LA MUJER UBICADA EN EL MUNICIPIO DE MONTERÍA - CÓRDOBA | D14: =+'PRESUPUESTO GENERAL'!D23 -> Impermeabilizacion manto real
B15: ÍTEM: | C15: 3.2 | D15: UNIDAD: | E15: =+'PRESUPUESTO GENERAL'!E23 -> ml | F15: CANTIDAD: | G15: 20
B17: 1. EQUIPOS
B18: Descripción | D18: Cantidad | E18: Tarifa/Dia | F18: Rendimiento | G18: Valor-unit.
B19: Juego de herramientas menores | D19: 1 | E19: 3000 | F19: 10 | G19: =(D19*E19)/F19 -> 300
B20: Andamios de tiejras | D20: 1 | E20: 1000 | F20: 1 | G20: =(D20*E20)/F20 -> 1000
F22: Sub-Total | G22: =SUM(G19:G21) -> 1300
B23: 2. MATERIALES EN OBRA
B24: Descripción | D24: unidad | E24: Precio-unit. | F24: Cantidad | G24: Valor-unit.
B25: impermeabilizante con mato real con aluminio | D25: und | E25: 185000 | F25: 1 | G25: =ROUND(E25*F25,0) -> 185000
G26: =E26*F26 -> 0
F28: Sub-Total | G28: =SUM(G25:G27) -> 185000
B29: 3. TRANSPORTES
B30: Material | D30: Cantidad | E30: Rendimiento/Dia | F30: Tarifa | G30: Valor-unit.
F33: Sub-Total | G33: =SUM(G31:G32) -> 0
B34: 4. MANO DE OBRA
B35: Trabajador | C35: Jornal | D35: Prestaciones | E35: Jornal Total | F35: Rendimiento | G35: Valor-unit.
B36: CUADRILLA ( OFICIAL + AYUDANTE) (JR) | C36: 79991.261 | D36: 67992.572 | E36: 147983.83 | F36: 10 | G36: =ROUND(E36/F36,0) -> 14798
F39: Sub-Total | G39: =SUM(G36:G38) -> 14798
F40: Total Costo Directo | G40: =+G22+G28+G33+G39 -> 201098
B43: DANIELA BUSTAMENTE | G43: ELINA UPARELA MARSIGLIA
B44: ARQUITECTA CONTRATISTA DE APOYO S.I.D. | G44: DIRECTOR TECNICO Y ADMINISTRATIVO S.I.D
B45: Elaboró | G45: Aprobó
B47: ¡Ahora le toca al pueblo! Dirección: Palacio de Naín - Calle 27 N 3 - 28 - Montería - Córdoba / Contacto Teléfono: 7848940 / Línea de atención gratuita: 018000400357 Email: contactenos@cordoba.gov.co - secretaria.infraestructura@cordoba.gov.co

Sheet 3.3-A.P.U
B2: ANÁLISIS DE PRECIOS UNITARIOS - A.P.U.
B4: REPÚBLICA DE COLOMBIA GOBERNACIÓN DE CORDOBA
B9: MANTENIMIENTO Y ADECUACIÓN DE LA CASA DE LA MUJER UBICADA EN EL MUNICIPIO DE MONTERÍA - CÓRDOBA
B13: PROYECTO U OBRA: | D13: DESCRIPCIÓN DEL ÍTEM:
B14: =B9 -> MANTENIMIENTO Y ADECUACIÓN DE LA CASA DE LA MUJER UBICADA EN EL MUNICIPIO DE MONTERÍA - CÓRDOBA | D14: ='PRESUPUESTO GENERAL'!D24 -> Suministro e instalación de cielo raso en Dry wall, incluye estructura de soporte y pintura a 3 manos
B15: ÍTEM: | C15: 3.3 | D15: UNIDAD: | E15: ='PRESUPUESTO GENERAL'!E24 -> m2 | F15: CANTIDAD: | G15: ='PRESUPUESTO GENERAL'!F24 -> 717.76
B17: 1. EQUIPOS
B18: Descripción | D18: Tipo | E18: Tarifa/Hora | F18: Rendimiento | G18: Valor-unit.
B19: Herramientas menores | D19: Manual | E19: 23074 | F19: 0.05 | G19: =E19*F19 -> 1153.7
B20: Andamios metalicos | D20: Dia | E20: 500 | F20: 2.5 | G20: =E20/F20 -> 200
F21: Sub-Total | G21: =SUM(G19:G20) -> 1353.7
B22: 2. MATERIALES EN OBRA
B23: Descripción | D23: unidad | E23: Precio-unit. | F23: Cantidad | G23: Valor-unit.
B24: ANGULO 30 X 20 MM CAL 26 X 2.44 | D24: un | E24: 3500 | F24: 0.68 | G24: =E24*F24 -> 2380
B25: CINTA DE PAPEL X ROLLO | D25: un | E25: 9000 | F25: 0.02 | G25: =E25*F25 -> 180
B26: CLAVO ANCLAJE ACERO 1" | D26: un | E26: 700 | F26: 1.5 | G26: =E26*F26 -> 1050
B27: LIJA DE AGUA | D27: un | E27: 1900 | F27: 0.05 | G27: =E27*F27 -> 95
B28: OMEGA CON REBORDE CAL 26 X 2.44 | D28: un | E28: 15000 | F28: 0.9 | G28: =E28*F28 -> 13500
B29: PARAL 39 CAL 26 X 2.44 | D29: un | E29: 15000 | F29: 0.43 | G29: =E29*F29 -> 6450
B30: PLACA EN YESO 1.22 MTS X 2.44 MTS | D30: un | E30: 19200 | F30: 0.4 | G30: =E30*F30 -> 7680
B31: TORNILLO CORTO DRYWALL | D31: un | E31: 400 | F31: 23 | G31: =E31*F31 -> 9200
B32: VINILO TIPO 1 | D32: Galón | E32: 57780 | F32: 0.04 | G32: =E32*F32 -> 2311.2
B33: VINILOS PARA TECHOS | D33: Galón | E33: 25200 | F33: 0.01 | G33: =E33*F33 -> 252
B34: DESPERDICIOS | D34: % | E34: =SUM(G24:G33) -> 43098.2 | F34: 0.05 | G34: =E34*F34 -> 2154.91
F36: Sub-Total | G36: =SUM(G24:G35) -> 45253.11
B37: 3. TRANSPORTES
B38: Material | D38: Cantidad | E38: Rendimiento/Dia | F38: Tarifa | G38: Valor-unit.
F41: Sub-Total | G41: =SUM(G39:G40) -> 0
B42: 4. MANO DE OBRA
B43: Trabajador | C43: Jornal | D43: Prestaciones | E43: Jornal Total | F43: Rendimiento | G43: Valor-unit.
B44: =Personal!D14 -> MAESTRO (JR) | C44: 61940.706 | D44: 52649.6 | E44: 114590.31 | F44: 14 | G44: =ROUND(E44/F44,0) -> 8185
B45: =Personal!D27 -> CUADRILLA ( OFICIAL + 2 AYUDANTES) (JR) | C45: 112671.87 | D45: 95771.087 | E45: 208442.95 | F45: 14 | G45: =ROUND(E45/F45,0) -> 14889
F47: Sub-Total | G47: =SUM(G44:G46) -> 23074
F48: Total Costo Directo | G48: =+G21+G36+G41+G47 -> 69680.81
B50: DANIELA BUSTAMENTE | G50: ELINA UPARELA MARSIGLIA
B51: ARQUITECTA CONTRATISTA DE APOYO S.I.D. | G51: DIRECTOR TECNICO Y ADMINISTRATIVO S.I.D
B52: Elaboró | G52: Aprobó
B54: ¡Ahora le toca al pueblo! Dirección: Palacio de Naín - Calle 27 N 3 - 28 - Montería - Córdoba / Contacto Teléfono: 7848940 / Línea de atención gratuita: 018000400357 Email: contactenos@cordoba.gov.co - secretaria.infraestructura@cordoba.gov.co

Sheet 4.1-A.P.U
B2: ANÁLISIS DE PRECIOS UNITARIOS - A.P.U.
B4: REPÚBLICA DE COLOMBIA GOBERNACIÓN DE CORDOBA
B7: SECRETARÍA DE INFRAESTRUCTURA - DEPARTAMENTO DE CÓRDOBA
B9: MANTENIMIENTO Y MEJORAS LOCATIVAS EN DIFERENTES PUNTOS DEL BIBLIOPARQUE DAVID SANCHEZ JULIAO UBICADO EN EL BARRIO VILLA MELISA, DEL MUNICIPIO DE MONTERÍA-CORDOBA
B13: PROYECTO U OBRA: | D13: DESCRIPCIÓN DEL ÍTEM:
B14: =B9 -> MANTENIMIENTO Y MEJORAS LOCATIVAS EN DIFERENTES PUNTOS DEL BIBLIOPARQUE DAVID SANCHEZ JULIAO UBICADO EN EL BARRIO VILLA MELISA, DEL MUNICIPIO DE MONTERÍA-CORDOBA | D14: ='PRESUPUESTO GENERAL'!#REF! -> #REF!
B15: ÍTEM: | C15: ='PRESUPUESTO GENERAL'!#REF! -> #REF! | D15: UNIDAD: | E15: ='PRESUPUESTO GENERAL'!#REF! -> #REF! | F15: CANTIDAD: | G15: ='PRESUPUESTO GENERAL'!#REF! -> #REF!
B17: 1. EQUIPOS
B18: Descripción | D18: Cantidad | E18: Tarifa/Hora | F18: Rendimiento | G18: Valor-unit.
B19: Juego de herramientas menores | D19: 1 | E19: 2000 | F19: 1 | G19: =(D19*E19)/F19 -> 2000
F22: Sub-Total | G22: =SUM(G19:G21) -> 2000
B23: 2. MATERIALES EN OBRA
B24: Descripción | D24: unidad | E24: Precio-unit. | F24: Cantidad | G24: Valor-unit.
B25: Sanitario 4.8 lts corona o similar | D25: und | E25: 250000 | F25: 1 | G25: =ROUND(E25*F25,0) -> 250000
B26: Manguera para sanitario | D26: und | E26: 10000 | F26: 1 | G26: =ROUND(E26*F26,0) -> 10000
B27: Cemento blanco | D27: Kg | E27: 2500 | F27: 3.45 | G27: =ROUND(E27*F27,0) -> 8625
B28: Silicona liquida | D28: und | E28: 12000 | F28: 0.5 | G28: =ROUND(E28*F28,0) -> 6000
B29: Cinta teflon | D29: und | E29: 1200 | F29: 1 | G29: =ROUND(E29*F29,0) -> 1200
F31: Sub-Total | G31: =SUM(G25:G30) -> 275825
B32: 3. TRANSPORTES
B33: Material | D33: Cantidad | E33: Rendimiento/Dia | F33: Tarifa | G33: Valor-unit.
F36: Sub-Total | G36: =SUM(G34:G35) -> 0
B37: 4. MANO DE OBRA
B38: Trabajador | C38: Jornal | D38: Prestaciones | E38: Jornal Total | F38: Rendimiento | G38: Valor-unit.
B39: CUADRILLA ( OFICIAL + AYUDANTE) (JR) | C39: 79991.261 | D39: 67992.572 | E39: 147983.83 | F39: 2.5 | G39: =ROUND(E39/F39,0) -> 59194
F42: Sub-Total | G42: =SUM(G39:G41) -> 59194
F43: Total Costo Directo | G43: =+G22+G31+G36+G42 -> 337019
B46: GUSTAVO TIRADO HERNADEZ | C46: OSCAR PINEDA MENDOZA | G46: CILIA TOBIAS CARRASCAL
B47: Contratista Secretaria De Infraestructura | C47: Contratista Secretaria De Infraestructura | G47: SECRETARIA DE INFRAESTRUCTURA
B48: Elaboró | C48: Elaboró | G48: Aprobó
B50: ¡Ahora le toca al pueblo! Dirección: Palacio de Naín - Calle 27 N 3 - 28 - Montería - Córdoba / Contacto Teléfono: 7848940 / Línea de atención gratuita: 018000400357 Email: contactenos@cordoba.gov.co - secretaria.infraestructura@cordoba.gov.co

Sheet 4.2-A.P.U
B2: ANÁLISIS DE PRECIOS UNITARIOS - A.P.U.
B4: REPÚBLICA DE COLOMBIA GOBERNACIÓN DE CORDOBA
B7: SECRETARÍA DE INFRAESTRUCTURA - DEPARTAMENTO DE CÓRDOBA
B9: MANTENIMIENTO Y MEJORAS LOCATIVAS EN DIFERENTES PUNTOS DEL BIBLIOPARQUE DAVID SANCHEZ JULIAO UBICADO EN EL BARRIO VILLA MELISA, DEL MUNICIPIO DE MONTERÍA-CORDOBA
B13: PROYECTO U OBRA: | D13: DESCRIPCIÓN DEL ÍTEM:
B14: =B9 -> MANTENIMIENTO Y MEJORAS LOCATIVAS EN DIFERENTES PUNTOS DEL BIBLIOPARQUE DAVID SANCHEZ JULIAO UBICADO EN EL BARRIO VILLA MELISA, DEL MUNICIPIO DE MONTERÍA-CORDOBA | D14: ='PRESUPUESTO GENERAL'!#REF! -> #REF!
B15: ÍTEM: | C15: ='PRESUPUESTO GENERAL'!#REF! -> #REF! | D15: UNIDAD: | E15: ='PRESUPUESTO GENERAL'!#REF! -> #REF! | F15: CANTIDAD: | G15: ='PRESUPUESTO GENERAL'!#REF! -> #REF!
B17: 1. EQUIPOS
B18: Descripción | D18: Cantidad | E18: Tarifa/Hora | F18: Rendimiento | G18: Valor-unit.
B19: Juego de herramientas menores | D19: 1 | E19: 2000 | F19: 1 | G19: =(D19*E19)/F19 -> 2000
F22: Sub-Total | G22: =SUM(G19:G21) -> 2000
B23: 2. MATERIALES EN OBRA
B24: Descripción | D24: unidad | E24: Precio-unit. | F24: Cantidad | G24: Valor-unit.
B25: lavamano ref. marsella o similr | D25: und | E25: 180000 | F25: 1 | G25: =ROUND(E25*F25,0) -> 180000
B26: Manguera para lavamanos | D26: und | E26: 8400 | F26: 1 | G26: =ROUND(E26*F26,0) -> 8400
B27: Silicona liquida | D27: und | E27: 12000 | F27: 0.5 | G27: =ROUND(E27*F27,0) -> 6000
B28: Cinta teflon | D28: und | E28: 1200 | F28: 1 | G28: =ROUND(E28*F28,0) -> 1200
F30: Sub-Total | G30: =SUM(G25:G29) -> 195600
B31: 3. TRANSPORTES
B32: Material | D32: Cantidad | E32: Rendimiento/Dia | F32: Tarifa | G32: Valor-unit.
F35: Sub-Total | G35: =SUM(G33:G34) -> 0
B36: 4. MANO DE OBRA
B37: Trabajador | C37: Jornal | D37: Prestaciones | E37: Jornal Total | F37: Rendimiento | G37: Valor-unit.
B38: CUADRILLA ( OFICIAL + AYUDANTE) (JR) | C38: 79991.261 | D38: 67992.572 | E38: 147983.83 | F38: 2.5 | G38: =ROUND(E38/F38,0) -> 59194
F41: Sub-Total | G41: =SUM(G38:G40) -> 59194
F42: Total Costo Directo | G42: =+G22+G30+G35+G41 -> 256794
B45: GUSTAVO TIRADO HERNADEZ | C45: OSCAR PINEDA MENDOZA | G45: CILIA TOBIAS CARRASCAL
B46: Contratista Secretaria De Infraestructura | C46: Contratista Secretaria De Infraestructura | G46: SECRETARIA DE INFRAESTRUCTURA
B47: Elaboró | C47: Elaboró | G47: Aprobó
B49: ¡Ahora le toca al pueblo! Dirección: Palacio de Naín - Calle 27 N 3 - 28 - Montería - Córdoba / Contacto Teléfono: 7848940 / Línea de atención gratuita: 018000400357 Email: contactenos@cordoba.gov.co - secretaria.infraestructura@cordoba.gov.co

Sheet 5.2-A.P.U
B2: ANÁLISIS DE PRECIOS UNITARIOS - A.P.U.
B4: REPÚBLICA DE COLOMBIA GOBERNACIÓN DE CORDOBA
B7: SECRETARÍA DE INFRAESTRUCTURA - DEPARTAMENTO DE CÓRDOBA
B9: MANTENIMIENTO Y MEJORAS LOCATIVAS EN DIFERENTES PUNTOS DEL BIBLIOPARQUE DAVID SANCHEZ JULIAO UBICADO EN EL BARRIO VILLA MELISA, DEL MUNICIPIO DE MONTERÍA-CORDOBA
B13: PROYECTO U OBRA: | D13: DESCRIPCIÓN DEL ÍTEM:
B14: =B9 -> MANTENIMIENTO Y MEJORAS LOCATIVAS EN DIFERENTES PUNTOS DEL BIBLIOPARQUE DAVID SANCHEZ JULIAO UBICADO EN EL BARRIO VILLA MELISA, DEL MUNICIPIO DE MONTERÍA-CORDOBA | D14: ='PRESUPUESTO GENERAL'!D23 -> Impermeabilizacion manto real
B15: ÍTEM: | C15: ='PRESUPUESTO GENERAL'!C24 -> 3.3 | D15: UNIDAD: | E15: ='PRESUPUESTO GENERAL'!#REF! -> #REF! | F15: CANTIDAD: | G15: ='PRESUPUESTO GENERAL'!#REF! -> #REF!
B17: 1. EQUIPOS
B18: Descripción | D18: Cantidad | E18: Tarifa/Dia | F18: Rendimiento | G18: Valor-unit.
B19: Juego de herramientas menores | D19: 1 | E19: 1600 | F19: 0.5 | G19: =E19*F19 -> 800
G20: =E20*F20 -> 0
G21: =E21*F21 -> 0
F22: Sub-Total | G22: =SUM(G19:G21) -> 800
B23: 2. MATERIALES EN OBRA
B24: Descripción | D24: unidad | E24: Precio-unit. | F24: Cantidad | G24: Valor-unit.
B25: impermeabilizante asfaltico | D25: und | E25: 35200 | F25: 2 | G25: =ROUND(E25*F25,0) -> 70400
B26: brocha 4" | D26: und | E26: 6000 | F26: 1 | G26: =ROUND(E26*F26,0) -> 6000
G27: =ROUND(E27*F27,0) -> 0
G28: =ROUND(E28*F28,0) -> 0
F29: Sub-Total | G29: =SUM(G25:G28) -> 76400
B30: 3. TRANSPORTES
B31: Material | D31: Cantidad | E31: Rendimiento/Dia | F31: Tarifa | G31: Valor-unit.
F34: Sub-Total | G34: =SUM(G32:G33) -> 0
B35: 4. MANO DE OBRA
B36: Trabajador | C36: Jornal | D36: Prestaciones | E36: Jornal Total | F36: Rendimiento | G36: Valor-unit.
B37: CUADRILLA ( OFICIAL + AYUDANTE) (JR) | C37: 79991.261 | D37: 67992.572 | E37: 147983.83 | F37: 25 | G37: =ROUND(E37/F37,0) -> 5919
F40: Sub-Total | G40: =SUM(G37:G39) -> 5919
F41: Total Costo Directo | G41: =+G22+G29+G34+G40 -> 83119
B44: GUSTAVO TIRADO HERNADEZ | D44: OSCAR PINEDA MENDOZA | G44: CILIA TOBIAS CARRASCAL
B45: Contratista Secretaria De Infraestructura | D45: Contratista Secretaria De Infraestructura | G45: SECRETARIA DE INFRAESTRUCTURA
B46: Elaboró | D46: Elaboró | G46: Aprobó
B48: ¡Ahora le toca al pueblo! Dirección: Palacio de Naín - Calle 27 N 3 - 28 - Montería - Córdoba / Contacto Teléfono: 7848940 / Línea de atención gratuita: 018000400357 Email: contactenos@cordoba.gov.co - secretaria.infraestructura@cordoba.gov.co

Sheet 4.1-A.P.U.
B2: ANÁLISIS DE PRECIOS UNITARIOS - A.P.U.
B4: REPÚBLICA DE COLOMBIA GOBERNACIÓN DE CORDOBA
B9: MANTENIMIENTO Y ADECUACIÓN DE LA CASA DE LA MUJER UBICADA EN EL MUNICIPIO DE MONTERÍA - CÓRDOBA
B13: PROYECTO U OBRA: | D13: DESCRIPCIÓN DEL ÍTEM:
B14: =+B9 -> MANTENIMIENTO Y ADECUACIÓN DE LA CASA DE LA MUJER UBICADA EN EL MUNICIPIO DE MONTERÍA - CÓRDOBA | D14: ='PRESUPUESTO GENERAL'!D27 -> Pintura tipo 1 para muros interiores y exteriores (3 manos)
B15: ÍTEM: | C15: ='PRESUPUESTO GENERAL'!C27 -> 4.1 | D15: UNIDAD: | E15: ='PRESUPUESTO GENERAL'!E27 -> m2 | F15: CANTIDAD: | G15: ='PRESUPUESTO GENERAL'!F27 -> 2397
B17: 1. EQUIPOS
B18: Descripción | D18: Cantidad | E18: Tarifa/Hora | F18: Rendimiento | G18: Valor-unit.
B19: Juego de herramientas menores | D19: 1 | E19: 7000 | F19: 14 | G19: =(D19*E19)/F19 -> 500
B20: Andamios metalicos | D20: 1 | E20: 7000 | F20: 14 | G20: =(D20*E20)/F20 -> 500
F22: Sub-Total | G22: =SUM(G19:G21) -> 1000
B23: 2. MATERIALES EN OBRA
B24: Descripción | D24: unidad | E24: Precio-unit. | F24: Cantidad | G24: Valor-unit.
B25: Pintura tipo 1, 3 manos | D25: m2 | E25: 3200 | F25: 1 | G25: =ROUND(E25*F25,0) -> 3200
B26: Pegate tipo acronal | D26: gl | E26: 200 | F26: 1 | G26: =ROUND(E26*F26,0) -> 200
B27: Desperdicio 5 % | G27: =(G25+G26)*5% -> 170
F29: Sub-Total | G29: =SUM(G25:G28) -> 3570
B30: 3. TRANSPORTES
B31: Material | D31: Cantidad | E31: Rendimiento/Dia | F31: Tarifa | G31: Valor-unit.
F34: Sub-Total | G34: =SUM(G32:G33) -> 0
B35: 4. MANO DE OBRA
B36: Trabajador | C36: Jornal | D36: Prestaciones | E36: Jornal Total | F36: Rendimiento | G36: Valor-unit.
B37: CUADRILLA ( OFICIAL + AYUDANTE) (JR) | C37: 79991.261 | D37: 67992.572 | E37: 147983.83 | F37: 22 | G37: =ROUND(E37/F37,0) -> 6727
F40: Sub-Total | G40: =SUM(G37:G39) -> 6727
F41: Total Costo Directo | G41: =+G22+G29+G34+G40 -> 11297
B44: DANIELA BUSTAMENTE | G44: ELINA UPARELA MARSIGLIA
B45: ARQUITECTA CONTRATISTA DE APOYO S.I.D. | G45: DIRECTOR TECNICO Y ADMINISTRATIVO S.I.D
B46: Elaboró | G46: Aprobó
B48: ¡Ahora le toca al pueblo! Dirección: Palacio de Naín - Calle 27 N 3 - 28 - Montería - Córdoba / Contacto Teléfono: 7848940 / Línea de atención gratuita: 018000400357 Email: contactenos@cordoba.gov.co - secretaria.infraestructura@cordoba.gov.co

Sheet 4.2-A.P.U.
B2: ANÁLISIS DE PRECIOS UNITARIOS - A.P.U.
B4: REPÚBLICA DE COLOMBIA GOBERNACIÓN DE CORDOBA
B9: MANTENIMIENTO Y ADECUACIÓN DE LA CASA DE LA MUJER UBICADA EN EL MUNICIPIO DE MONTERÍA - CÓRDOBA
B13: PROYECTO U OBRA: | D13: DESCRIPCIÓN DEL ÍTEM:
B14: =B9 -> MANTENIMIENTO Y ADECUACIÓN DE LA CASA DE LA MUJER UBICADA EN EL MUNICIPIO DE MONTERÍA - CÓRDOBA | D14: ='PRESUPUESTO GENERAL'!D28 -> Estuco plastico para muros
B15: ÍTEM: | C15: ='PRESUPUESTO GENERAL'!C28 -> 4.2 | D15: UNIDAD: | E15: ='PRESUPUESTO GENERAL'!E27 -> m2 | F15: CANTIDAD: | G15: ='PRESUPUESTO GENERAL'!F28 -> 30
B17: 1. EQUIPOS
B18: Descripción | D18: Cantidad | E18: Tarifa/Dia | F18: Rendimiento | G18: Valor-unit.
B19: Juego de herramientas menores | D19: 1 | E19: 7000 | F19: 6.5 | G19: =(D19*E19)/F19 -> 1076.9231
B20: Andamios metalicos | D20: 1 | E20: 7000 | F20: 8 | G20: =(D20*E20)/F20 -> 875
F22: Sub-Total | G22: =SUM(G19:G21) -> 1951.9231
B23: 2. MATERIALES EN OBRA
B24: Descripción | D24: unidad | E24: Precio-unit. | F24: Cantidad | G24: Valor-unit.
B25: Estuco plastico | D25: kg | E25: 70000 | F25: 0.15 | G25: =ROUND(E25*F25,0) -> 10500
B26: lija | D26: und | E26: 1200 | F26: 0.3 | G26: =ROUND(E26*F26,0) -> 360
B27: Desperdicio 5 % | G27: =(G25+G26)*5% -> 543
F29: Sub-Total | G29: =SUM(G25:G28) -> 11403
B30: 3. TRANSPORTES
B31: Material | D31: Cantidad | E31: Rendimiento/Dia | F31: Tarifa | G31: Valor-unit.
F34: Sub-Total | G34: =SUM(G32:G33) -> 0
B35: 4. MANO DE OBRA
B36: Trabajador | C36: Jornal | D36: Prestaciones | E36: Jornal Total | F36: Rendimiento | G36: Valor-unit.
B37: CUADRILLA ( OFICIAL + AYUDANTE) (JR) | C37: 79991.261 | D37: 67992.572 | E37: 147983.83 | F37: 13 | G37: =ROUND(E37/F37,0) -> 11383
F40: Sub-Total | G40: =SUM(G37:G39) -> 11383
F41: Total Costo Directo | G41: =+G22+G29+G34+G40 -> 24737.923
B44: DANIELA BUSTAMENTE | G44: ELINA UPARELA MARSIGLIA
B45: ARQUITECTA CONTRATISTA DE APOYO S.I.D. | G45: DIRECTOR TECNICO Y ADMINISTRATIVO S.I.D
B46: Elaboró | G46: Aprobó
B48: ¡Ahora le toca al pueblo! Dirección: Palacio de Naín - Calle 27 N 3 - 28 - Montería - Córdoba / Contacto Teléfono: 7848940 / Línea de atención gratuita: 018000400357 Email: contactenos@cordoba.gov.co - secretaria.infraestructura@cordoba.gov.co

Sheet 5.1 A.P.U
B2: ANÁLISIS DE PRECIOS UNITARIOS - A.P.U.
B4: REPÚBLICA DE COLOMBIA GOBERNACIÓN DE CORDOBA
B9: MANTENIMIENTO Y ADECUACIÓN DE LA CASA DE LA MUJER UBICADA EN EL MUNICIPIO DE MONTERÍA - CÓRDOBA
B13: PROYECTO U OBRA: | D13: DESCRIPCIÓN DEL ÍTEM:
B14: =B9 -> MANTENIMIENTO Y ADECUACIÓN DE LA CASA DE LA MUJER UBICADA EN EL MUNICIPIO DE MONTERÍA - CÓRDOBA | D14: =+'PRESUPUESTO GENERAL'!D31 -> suministro e instalacion de puertas en madera 2,64 x 1,6 (fachada)
B15: ÍTEM: | C15: =+'PRESUPUESTO GENERAL'!C31 -> 5.1 | D15: UNIDAD: | E15: =+'PRESUPUESTO GENERAL'!E31 -> und | F15: CANTIDAD: | G15: =+'PRESUPUESTO GENERAL'!F31 -> 2
B17: 1. EQUIPOS
B18: Descripción | D18: Cantidad | E18: Tarifa/Dia | F18: Rendimiento | G18: Valor-unit.
B19: Juego de herramientas menores | D19: 1 | E19: 7000 | F19: 5 | G19: =(D19*E19)/F19 -> 1400
F22: Sub-Total | G22: =SUM(G19:G21) -> 1400
B23: 2. MATERIALES EN OBRA
B24: Descripción | D24: unidad | E24: Precio-unit. | F24: Cantidad | G24: Valor-unit.
B25: Marco de madera | D25: und | E25: 60000 | F25: 1 | G25: =ROUND(E25*F25,0) -> 60000
B26: hoja de puerta para exterior solida | D26: und | E26: 400000 | F26: 2 | G26: =ROUND(E26*F26,0) -> 800000
B27: Tapa luces macizo | D27: m | E27: 4000 | F27: 11 | G27: =ROUND(E27*F27,0) -> 44000
B28: tornillo de acero 19/22mm | D28: und | E28: 6 | F28: 13000 | G28: =ROUND(E28*F28,0) -> 78000
B29: Cerradura de tipo cerrojo, frente, accesorios y tirnillos de atado para puerta de paso | D29: und | E29: 35000 | F29: 1 | G29: =ROUND(E29*F29,0) -> 35000
B30: juego de manijas | D30: und | E30: 135000 | F30: 2 | G30: =ROUND(E30*F30,0) -> 270000
B31: Esmalte semibrillante | D31: gln | E31: 67000 | F31: 0.022 | G31: =ROUND(E31*F31,0) -> 1474
F33: Sub-Total | G33: =SUM(G25:G32) -> 1288474
B34: 3. TRANSPORTES
B35: Material | D35: Cantidad | E35: Rendimiento/Dia | F35: Tarifa | G35: Valor-unit.
F38: Sub-Total | G38: =SUM(G36:G37) -> 0
B39: 4. MANO DE OBRA
B40: Trabajador | C40: Jornal | D40: Prestaciones | E40: Jornal Total | F40: Rendimiento | G40: Valor-unit.
B41: CUADRILLA ( OFICIAL + AYUDANTE) (JR) | C41: 79991.261 | D41: 67992.572 | E41: 147983.83 | F41: 100 | G41: =ROUND(E41/F41,0) -> 1480
F44: Sub-Total | G44: =SUM(G41:G43) -> 1480
F45: Total Costo Directo | G45: =+G22+G33+G38+G44 -> 1291354
B48: DANIELA BUSTAMENTE | G48: ELINA UPARELA MARSIGLIA
B49: ARQUITECTA CONTRATISTA DE APOYO S.I.D. | G49: DIRECTOR TECNICO Y ADMINISTRATIVO S.I.D
B50: Elaboró | G50: Aprobó
B52: ¡Ahora le toca al pueblo! Dirección: Palacio de Naín - Calle 27 N 3 - 28 - Montería - Córdoba / Contacto Teléfono: 7848940 / Línea de atención gratuita: 018000400357 Email: contactenos@cordoba.gov.co - secretaria.infraestructura@cordoba.gov.co

Sheet 5.2 A.P.U
B2: ANÁLISIS DE PRECIOS UNITARIOS - A.P.U.
B4: REPÚBLICA DE COLOMBIA GOBERNACIÓN DE CORDOBA
B9: MANTENIMIENTO Y ADECUACIÓN DE LA CASA DE LA MUJER UBICADA EN EL MUNICIPIO DE MONTERÍA - CÓRDOBA
B13: PROYECTO U OBRA: | D13: DESCRIPCIÓN DEL ÍTEM:
B14: =B9 -> MANTENIMIENTO Y ADECUACIÓN DE LA CASA DE LA MUJER UBICADA EN EL MUNICIPIO DE MONTERÍA - CÓRDOBA | D14: =+'PRESUPUESTO GENERAL'!D32 -> suministro e instalacion de ventanas en madera 2,20 x 1,00 (fachada)
B15: ÍTEM: | C15: 5.2 | D15: UNIDAD: | E15: =+'PRESUPUESTO GENERAL'!E31 -> und | F15: CANTIDAD: | G15: 4
B17: 1. EQUIPOS
B18: Descripción | D18: Cantidad | E18: Tarifa/Dia | F18: Rendimiento | G18: Valor-unit.
B19: Juego de herramientas menores | D19: 1 | E19: 7000 | F19: 5 | G19: =(D19*E19)/F19 -> 1400
F22: Sub-Total | G22: =SUM(G19:G21) -> 1400
B23: 2. MATERIALES EN OBRA
B24: Descripción | D24: unidad | E24: Precio-unit. | F24: Cantidad | G24: Valor-unit.
B25: Marco de madera | D25: und | E25: 90000 | F25: 1 | G25: =ROUND(E25*F25,0) -> 90000
B26: hoja de ventana para exterior solida | D26: und | E26: 350000 | F26: 1 | G26: =ROUND(E26*F26,0) -> 350000
B27: Tapa luces macizo | D27: m | E27: 4000 | F27: 10 | G27: =ROUND(E27*F27,0) -> 40000
B28: tornillo de acero 19/22mm | D28: und | E28: 6 | F28: 13000 | G28: =ROUND(E28*F28,0) -> 78000
B29: Cerradura de tipo cerrojo, | D29: und | E29: 35000 | F29: 1 | G29: =ROUND(E29*F29,0) -> 35000
B30: juego de manijas | D30: und | E30: 135000 | F30: 2 | G30: =ROUND(E30*F30,0) -> 270000
B31: Esmalte semibrillante | D31: gln | E31: 67000 | F31: 0.022 | G31: =ROUND(E31*F31,0) -> 1474
F33: Sub-Total | G33: =SUM(G25:G32) -> 864474
B34: 3. TRANSPORTES
B35: Material | D35: Cantidad | E35: Rendimiento/Dia | F35: Tarifa | G35: Valor-unit.
F38: Sub-Total | G38: =SUM(G36:G37) -> 0
B39: 4. MANO DE OBRA
B40: Trabajador | C40: Jornal | D40: Prestaciones | E40: Jornal Total | F40: Rendimiento | G40: Valor-unit.
B41: CUADRILLA ( OFICIAL + AYUDANTE) (JR) | C41: 79991.261 | D41: 67992.572 | E41: 147983.83 | F41: 100 | G41: =ROUND(E41/F41,0) -> 1480
F44: Sub-Total | G44: =SUM(G41:G43) -> 1480
F45: Total Costo Directo | G45: =+G22+G33+G38+G44 -> 867354
B48: DANIELA BUSTAMENTE | G48: ELINA UPARELA MARSIGLIA
B49: ARQUITECTA CONTRATISTA DE APOYO S.I.D. | G49: DIRECTOR TECNICO Y ADMINISTRATIVO S.I.D
B50: Elaboró | G50: Aprobó
B52: ¡Ahora le toca al pueblo! Dirección: Palacio de Naín - Calle 27 N 3 - 28 - Montería - Córdoba / Contacto Teléfono: 7848940 / Línea de atención gratuita: 018000400357 Email: contactenos@cordoba.gov.co - secretaria.infraestructura@cordoba.gov.co

Sheet 5.3 A.P.U 
B2: ANÁLISIS DE PRECIOS UNITARIOS - A.P.U.
B4: REPÚBLICA DE COLOMBIA GOBERNACIÓN DE CORDOBA
B9: MANTENIMIENTO Y ADECUACIÓN DE LA CASA DE LA MUJER UBICADA EN EL MUNICIPIO DE MONTERÍA - CÓRDOBA
B13: PROYECTO U OBRA: | D13: DESCRIPCIÓN DEL ÍTEM:
B14: =B9 -> MANTENIMIENTO Y ADECUACIÓN DE LA CASA DE LA MUJER UBICADA EN EL MUNICIPIO DE MONTERÍA - CÓRDOBA | D14: =+'PRESUPUESTO GENERAL'!D33 -> suministro e instalacion de puertas en madera 2,00 x 0,90
B15: ÍTEM: | C15: 5.3 | D15: UNIDAD: | E15: =+'PRESUPUESTO GENERAL'!E31 -> und | F15: CANTIDAD: | G15: =+'PRESUPUESTO GENERAL'!F33 -> 4
B17: 1. EQUIPOS
B18: Descripción | D18: Cantidad | E18: Tarifa/Dia | F18: Rendimiento | G18: Valor-unit.
B19: Juego de herramientas menores | D19: 1 | E19: 7000 | F19: 5 | G19: =(D19*E19)/F19 -> 1400
F22: Sub-Total | G22: =SUM(G19:G21) -> 1400
B23: 2. MATERIALES EN OBRA
B24: Descripción | D24: unidad | E24: Precio-unit. | F24: Cantidad | G24: Valor-unit.
B25: Marco de madera | D25: und | E25: 150000 | F25: 1 | G25: =ROUND(E25*F25,0) -> 150000
B26: hoja de puerta para exterior solida | D26: und | E26: 350000 | F26: 1 | G26: =ROUND(E26*F26,0) -> 350000
B27: Tapa luces macizo | D27: m | E27: 4000 | F27: 10 | G27: =ROUND(E27*F27,0) -> 40000
B28: tornillo de acero 19/22mm | D28: und | E28: 6 | F28: 13000 | G28: =ROUND(E28*F28,0) -> 78000
B29: Cerradura de tipo cerrojo, frente, accesorios y tirnillos de atado para puerta de paso | D29: und | E29: 35000 | F29: 1 | G29: =ROUND(E29*F29,0) -> 35000
B30: juego de manijas | D30: und | E30: 135000 | F30: 2 | G30: =ROUND(E30*F30,0) -> 270000
B31: Esmalte semibrillante | D31: gln | E31: 67000 | F31: 0.022 | G31: =ROUND(E31*F31,0) -> 1474
F33: Sub-Total | G33: =SUM(G25:G32) -> 924474
B34: 3. TRANSPORTES
B35: Material | D35: Cantidad | E35: Rendimiento/Dia | F35: Tarifa | G35: Valor-unit.
F38: Sub-Total | G38: =SUM(G36:G37) -> 0
B39: 4. MANO DE OBRA
B40: Trabajador | C40: Jornal | D40: Prestaciones | E40: Jornal Total | F40: Rendimiento | G40: Valor-unit.
B41: CUADRILLA ( OFICIAL + AYUDANTE) (JR) | C41: 79991.261 | D41: 67992.572 | E41: 147983.83 | F41: 100 | G41: =ROUND(E41/F41,0) -> 1480
F44: Sub-Total | G44: =SUM(G41:G43) -> 1480
F45: Total Costo Directo | G45: =+G22+G33+G38+G44 -> 927354
B48: DANIELA BUSTAMENTE | G48: ELINA UPARELA MARSIGLIA
B49: ARQUITECTA CONTRATISTA DE APOYO S.I.D. | G49: DIRECTOR TECNICO Y ADMINISTRATIVO S.I.D
B50: Elaboró | G50: Aprobó
B52: ¡Ahora le toca al pueblo! Dirección: Palacio de Naín - Calle 27 N 3 - 28 - Montería - Córdoba / Contacto Teléfono: 7848940 / Línea de atención gratuita: 018000400357 Email: contactenos@cordoba.gov.co - secretaria.infraestructura@cordoba.gov.co

Sheet 5.4 A.P.U 
B2: ANÁLISIS DE PRECIOS UNITARIOS - A.P.U.
B4: REPÚBLICA DE COLOMBIA GOBERNACIÓN DE CORDOBA
B9: MANTENIMIENTO Y ADECUACIÓN DE LA CASA DE LA MUJER UBICADA EN EL MUNICIPIO DE MONTERÍA - CÓRDOBA
B13: PROYECTO U OBRA: | D13: DESCRIPCIÓN DEL ÍTEM:
B14: =B9 -> MANTENIMIENTO Y ADECUACIÓN DE LA CASA DE LA MUJER UBICADA EN EL MUNICIPIO DE MONTERÍA - CÓRDOBA | D14: =+'PRESUPUESTO GENERAL'!D34 -> suministro e instalacion de puertas en madera 2,00 x 0,80
B15: ÍTEM: | C15: 5.4 | D15: UNIDAD: | E15: =+'PRESUPUESTO GENERAL'!E31 -> und | F15: CANTIDAD: | G15: 3
B17: 1. EQUIPOS
B18: Descripción | D18: Cantidad | E18: Tarifa/Dia | F18: Rendimiento | G18: Valor-unit.
B19: Juego de herramientas menores | D19: 1 | E19: 7000 | F19: 5 | G19: =(D19*E19)/F19 -> 1400
F22: Sub-Total | G22: =SUM(G19:G21) -> 1400
B23: 2. MATERIALES EN OBRA
B24: Descripción | D24: unidad | E24: Precio-unit. | F24: Cantidad | G24: Valor-unit.
B25: Marco de madera | D25: und | E25: 100000 | F25: 1 | G25: =ROUND(E25*F25,0) -> 100000
B26: hoja de puerta para exterior solida | D26: und | E26: 340000 | F26: 1 | G26: =ROUND(E26*F26,0) -> 340000
B27: Tapa luces macizo | D27: m | E27: 4000 | F27: 10 | G27: =ROUND(E27*F27,0) -> 40000
B28: tornillo de acero 19/22mm | D28: und | E28: 6 | F28: 13000 | G28: =ROUND(E28*F28,0) -> 78000
B29: Cerradura de tipo cerrojo, frente, accesorios y tirnillos de atado para puerta de paso | D29: und | E29: 35000 | F29: 1 | G29: =ROUND(E29*F29,0) -> 35000
B30: juego de manijas | D30: und | E30: 135000 | F30: 2 | G30: =ROUND(E30*F30,0) -> 270000
B31: Esmalte semibrillante | D31: gln | E31: 67000 | F31: 0.022 | G31: =ROUND(E31*F31,0) -> 1474
F33: Sub-Total | G33: =SUM(G25:G32) -> 864474
B34: 3. TRANSPORTES
B35: Material | D35: Cantidad | E35: Rendimiento/Dia | F35: Tarifa | G35: Valor-unit.
F38: Sub-Total | G38: =SUM(G36:G37) -> 0
B39: 4. MANO DE OBRA
B40: Trabajador | C40: Jornal | D40: Prestaciones | E40: Jornal Total | F40: Rendimiento | G40: Valor-unit.
B41: CUADRILLA ( OFICIAL + AYUDANTE) (JR) | C41: 79991.261 | D41: 67992.572 | E41: 147983.83 | F41: 100 | G41: =ROUND(E41/F41,0) -> 1480
F44: Sub-Total | G44: =SUM(G41:G43) -> 1480
F45: Total Costo Directo | G45: =+G22+G33+G38+G44 -> 867354
B48: DANIELA BUSTAMENTE | G48: ELINA UPARELA MARSIGLIA
B49: ARQUITECTA CONTRATISTA DE APOYO S.I.D. | G49: DIRECTOR TECNICO Y ADMINISTRATIVO S.I.D
B50: Elaboró | G50: Aprobó
B52: ¡Ahora le toca al pueblo! Dirección: Palacio de Naín - Calle 27 N 3 - 28 - Montería - Córdoba / Contacto Teléfono: 7848940 / Línea de atención gratuita: 018000400357 Email: contactenos@cordoba.gov.co - secretaria.infraestructura@cordoba.gov.co

Sheet 5.5 A.P.U 
B2: ANÁLISIS DE PRECIOS UNITARIOS - A.P.U.
B4: REPÚBLICA DE COLOMBIA GOBERNACIÓN DE CORDOBA
B9: MANTENIMIENTO Y ADECUACIÓN DE LA CASA DE LA MUJER UBICADA EN EL MUNICIPIO DE MONTERÍA - CÓRDOBA
B13: PROYECTO U OBRA: | D13: DESCRIPCIÓN DEL ÍTEM:
B14: =B9 -> MANTENIMIENTO Y ADECUACIÓN DE LA CASA DE LA MUJER UBICADA EN EL MUNICIPIO DE MONTERÍA - CÓRDOBA | D14: =+'PRESUPUESTO GENERAL'!D35 -> suministro e instalacion de puertas en madera 2,10 x 1,10
B15: ÍTEM: | C15: 5.5 | D15: UNIDAD: | E15: =+'PRESUPUESTO GENERAL'!E31 -> und | F15: CANTIDAD: | G15: =+'PRESUPUESTO GENERAL'!F35 -> 3
B17: 1. EQUIPOS
B18: Descripción | D18: Cantidad | E18: Tarifa/Dia | F18: Rendimiento | G18: Valor-unit.
B19: Juego de herramientas menores | D19: 1 | E19: 7000 | F19: 5 | G19: =(D19*E19)/F19 -> 1400
F22: Sub-Total | G22: =SUM(G19:G21) -> 1400
B23: 2. MATERIALES EN OBRA
B24: Descripción | D24: unidad | E24: Precio-unit. | F24: Cantidad | G24: Valor-unit.
B25: Marco de madera | D25: und | E25: 90000 | F25: 1 | G25: =ROUND(E25*F25,0) -> 90000
B26: hoja de puerta para exterior solida | D26: und | E26: 350000 | F26: 1 | G26: =ROUND(E26*F26,0) -> 350000
B27: Tapa luces macizo | D27: m | E27: 4000 | F27: 10 | G27: =ROUND(E27*F27,0) -> 40000
B28: tornillo de acero 19/22mm | D28: und | E28: 6 | F28: 13000 | G28: =ROUND(E28*F28,0) -> 78000
B29: Cerradura de tipo cerrojo, frente, accesorios y tirnillos de atado para puerta de paso | D29: und | E29: 35000 | F29: 1 | G29: =ROUND(E29*F29,0) -> 35000
B30: juego de manijas | D30: und | E30: 135000 | F30: 2 | G30: =ROUND(E30*F30,0) -> 270000
B31: Esmalte semibrillante | D31: gln | E31: 67000 | F31: 0.022 | G31: =ROUND(E31*F31,0) -> 1474
F33: Sub-Total | G33: =SUM(G25:G32) -> 864474
B34: 3. TRANSPORTES
B35: Material | D35: Cantidad | E35: Rendimiento/Dia | F35: Tarifa | G35: Valor-unit.
F38: Sub-Total | G38: =SUM(G36:G37) -> 0
B39: 4. MANO DE OBRA
B40: Trabajador | C40: Jornal | D40: Prestaciones | E40: Jornal Total | F40: Rendimiento | G40: Valor-unit.
B41: CUADRILLA ( OFICIAL + AYUDANTE) (JR) | C41: 79991.261 | D41: 67992.572 | E41: 147983.83 | F41: 100 | G41: =ROUND(E41/F41,0) -> 1480
F44: Sub-Total | G44: =SUM(G41:G43) -> 1480
F45: Total Costo Directo | G45: =+G22+G33+G38+G44 -> 867354
B48: DANIELA BUSTAMENTE | G48: ELINA UPARELA MARSIGLIA
B49: ARQUITECTA CONTRATISTA DE APOYO S.I.D. | G49: DIRECTOR TECNICO Y ADMINISTRATIVO S.I.D
B50: Elaboró | G50: Aprobó
B52: ¡Ahora le toca al pueblo! Dirección: Palacio de Naín - Calle 27 N 3 - 28 - Montería - Córdoba / Contacto Teléfono: 7848940 / Línea de atención gratuita: 018000400357 Email: contactenos@cordoba.gov.co - secretaria.infraestructura@cordoba.gov.co

Sheet 5.6 A.P.U.
B2: ANÁLISIS DE PRECIOS UNITARIOS - A.P.U.
B4: REPÚBLICA DE COLOMBIA GOBERNACIÓN DE CORDOBA
B9: MANTENIMIENTO Y ADECUACIÓN DE LA CASA DE LA MUJER UBICADA EN EL MUNICIPIO DE MONTERÍA - CÓRDOBA
B13: PROYECTO U OBRA: | D13: DESCRIPCIÓN DEL ÍTEM:
B14: =B9 -> MANTENIMIENTO Y ADECUACIÓN DE LA CASA DE LA MUJER UBICADA EN EL MUNICIPIO DE MONTERÍA - CÓRDOBA | D14: =+'PRESUPUESTO GENERAL'!D36 -> suministro e instalacion de puertas en madera 2,70 x 1,65
B15: ÍTEM: | C15: 5.6 | D15: UNIDAD: | E15: =+'PRESUPUESTO GENERAL'!E31 -> und | F15: CANTIDAD: | G15: 3
B17: 1. EQUIPOS
B18: Descripción | D18: Cantidad | E18: Tarifa/Dia | F18: Rendimiento | G18: Valor-unit.
B19: Juego de herramientas menores | D19: 1 | E19: 7000 | F19: 5 | G19: =(D19*E19)/F19 -> 1400
F22: Sub-Total | G22: =SUM(G19:G21) -> 1400
B23: 2. MATERIALES EN OBRA
B24: Descripción | D24: unidad | E24: Precio-unit. | F24: Cantidad | G24: Valor-unit.
B25: Marco de madera | D25: und | E25: 120000 | F25: 1 | G25: =ROUND(E25*F25,0) -> 120000
B26: hoja de puerta para exterior solida | D26: und | E26: 380000 | F26: 1 | G26: =ROUND(E26*F26,0) -> 380000
B27: Tapa luces macizo | D27: m | E27: 4000 | F27: 10 | G27: =ROUND(E27*F27,0) -> 40000
B28: tornillo de acero 19/22mm | D28: und | E28: 6 | F28: 13000 | G28: =ROUND(E28*F28,0) -> 78000
B29: Cerradura de tipo cerrojo, frente, accesorios y tirnillos de atado para puerta de paso | D29: und | E29: 35000 | F29: 1 | G29: =ROUND(E29*F29,0) -> 35000
B30: juego de manijas | D30: und | E30: 135000 | F30: 2 | G30: =ROUND(E30*F30,0) -> 270000
B31: Esmalte semibrillante | D31: gln | E31: 67000 | F31: 0.022 | G31: =ROUND(E31*F31,0) -> 1474
F33: Sub-Total | G33: =SUM(G25:G32) -> 924474
B34: 3. TRANSPORTES
B35: Material | D35: Cantidad | E35: Rendimiento/Dia | F35: Tarifa | G35: Valor-unit.
F38: Sub-Total | G38: =SUM(G36:G37) -> 0
B39: 4. MANO DE OBRA
B40: Trabajador | C40: Jornal | D40: Prestaciones | E40: Jornal Total | F40: Rendimiento | G40: Valor-unit.
B41: CUADRILLA ( OFICIAL + AYUDANTE) (JR) | C41: 79991.261 | D41: 67992.572 | E41: 147983.83 | F41: 100 | G41: =ROUND(E41/F41,0) -> 1480
F44: Sub-Total | G44: =SUM(G41:G43) -> 1480
F45: Total Costo Directo | G45: =+G22+G33+G38+G44 -> 927354
B48: DANIELA BUSTAMENTE | G48: ELINA UPARELA MARSIGLIA
B49: ARQUITECTA CONTRATISTA DE APOYO S.I.D. | G49: DIRECTOR TECNICO Y ADMINISTRATIVO S.I.D
B50: Elaboró | G50: Aprobó
B52: ¡Ahora le toca al pueblo! Dirección: Palacio de Naín - Calle 27 N 3 - 28 - Montería - Córdoba / Contacto Teléfono: 7848940 / Línea de atención gratuita: 018000400357 Email: contactenos@cordoba.gov.co - secretaria.infraestructura@cordoba.gov.co

Sheet 5.7 A.P.U.
B2: ANÁLISIS DE PRECIOS UNITARIOS - A.P.U.
B4: REPÚBLICA DE COLOMBIA GOBERNACIÓN DE CORDOBA
B9: MANTENIMIENTO Y ADECUACIÓN DE LA CASA DE LA MUJER UBICADA EN EL MUNICIPIO DE MONTERÍA - CÓRDOBA
B13: PROYECTO U OBRA: | D13: DESCRIPCIÓN DEL ÍTEM:
B14: =B9 -> MANTENIMIENTO Y ADECUACIÓN DE LA CASA DE LA MUJER UBICADA EN EL MUNICIPIO DE MONTERÍA - CÓRDOBA | D14: =+'PRESUPUESTO GENERAL'!D37 -> suministro e instalacion de puertas en metalica 2,00 x 1,00
B15: ÍTEM: | C15: 5.7 | D15: UNIDAD: | E15: =+'PRESUPUESTO GENERAL'!E31 -> und | F15: CANTIDAD: | G15: 2
B17: 1. EQUIPOS
B18: Descripción | D18: Cantidad | E18: Tarifa/Dia | F18: Rendimiento | G18: Valor-unit.
B19: Juego de herramientas menores | D19: 1 | E19: 7000 | F19: 5 | G19: =(D19*E19)/F19 -> 1400
F22: Sub-Total | G22: =SUM(G19:G21) -> 1400
B23: 2. MATERIALES EN OBRA
B24: Descripción | D24: unidad | E24: Precio-unit. | F24: Cantidad | G24: Valor-unit.
B25: puerta metalica en acero galvanizado, inclute marco bisagras soldarura de marco y remchadas a la hoja, cerradura embutida y pintura en acabado color blanco | D25: und | E25: 415340 | F25: 1 | G25: =ROUND(E25*F25,0) -> 415340
F29: Sub-Total | G29: =SUM(G25:G28) -> 415340
B30: 3. TRANSPORTES
B31: Material | D31: Cantidad | E31: Rendimiento/Dia | F31: Tarifa | G31: Valor-unit.
F34: Sub-Total | G34: =SUM(G32:G33) -> 0
B35: 4. MANO DE OBRA
B36: Trabajador | C36: Jornal | D36: Prestaciones | E36: Jornal Total | F36: Rendimiento | G36: Valor-unit.
B37: =+Personal!D22 -> TECNICO (SODADOR 1 A) (JR) | C37: 61940 | D37: =+C37*85% -> 52649 | E37: =+D37+C37 -> 114589 | F37: 10 | G37: =ROUND(E37/F37,0) -> 11459
F40: Sub-Total | G40: =SUM(G37:G39) -> 11459
F41: Total Costo Directo | G41: =+G22+G29+G34+G40 -> 428199
B44: DANIELA BUSTAMENTE | G44: ELINA UPARELA MARSIGLIA
B45: ARQUITECTA CONTRATISTA DE APOYO S.I.D. | G45: DIRECTOR TECNICO Y ADMINISTRATIVO S.I.D
B46: Elaboró | G46: Aprobó
B48: ¡Ahora le toca al pueblo! Dirección: Palacio de Naín - Calle 27 N 3 - 28 - Montería - Córdoba / Contacto Teléfono: 7848940 / Línea de atención gratuita: 018000400357 Email: contactenos@cordoba.gov.co - secretaria.infraestructura@cordoba.gov.co

Sheet 5.8 A.P.U
B2: ANÁLISIS DE PRECIOS UNITARIOS - A.P.U.
B4: REPÚBLICA DE COLOMBIA GOBERNACIÓN DE CORDOBA
B9: MANTENIMIENTO Y ADECUACIÓN DE LA CASA DE LA MUJER UBICADA EN EL MUNICIPIO DE MONTERÍA - CÓRDOBA
B13: PROYECTO U OBRA: | D13: DESCRIPCIÓN DEL ÍTEM:
B14: =B9 -> MANTENIMIENTO Y ADECUACIÓN DE LA CASA DE LA MUJER UBICADA EN EL MUNICIPIO DE MONTERÍA - CÓRDOBA | D14: =+'PRESUPUESTO GENERAL'!D38 -> suministro e instalacion de puertas en metalica 2,00 x 0,80
B15: ÍTEM: | C15: 5.8 | D15: UNIDAD: | E15: =+'PRESUPUESTO GENERAL'!E31 -> und | F15: CANTIDAD: | G15: 3
B17: 1. EQUIPOS
B18: Descripción | D18: Cantidad | E18: Tarifa/Dia | F18: Rendimiento | G18: Valor-unit.
B19: Juego de herramientas menores | D19: 1 | E19: 7000 | F19: 5 | G19: =(D19*E19)/F19 -> 1400
F22: Sub-Total | G22: =SUM(G19:G21) -> 1400
B23: 2. MATERIALES EN OBRA
B24: Descripción | D24: unidad | E24: Precio-unit. | F24: Cantidad | G24: Valor-unit.
B25: puerta metalica en acero galvanizado, inclute marco bisagras soldarura de marco y remchadas a la hoja, cerradura embutida y pintura en acabado color blanco | D25: und | E25: 372701 | F25: 1 | G25: =ROUND(E25*F25,0) -> 372701
F29: Sub-Total | G29: =SUM(G25:G28) -> 372701
B30: 3. TRANSPORTES
B31: Material | D31: Cantidad | E31: Rendimiento/Dia | F31: Tarifa | G31: Valor-unit.
F34: Sub-Total | G34: =SUM(G32:G33) -> 0
B35: 4. MANO DE OBRA
B36: Trabajador | C36: Jornal | D36: Prestaciones | E36: Jornal Total | F36: Rendimiento | G36: Valor-unit.
B37: =+Personal!D22 -> TECNICO (SODADOR 1 A) (JR) | C37: 61940 | D37: =+C37*85% -> 52649 | E37: =+D37+C37 -> 114589 | F37: 10 | G37: =ROUND(E37/F37,0) -> 11459
F40: Sub-Total | G40: =SUM(G37:G39) -> 11459
F41: Total Costo Directo | G41: =+G22+G29+G34+G40 -> 385560
B44: DANIELA BUSTAMENTE | G44: ELINA UPARELA MARSIGLIA
B45: ARQUITECTA CONTRATISTA DE APOYO S.I.D. | G45: DIRECTOR TECNICO Y ADMINISTRATIVO S.I.D
B46: Elaboró | G46: Aprobó
B48: ¡Ahora le toca al pueblo! Dirección: Palacio de Naín - Calle 27 N 3 - 28 - Montería - Córdoba / Contacto Teléfono: 7848940 / Línea de atención gratuita: 018000400357 Email: contactenos@cordoba.gov.co - secretaria.infraestructura@cordoba.gov.co

Sheet 5.9 A.P.U 
B2: ANÁLISIS DE PRECIOS UNITARIOS - A.P.U.
B4: REPÚBLICA DE COLOMBIA GOBERNACIÓN DE CORDOBA
B9: MANTENIMIENTO Y ADECUACIÓN DE LA CASA DE LA MUJER UBICADA EN EL MUNICIPIO DE MONTERÍA - CÓRDOBA
B13: PROYECTO U OBRA: | D13: DESCRIPCIÓN DEL ÍTEM:
B14: =B9 -> MANTENIMIENTO Y ADECUACIÓN DE LA CASA DE LA MUJER UBICADA EN EL MUNICIPIO DE MONTERÍA - CÓRDOBA | D14: =+'PRESUPUESTO GENERAL'!D39 -> Pintura con proteccion anticorrosivo y acabado en esmalte para puerta de 2,60 X 2,70 (GARAJE)
B15: ÍTEM: | C15: 5.9 | D15: UNIDAD: | E15: M2 | F15: CANTIDAD: | G15: 7.02
B17: 1. EQUIPOS
B18: Descripción | D18: Cantidad | E18: Tarifa/Dia | F18: Rendimiento | G18: Valor-unit.
B19: Puliodora | E19: =EQUIPOSOL -> 45000 | F19: 60 | G19: =E19/F19 -> 750
B20: Andamios de Tijera | E20: =ANDAM -> 1000 | F20: 0.5 | G20: =E20/F20 -> 2000
B21: Herramientas menores(5% de M/O) | G21: =+G38*5% -> 739.9
F22: Sub-Total | G22: =SUM(G19:G21) -> 3489.9
B23: 2. MATERIALES EN OBRA
B24: Descripción | D24: unidad | E24: Precio-unit. | F24: Cantidad | G24: Valor-unit.
B25: Cromato de zinc | D25: gl | E25: =CROMATO_ZINC -> 82000 | F25: 0.05 | G25: =ROUND(E25*F25,0) -> 4100
B26: Pintura tipo esmalte | D26: gl | E26: =ESMALTE -> 79850 | F26: 0.02 | G26: =ROUND(E26*F26,0) -> 1597
B27: Desperdicio | D27: % | E27: =SUM(G24:G26) -> 5697 | F27: 0.03 | G27: =ROUND(E27*F27,0) -> 171
F30: Sub-Total | G30: =SUM(G25:G29) -> 5868
B31: 3. TRANSPORTES
B32: Material | D32: Cantidad | E32: Rendimiento/Dia | F32: Tarifa | G32: Valor-unit.
F35: Sub-Total | G35: =SUM(G33:G34) -> 0
B36: 4. MANO DE OBRA
B37: Trabajador | C37: Jornal | D37: Prestaciones | E37: Jornal Total | F37: Rendimiento | G37: Valor-unit.
B38: CUADRILLA ( OFICIAL + AYUDANTE) (JR) | C38: 79991.261 | D38: 67992.572 | E38: 147983.83 | F38: 10 | G38: =ROUND(E38/F38,0) -> 14798
F41: Sub-Total | G41: =SUM(G38:G40) -> 14798
F42: Total Costo Directo | G42: =+G22+G30+G35+G41 -> 24155.9
B45: DANIELA BUSTAMENTE | G45: ELINA UPARELA MARSIGLIA
B46: ARQUITECTA CONTRATISTA DE APOYO S.I.D. | G46: DIRECTOR TECNICO Y ADMINISTRATIVO S.I.D
B47: Elaboró | G47: Aprobó
B49: ¡Ahora le toca al pueblo! Dirección: Palacio de Naín - Calle 27 N 3 - 28 - Montería - Córdoba / Contacto Teléfono: 7848940 / Línea de atención gratuita: 018000400357 Email: contactenos@cordoba.gov.co - secretaria.infraestructura@cordoba.gov.co

Sheet 5.10 A.P.U
B2: ANÁLISIS DE PRECIOS UNITARIOS - A.P.U.
B4: REPÚBLICA DE COLOMBIA GOBERNACIÓN DE CORDOBA
B9: MANTENIMIENTO Y ADECUACIÓN DE LA CASA DE LA MUJER UBICADA EN EL MUNICIPIO DE MONTERÍA - CÓRDOBA
B13: PROYECTO U OBRA: | D13: DESCRIPCIÓN DEL ÍTEM:
B14: =B9 -> MANTENIMIENTO Y ADECUACIÓN DE LA CASA DE LA MUJER UBICADA EN EL MUNICIPIO DE MONTERÍA - CÓRDOBA | D14: =+'PRESUPUESTO GENERAL'!D40 -> Divicion en para oficnas en superboar
B15: ÍTEM: | C15: 5.10 | D15: UNIDAD: | E15: M2 | F15: CANTIDAD: | G15: 18
B17: 1. EQUIPOS
B18: Descripción | D18: Cantidad | E18: Tarifa/Dia | F18: Rendimiento | G18: Valor-unit.
B19: Juego de herramientas menores | D19: 1 | E19: 7000 | F19: 5 | G19: =(D19*E19)/F19 -> 1400
F22: Sub-Total | G22: =SUM(G19:G21) -> 1400
B23: 2. MATERIALES EN OBRA
B24: Descripción | D24: unidad | E24: Precio-unit. | F24: Cantidad | G24: Valor-unit.
B25: LAMINA DE SUPERBOAR | D25: M2 | E25: 15972 | F25: 1 | G25: =ROUND(E25*F25,0) -> 15972
B26: PERFILES | D26: UND | E26: 3200 | F26: 1 | G26: =ROUND(E26*F26,0) -> 3200
B27: TORNILLOS | D27: KLG | E27: 6000 | F27: 0.2 | G27: =ROUND(E27*F27,0) -> 1200
B28: ESTUCO PLASTICO | D28: KLG | E28: 6500 | F28: 0.6 | G28: =ROUND(E28*F28,0) -> 3900
B29: CINTA | D29: R | E29: 12000 | F29: 0.06 | G29: =ROUND(E29*F29,0) -> 720
B30: LIJA 150 | D30: UND | E30: 600 | F30: 1 | G30: =ROUND(E30*F30,0) -> 600
B31: PINTURA VINILO TIPO 1 | D31: GL | E31: 65800 | F31: 0.2 | G31: =ROUND(E31*F31,0) -> 13160 | L31: 276000
L32: =+L31/6 -> 46000
F33: Sub-Total | G33: =SUM(G25:G32) -> 38752
B34: 3. TRANSPORTES | L34: =+L32/2.88 -> 15972.222
B35: Material | D35: Cantidad | E35: Rendimiento/Dia | F35: Tarifa | G35: Valor-unit.
F38: Sub-Total | G38: =SUM(G36:G37) -> 0
B39: 4. MANO DE OBRA
B40: Trabajador | C40: Jornal | D40: Prestaciones | E40: Jornal Total | F40: Rendimiento | G40: Valor-unit.
B41: CUADRILLA ( OFICIAL + AYUDANTE) (JR) | C41: 79991.261 | D41: 67992.572 | E41: 147983.83 | F41: 24 | G41: =ROUND(E41/F41,0) -> 6166
F44: Sub-Total | G44: =SUM(G41:G43) -> 6166
F45: Total Costo Directo | G45: =+G22+G33+G38+G44 -> 46318
B48: DANIELA BUSTAMENTE | G48: ELINA UPARELA MARSIGLIA
B49: ARQUITECTA CONTRATISTA DE APOYO S.I.D. | G49: DIRECTOR TECNICO Y ADMINISTRATIVO S.I.D
B50: Elaboró | G50: Aprobó
B52: ¡Ahora le toca al pueblo! Dirección: Palacio de Naín - Calle 27 N 3 - 28 - Montería - Córdoba / Contacto Teléfono: 7848940 / Línea de atención gratuita: 018000400357 Email: contactenos@cordoba.gov.co - secretaria.infraestructura@cordoba.gov.co

Sheet 6.1.1 A.P.U
B2: ANÁLISIS DE PRECIOS UNITARIOS - A.P.U.
B4: REPÚBLICA DE COLOMBIA GOBERNACIÓN DE CORDOBA
B9: MANTENIMIENTO Y ADECUACIÓN DE LA CASA DE LA MUJER UBICADA EN EL MUNICIPIO DE MONTERÍA - CÓRDOBA
B13: PROYECTO U OBRA: | D13: DESCRIPCIÓN DEL ÍTEM:
B14: =B9 -> MANTENIMIENTO Y ADECUACIÓN DE LA CASA DE LA MUJER UBICADA EN EL MUNICIPIO DE MONTERÍA - CÓRDOBA | D14: =+'PRESUPUESTO GENERAL'!D44 -> SUMINISTRO E INSTALACIÓN DE LUMINARIAS LED DE 18 W, CIRCULAR. PARA EMPOTRAR.
B15: ÍTEM: | C15: 6.1.1 | D15: UNIDAD: | E15: UND | F15: CANTIDAD | G15: 40
B17: 1. EQUIPOS
B18: Descripción | D18: Cantidad | E18: Tarifa/Dia | F18: Rendimiento | G18: Valor-unit.
B19: Juego de herramientas menores (5% M.O.) | G19: =+G37*5% -> 5038.5714
B20: Andamios metalicos | D20: 1 | E20: 7000 | F20: 50 | G20: =(D20*E20)/F20 -> 140
F22: Sub-Total | G22: =SUM(G19:G21) -> 5178.5714
B23: 2. MATERIALES EN OBRA
B24: Descripción | D24: unidad | E24: Precio-unit. | F24: Cantidad | G24: Valor-unit.
B25: Luminaria Led de 18 W. 120 V. Para sobreponer. | D25: Un | E25: 26000 | F25: 1 | G25: =+F25*E25 -> 26000
B26: Conector de resorte. | D26: Un | E26: 700 | F26: 4 | G26: =+F26*E26 -> 2800
B27: Cinta aislante. | D27: Rollo | E27: 2500 | F27: 0.1 | G27: =+F27*E27 -> 250
F29: Sub-Total | G29: =SUM(G25:G28) -> 29050
B30: 3. TRANSPORTES
B31: Material | D31: Cantidad | E31: Rendimiento/Dia | F31: Tarifa | G31: Valor-unit.
F34: Sub-Total | G34: =SUM(G32:G33) -> 0
B35: 4. MANO DE OBRA
B36: Trabajador | C36: Jornal | D36: Prestaciones | E36: Jornal Total | F36: Rendimiento | G36: Valor-unit.
B37: =+Personal!D37 -> CUADRILLA ( TECNICO ELECTRICO + 2 AYUDANTES) (JR) | C37: =+Personal!F37 -> 127301.92 | D37: =+C37*85% -> 108206.63 | E37: =+D37+C37 -> 235508.55 | F37: 2.3370567 | G37: =E37/F37 -> 100771.43
F40: Sub-Total | G40: =SUM(G37:G39) -> 100771.43
F41: Total Costo Directo | G41: =+G22+G29+G34+G40 -> 135000
B44: GEBILIER RAMOS | G44: ELINA UPARELA MARSIGLIA
B45: INGENIERO CONTRATISTA DE APOYO S.I.D. | G45: DIRECTOR TECNICO Y ADMINISTRATIVO S.I.D
B46: Elaboró | G46: Aprobó
B48: ¡Ahora le toca al pueblo! Dirección: Palacio de Naín - Calle 27 N 3 - 28 - Montería - Córdoba / Contacto Teléfono: 7848940 / Línea de atención gratuita: 018000400357 Email: contactenos@cordoba.gov.co - secretaria.infraestructura@cordoba.gov.co

Sheet 6.1.2 A.P.U 
B2: ANÁLISIS DE PRECIOS UNITARIOS - A.P.U.
B4: REPÚBLICA DE COLOMBIA GOBERNACIÓN DE CORDOBA
B9: MANTENIMIENTO Y ADECUACIÓN DE LA CASA DE LA MUJER UBICADA EN EL MUNICIPIO DE MONTERÍA - CÓRDOBA
B13: PROYECTO U OBRA: | D13: DESCRIPCIÓN DEL ÍTEM:
B14: =B9 -> MANTENIMIENTO Y ADECUACIÓN DE LA CASA DE LA MUJER UBICADA EN EL MUNICIPIO DE MONTERÍA - CÓRDOBA | D14: =+'PRESUPUESTO GENERAL'!D45 -> SUMINISTRO E INSTALACIÓN DE TOMACORRIENTE NORMAL, 120 V.
B15: ÍTEM: | C15: 6.1.2 | D15: UNIDAD: | E15: UND | F15: CANTIDAD: | G15: 30
B17: 1. EQUIPOS
B18: Descripción | D18: Cantidad | E18: Tarifa/Dia | F18: Rendimiento | G18: Valor-unit.
B19: Juego de herramientas menores (5% M.O.) | G19: =+G37*5% -> 4026.1905
F22: Sub-Total | G22: =SUM(G19:G21) -> 4026.1905
B23: 2. MATERIALES EN OBRA
B24: Descripción | D24: unidad | E24: Precio-unit. | F24: Cantidad | G24: Valor-unit.
B25: Tomacorriente doble con polo a tierra de 15A, color blanco tipo normal. | D25: UND | E25: 5950 | F25: 1 | G25: =+F25*E25 -> 5950
B26: Caja PVC, 2x4". | D26: UND | E26: 1500 | F26: 1 | G26: =+F26*E26 -> 1500
F29: Sub-Total | G29: =SUM(G25:G28) -> 7450
B30: 3. TRANSPORTES
B31: Material | D31: Cantidad | E31: Rendimiento/Dia | F31: Tarifa | G31: Valor-unit.
F34: Sub-Total | G34: =SUM(G32:G33) -> 0
B35: 4. MANO DE OBRA
B36: Trabajador | C36: Jornal | D36: Prestaciones | E36: Jornal Total | F36: Rendimiento | G36: Valor-unit.
B37: =+Personal!D37 -> CUADRILLA ( TECNICO ELECTRICO + 2 AYUDANTES) (JR) | C37: =+Personal!F37 -> 127301.92 | D37: =+C37*85% -> 108206.63 | E37: =+D37+C37 -> 235508.55 | F37: 2.924707 | G37: =(E37/F37) -> 80523.81
F40: Sub-Total | G40: =SUM(G37:G39) -> 80523.81
F41: Total Costo Directo | G41: =+G22+G29+G34+G40 -> 92000 | H41: 92000
B44: GEBILIER RAMOS | G44: ELINA UPARELA MARSIGLIA
B45: INGENIERO CONTRATISTA DE APOYO S.I.D. | G45: DIRECTOR TECNICO Y ADMINISTRATIVO S.I.D
B46: Elaboró | G46: Aprobó
B48: ¡Ahora le toca al pueblo! Dirección: Palacio de Naín - Calle 27 N 3 - 28 - Montería - Córdoba / Contacto Teléfono: 7848940 / Línea de atención gratuita: 018000400357 Email: contactenos@cordoba.gov.co - secretaria.infraestructura@cordoba.gov.co

Sheet 6.1.3 A.P.U 
B2: ANÁLISIS DE PRECIOS UNITARIOS - A.P.U.
B4: REPÚBLICA DE COLOMBIA GOBERNACIÓN DE CORDOBA
B9: MANTENIMIENTO Y ADECUACIÓN DE LA CASA DE LA MUJER UBICADA EN EL MUNICIPIO DE MONTERÍA - CÓRDOBA
B13: PROYECTO U OBRA: | D13: DESCRIPCIÓN DEL ÍTEM:
B14: =B9 -> MANTENIMIENTO Y ADECUACIÓN DE LA CASA DE LA MUJER UBICADA EN EL MUNICIPIO DE MONTERÍA - CÓRDOBA | D14: =+'PRESUPUESTO GENERAL'!D46 -> SUMINISTRO, MONTAJE E INSTALACIÓN DE VENTILADOR DE TECHO.
B15: ÍTEM: | C15: 6.1.3 | D15: UNIDAD: | E15: UND | F15: CANTIDAD: | G15: 4
B17: 1. EQUIPOS
B18: Descripción | D18: Cantidad | E18: Tarifa/Dia | F18: Rendimiento | G18: Valor-unit.
B19: Juego de herramientas menores (5% M.O.) | G19: =+G37*5% -> 5057.6191
B20: Andamios metalicos | D20: 1 | E20: 7000 | F20: 50 | G20: =(D20*E20)/F20 -> 140
F22: Sub-Total | G22: =SUM(G19:G21) -> 5197.6191
B23: 2. MATERIALES EN OBRA
B24: Descripción | D24: unidad | E24: Precio-unit. | F24: Cantidad | G24: Valor-unit.
B25: VENTILADOR DE TECHO TIPI KDK | D25: Un | E25: 242000 | F25: 1 | G25: =+F25*E25 -> 242000
B26: Conector de resorte. | D26: Un | E26: 700 | F26: 2 | G26: =+F26*E26 -> 1400
B27: Cinta aislante. | D27: Rollo | E27: 2500 | F27: 0.1 | G27: =+F27*E27 -> 250
F29: Sub-Total | G29: =SUM(G25:G28) -> 243650
B30: 3. TRANSPORTES
B31: Material | D31: Cantidad | E31: Rendimiento/Dia | F31: Tarifa | G31: Valor-unit.
F34: Sub-Total | G34: =SUM(G32:G33) -> 0
B35: 4. MANO DE OBRA
B36: Trabajador | C36: Jornal | D36: Prestaciones | E36: Jornal Total | F36: Rendimiento | G36: Valor-unit.
B37: =+Personal!D37 -> CUADRILLA ( TECNICO ELECTRICO + 2 AYUDANTES) (JR) | C37: =+Personal!F37 -> 127301.92 | D37: =+C37*85% -> 108206.63 | E37: =+D37+C37 -> 235508.55 | F37: 2.3282551 | G37: =(E37/F37) -> 101152.38
F40: Sub-Total | G40: =SUM(G37:G39) -> 101152.38
F41: Total Costo Directo | G41: =+G22+G29+G34+G40 -> 350000 | H41: 350000
B44: GEBILIER RAMOS | G44: ELINA UPARELA MARSIGLIA
B45: INGENIERO CONTRATISTA DE APOYO S.I.D. | G45: DIRECTOR TECNICO Y ADMINISTRATIVO S.I.D
B46: Elaboró | G46: Aprobó
B48: ¡Ahora le toca al pueblo! Dirección: Palacio de Naín - Calle 27 N 3 - 28 - Montería - Córdoba / Contacto Teléfono: 7848940 / Línea de atención gratuita: 018000400357 Email: contactenos@cordoba.gov.co - secretaria.infraestructura@cordoba.gov.co

Sheet 6.2.1 A.P.U 
B2: ANÁLISIS DE PRECIOS UNITARIOS - A.P.U.
B4: REPÚBLICA DE COLOMBIA GOBERNACIÓN DE CORDOBA
B9: MANTENIMIENTO Y ADECUACIÓN DE LA CASA DE LA MUJER UBICADA EN EL MUNICIPIO DE MONTERÍA - CÓRDOBA
B13: PROYECTO U OBRA: | D13: DESCRIPCIÓN DEL ÍTEM:
B14: =B9 -> MANTENIMIENTO Y ADECUACIÓN DE LA CASA DE LA MUJER UBICADA EN EL MUNICIPIO DE MONTERÍA - CÓRDOBA | D14: =+'PRESUPUESTO GENERAL'!D48 -> MANTENIMIENTO PREVENTIVO DE UNIDADES MANEJADORAS Y CONDENSADORAS DE AIRE ACONDICIONADOS.
B15: ÍTEM: | C15: 6.2.1 | D15: UNIDAD: | E15: UN | F15: CANTIDAD: | G15: 12
B17: 1. EQUIPOS
B18: Descripción | D18: Cantidad | E18: Tarifa/Dia | F18: Rendimiento | G18: Valor-unit.
B19: Juego de herramientas menores (5% M.O.) | G19: =+G37*5% -> 11898.095
B20: Andamios metalicos | D20: 1 | E20: 7000 | F20: 50 | G20: =(D20*E20)/F20 -> 140
F22: Sub-Total | G22: =SUM(G19:G21) -> 12038.095
B23: 2. MATERIALES EN OBRA
B24: Descripción | D24: unidad | E24: Precio-unit. | F24: Cantidad | G24: Valor-unit.
F29: Sub-Total | G29: =SUM(G25:G28) -> 0
B30: 3. TRANSPORTES
B31: Material | D31: Cantidad | E31: Rendimiento/Dia | F31: Tarifa | G31: Valor-unit.
F34: Sub-Total | G34: =SUM(G32:G33) -> 0
B35: 4. MANO DE OBRA
B36: Trabajador | C36: Jornal | D36: Prestaciones | E36: Jornal Total | F36: Rendimiento | G36: Valor-unit.
B37: =+Personal!D41 -> CUADRILLA ( TECNICO REFRIGERACION + 2 AYUDANTES) (JR) | C37: =+Personal!F37 -> 127301.92 | D37: =+C37*85% -> 108206.63 | E37: =+D37+C37 -> 235508.55 | F37: 0.98969012 | G37: =(E37/F37) -> 237961.91
F40: Sub-Total | G40: =SUM(G37:G39) -> 237961.91
F41: Total Costo Directo | G41: =+G22+G29+G34+G40 -> 250000 | H41: 250000
B44: GEBILIER RAMOS | G44: ELINA UPARELA MARSIGLIA
B45: INGENIERO CONTRATISTA DE APOYO S.I.D. | G45: DIRECTOR TECNICO Y ADMINISTRATIVO S.I.D
B46: Elaboró | G46: Aprobó
B48: ¡Ahora le toca al pueblo! Dirección: Palacio de Naín - Calle 27 N 3 - 28 - Montería - Córdoba / Contacto Teléfono: 7848940 / Línea de atención gratuita: 018000400357 Email: contactenos@cordoba.gov.co - secretaria.infraestructura@cordoba.gov.co

Sheet 6.3.1 A.P.U 
B2: ANÁLISIS DE PRECIOS UNITARIOS - A.P.U.
B4: REPÚBLICA DE COLOMBIA GOBERNACIÓN DE CORDOBA
B9: MANTENIMIENTO Y ADECUACIÓN DE LA CASA DE LA MUJER UBICADA EN EL MUNICIPIO DE MONTERÍA - CÓRDOBA
B13: PROYECTO U OBRA: | D13: DESCRIPCIÓN DEL ÍTEM:
B14: =B9 -> MANTENIMIENTO Y ADECUACIÓN DE LA CASA DE LA MUJER UBICADA EN EL MUNICIPIO DE MONTERÍA - CÓRDOBA | D14: =+'PRESUPUESTO GENERAL'!D50 -> SUMINISTRO DE CABLE DE COBRE 3 X N°2 + 1 N°2 + 1 N°2 T THWN. LIBRE DE HALOGENO. TUBERÍA EMT DE 1 1/2". ACCESORIOS PARA SU INSTALACIÓN.
B15: ÍTEM: | C15: 6.3.1 | D15: UNIDAD: | E15: ml | F15: CANTIDAD: | G15: 10
B17: 1. EQUIPOS
B18: Descripción | D18: Cantidad | E18: Tarifa/Dia | F18: Rendimiento | G18: Valor-unit.
B19: Juego de herramientas menores (5% M.O.) | G19: =+G40*5% -> 2943.8568
F22: Sub-Total | G22: =SUM(G19:G21) -> 2943.8568
B23: 2. MATERIALES EN OBRA
B24: Descripción | D24: unidad | E24: Precio-unit. | F24: Cantidad | G24: Valor-unit.
B25: CABLE DE COBRE N° 2 THWN. LIBRE DE HALOGENO | D25: ml | E25: 25000 | F25: 5 | G25: =(E25*F25) -> 125000
B26: UNIONES EMT 1 1/2" | D26: UND | E26: 3000 | F26: 0.4 | G26: =(E26*F26) -> 1200
B27: CURVAS EMT 1 1/2" | D27: UND | E27: 7500 | F27: 0.4 | G27: =(E27*F27) -> 3000
B28: TUBERÍA EMT DE 1 1/2". ACCESORIOS PARA SU INSTALACIÓN. | D28: ml | E28: =55000/3 -> 18333.333 | F28: 1 | G28: =(E28*F28) -> 18333.333
B29: DESPERDICIO | D29: %
F32: Sub-Total | G32: =SUM(G25:G31) -> 147533.33
B33: 3. TRANSPORTES
B34: Material | D34: Cantidad | E34: Rendimiento/Dia | F34: Tarifa | G34: Valor-unit.
F37: Sub-Total
B38: 4. MANO DE OBRA
B39: Trabajador | C39: Jornal | D39: Prestaciones | E39: Jornal Total | F39: Rendimiento | G39: Valor-unit.
B40: =+Personal!D37 -> CUADRILLA ( TECNICO ELECTRICO + 2 AYUDANTES) (JR) | C40: =+Personal!F37 -> 127301.92 | D40: =+C40*85% -> 108206.63 | E40: =+D40+C40 -> 235508.55 | F40: 4 | G40: =(E40/F40) -> 58877.137
F43: Sub-Total | G43: =SUM(G40:G42) -> 58877.137
F44: Total Costo Directo | G44: =+G22+G32+G43 -> 209354.33 | H44: 148000 | I44: =+G44-H44 -> 61354.327
B47: GEBILIER RAMOS | G47: ELINA UPARELA MARSIGLIA
B48: INGENIERO CONTRATISTA DE APOYO S.I.D. | G48: DIRECTOR TECNICO Y ADMINISTRATIVO S.I.D
B49: Elaboró | G49: Aprobó
B51: ¡Ahora le toca al pueblo! Dirección: Palacio de Naín - Calle 27 N 3 - 28 - Montería - Córdoba / Contacto Teléfono: 7848940 / Línea de atención gratuita: 018000400357 Email: contactenos@cordoba.gov.co - secretaria.infraestructura@cordoba.gov.co

Sheet 6.3.2 A.P.U 
B2: ANÁLISIS DE PRECIOS UNITARIOS - A.P.U.
B4: REPÚBLICA DE COLOMBIA GOBERNACIÓN DE CORDOBA
B9: MANTENIMIENTO Y ADECUACIÓN DE LA CASA DE LA MUJER UBICADA EN EL MUNICIPIO DE MONTERÍA - CÓRDOBA
B13: PROYECTO U OBRA: | D13: DESCRIPCIÓN DEL ÍTEM:
B14: =B9 -> MANTENIMIENTO Y ADECUACIÓN DE LA CASA DE LA MUJER UBICADA EN EL MUNICIPIO DE MONTERÍA - CÓRDOBA | D14: =+'PRESUPUESTO GENERAL'!D51 -> SUMINISTRO DE CABLE DE COBRE 2 X N°6 + 1 N°6 + 1 N°6 T THWN. LIBRE DE HALOGENO. TUBERÍA EMT DE 1 1/4"y EMT DE 3/4". ACCESORIOS PARA SU INSTALACIÓN.
B15: ÍTEM: | C15: 6.3.2 | D15: UNIDAD: | E15: ml | F15: CANTIDAD: | G15: 5
B17: 1. EQUIPOS
B18: Descripción | D18: Cantidad | E18: Tarifa/Dia | F18: Rendimiento | G18: Valor-unit.
B19: Juego de herramientas menores (5% M.O.) | G19: =+G42*5% -> 2256.6667
B20: Andamios metalicos | D20: 1 | E20: 7000 | F20: 50 | G20: =(D20*E20)/F20 -> 140
F22: Sub-Total | G22: =SUM(G19:G21) -> 2396.6667
B23: 2. MATERIALES EN OBRA
B24: Descripción | D24: unidad | E24: Precio-unit. | F24: Cantidad | G24: Valor-unit.
B25: CABLE DE COBRE N° 6 THWN. LIBRE DE HALOGENO | D25: ml | E25: 12000 | F25: 4 | G25: =(E25*F25) -> 48000
B26: UNION EMT 1 1/4" | D26: UND | E26: 2500 | F26: 0.6 | G26: =(E26*F26) -> 1500
B27: CURVA EMT 1 1/4" | D27: UND | E27: 6000 | F27: 0.6 | G27: =(E27*F27) -> 3600
B28: UNION EMT 3/4" | D28: UND | E28: 1000 | F28: 0.6 | G28: =(E28*F28) -> 600
B29: CURVA EMT DE 3/4" | D29: UND | E29: 1700 | F29: 0.6 | G29: =(E29*F29) -> 1020
B30: TUBERÍA EMT DE 1 1/4". ACCESORIOS PARA SU INSTALACIÓN. | D30: ml | E30: =54000/3 -> 18000 | F30: 0.5 | G30: =(E30*F30) -> 9000
B31: TUBERÍA EMT DE 3/4". ACCESORIOS PARA SU INSTALACIÓN. | D31: ml | E31: 8000 | F31: 0.5 | G31: =(E31*F31) -> 4000
B32: DESPERDICIO | D32: % | G32: =+(E25+E30+E31)*5% -> 1900
F34: Sub-Total | G34: =SUM(G25:G33) -> 69620
B35: 3. TRANSPORTES
B36: Material | D36: Cantidad | E36: Rendimiento/Dia | F36: Tarifa | G36: Valor-unit.
F39: Sub-Total | G39: =SUM(G37:G38) -> 0
B40: 4. MANO DE OBRA
B41: Trabajador | C41: Jornal | D41: Prestaciones | E41: Jornal Total | F41: Rendimiento | G41: Valor-unit.
B42: =+Personal!D37 -> CUADRILLA ( TECNICO ELECTRICO + 2 AYUDANTES) (JR) | C42: =+Personal!F37 -> 127301.92 | D42: =+C42*85% -> 108206.63 | E42: =+D42+C42 -> 235508.55 | F42: 5.2180623 | G42: =(E42/F42) -> 45133.333
F45: Sub-Total | G45: =SUM(G42:G44) -> 45133.333
F46: Total Costo Directo | G46: =+G22+G34+G39+G45 -> 117150 | H46: 105000
B49: GEBILIER RAMOS | G49: ELINA UPARELA MARSIGLIA
B50: INGENIERO CONTRATISTA DE APOYO S.I.D. | G50: DIRECTOR TECNICO Y ADMINISTRATIVO S.I.D
B51: Elaboró | G51: Aprobó
B53: ¡Ahora le toca al pueblo! Dirección: Palacio de Naín - Calle 27 N 3 - 28 - Montería - Córdoba / Contacto Teléfono: 7848940 / Línea de atención gratuita: 018000400357 Email: contactenos@cordoba.gov.co - secretaria.infraestructura@cordoba.gov.co

Sheet 6.3.3 A.P.U 
B2: ANÁLISIS DE PRECIOS UNITARIOS - A.P.U.
B4: REPÚBLICA DE COLOMBIA GOBERNACIÓN DE CORDOBA
B9: MANTENIMIENTO Y ADECUACIÓN DE LA CASA DE LA MUJER UBICADA EN EL MUNICIPIO DE MONTERÍA - CÓRDOBA
B13: PROYECTO U OBRA: | D13: DESCRIPCIÓN DEL ÍTEM:
B14: =B9 -> MANTENIMIENTO Y ADECUACIÓN DE LA CASA DE LA MUJER UBICADA EN EL MUNICIPIO DE MONTERÍA - CÓRDOBA | D14: =+'PRESUPUESTO GENERAL'!D52 -> SUMINISTRO DE CABLE DE COBRE 2 X N°10 + 1 N°10 + 1 N°10 T THWN. LIBRE DE HALOGENO. TUBERÍA EMT DE 3/4". ACCESORIOS PARA SU INSTALACIÓN.
B15: ÍTEM: | C15: 6.3.3 | D15: UNIDAD: | E15: ml | F15: CANTIDAD: | G15: 12
B17: 1. EQUIPOS
B18: Descripción | D18: Cantidad | E18: Tarifa/Dia | F18: Rendimiento | G18: Valor-unit.
B19: Juego de herramientas menores (5% M.O.) | G19: =+G40*5% -> 785.02849
F22: Sub-Total | G22: =SUM(G19:G21) -> 785.02849
B23: 2. MATERIALES EN OBRA
B24: Descripción | D24: unidad | E24: Precio-unit. | F24: Cantidad | G24: Valor-unit.
B25: CABLE DE COBRE N° 10 THWN. LIBRE DE HALOGENO | D25: ml | E25: 3500 | F25: 4 | G25: =(E25*F25) -> 14000
B26: TUBERÍA EMT DE 3/4". ACCESORIOS PARA SU INSTALACIÓN. | D26: ml | E26: 8000 | F26: 1 | G26: =(E26*F26) -> 8000
B27: UNION EMT 3/4 | D27: UND | E27: 1000 | F27: =3/120 -> 0.025 | G27: =(E27*F27) -> 25
B28: CURVA EMT 3/4 | D28: UND | E28: 1700 | F28: =3/120 -> 0.025 | G28: =(E28*F28) -> 42.5
D29: %
F32: Sub-Total | G32: =SUM(G25:G31) -> 22067.5
B33: 3. TRANSPORTES
B34: Material | D34: Cantidad | E34: Rendimiento/Dia | F34: Tarifa | G34: Valor-unit.
F37: Sub-Total | G37: =SUM(G35:G36) -> 0
B38: 4. MANO DE OBRA
B39: Trabajador | C39: Jornal | D39: Prestaciones | E39: Jornal Total | F39: Rendimiento | G39: Valor-unit.
B40: =+Personal!D37 -> CUADRILLA ( TECNICO ELECTRICO + 2 AYUDANTES) (JR) | C40: =+Personal!F37 -> 127301.92 | D40: =+C40*85% -> 108206.63 | E40: =+D40+C40 -> 235508.55 | F40: 15 | G40: =(E40/F40) -> 15700.57
F43: Sub-Total | G43: =SUM(G40:G42) -> 15700.57
F44: Total Costo Directo | G44: =+G22+G32+G37+G43 -> 38553.098 | H44: 28000
B47: GEBILIER RAMOS | G47: ELINA UPARELA MARSIGLIA
B48: INGENIERO CONTRATISTA DE APOYO S.I.D. | G48: DIRECTOR TECNICO Y ADMINISTRATIVO S.I.D
B49: Elaboró | G49: Aprobó
B51: ¡Ahora le toca al pueblo! Dirección: Palacio de Naín - Calle 27 N 3 - 28 - Montería - Córdoba / Contacto Teléfono: 7848940 / Línea de atención gratuita: 018000400357 Email: contactenos@cordoba.gov.co - secretaria.infraestructura@cordoba.gov.co

Sheet 6.3.4 A.P.U 
B2: ANÁLISIS DE PRECIOS UNITARIOS - A.P.U.
B4: REPÚBLICA DE COLOMBIA GOBERNACIÓN DE CORDOBA
B9: MANTENIMIENTO Y ADECUACIÓN DE LA CASA DE LA MUJER UBICADA EN EL MUNICIPIO DE MONTERÍA - CÓRDOBA
B13: PROYECTO U OBRA: | D13: DESCRIPCIÓN DEL ÍTEM:
B14: =B9 -> MANTENIMIENTO Y ADECUACIÓN DE LA CASA DE LA MUJER UBICADA EN EL MUNICIPIO DE MONTERÍA - CÓRDOBA | D14: =+'PRESUPUESTO GENERAL'!D53 -> SUMINISTRO DE CABLE DE COBRE 2 X N° 12 + 1 N° 12 + 1 N°12 T THWN. LIBRE DE HALOGENO. TUBERÍA EMT DE 1/2" y EMT DE 3/4". ACCESORIOS PARA SU INSTALACIÓN.
B15: ÍTEM: | C15: 6.3.4 | D15: UNIDAD: | E15: ML | F15: CANTIDAD: | G15: 21
B17: 1. EQUIPOS
B18: Descripción | D18: Cantidad | E18: Tarifa/Dia | F18: Rendimiento | G18: Valor-unit.
B19: Juego de herramientas menores (5% M.O.) | G19: =+G42*5% -> 588.77137
B20: Andamios metalicos | D20: 1 | E20: 7000 | F20: 50 | G20: =(D20*E20)/F20 -> 140
F22: Sub-Total | G22: =SUM(G19:G21) -> 728.77137
B23: 2. MATERIALES EN OBRA
B24: Descripción | D24: unidad | E24: Precio-unit. | F24: Cantidad | G24: Valor-unit.
B25: CABLE DE COBRE N° 12 THWN. LIBRE DE HALOGENO | D25: ml | E25: 2500 | F25: 4 | G25: =(E25*F25) -> 10000
B26: TUBERÍA EMT DE 3/4". ACCESORIOS PARA SU INSTALACIÓN. | D26: ml | E26: 8000 | F26: 0.5 | G26: =(E26*F26) -> 4000
B27: UNION EMT 3/4" | D27: UND | E27: 1000 | F27: 0.01 | G27: =(E27*F27) -> 10
B28: CURVA EMT 3/4" | D28: UND | E28: 1700 | F28: 0.01 | G28: =(E28*F28) -> 17
B29: TUBERÍA EMT DE 1/2". ACCESORIOS PARA SU INSTALACIÓN. | D29: ml | E29: 3666.6667 | F29: 0.5 | G29: =(E29*F29) -> 1833.3333
B30: UNION EMT 1/2" | D30: UND | E30: 800 | F30: 0.01 | G30: =(E30*F30) -> 8
B31: CURVA EMT 1/2" | D31: UND | E31: 1000 | F31: 0.01 | G31: =(E31*F31) -> 10
F34: Sub-Total | G34: =SUM(G25:G33) -> 15878.333
B35: 3. TRANSPORTES
B36: Material | D36: Cantidad | E36: Rendimiento/Dia | F36: Tarifa | G36: Valor-unit.
F39: Sub-Total | G39: =SUM(G37:G38) -> 0
B40: 4. MANO DE OBRA
B41: Trabajador | C41: Jornal | D41: Prestaciones | E41: Jornal Total | F41: Rendimiento | G41: Valor-unit.
B42: =+Personal!D37 -> CUADRILLA ( TECNICO ELECTRICO + 2 AYUDANTES) (JR) | C42: =+Personal!F37 -> 127301.92 | D42: =+C42*85% -> 108206.63 | E42: =+D42+C42 -> 235508.55 | F42: 20 | G42: =(E42/F42) -> 11775.427
F45: Sub-Total | G45: =SUM(G42:G44) -> 11775.427
F46: Total Costo Directo | G46: =+G22+G34+G39+G45 -> 28382.532 | H46: 21000
B49: GEBILIER RAMOS | G49: ELINA UPARELA MARSIGLIA
B50: INGENIERO CONTRATISTA DE APOYO S.I.D. | G50: DIRECTOR TECNICO Y ADMINISTRATIVO S.I.D
B51: Elaboró | G51: Aprobó
B53: ¡Ahora le toca al pueblo! Dirección: Palacio de Naín - Calle 27 N 3 - 28 - Montería - Córdoba / Contacto Teléfono: 7848940 / Línea de atención gratuita: 018000400357 Email: contactenos@cordoba.gov.co - secretaria.infraestructura@cordoba.gov.co

Sheet 6.4.1 A.P.U
B2: ANÁLISIS DE PRECIOS UNITARIOS - A.P.U.
B4: REPÚBLICA DE COLOMBIA GOBERNACIÓN DE CORDOBA
B9: MANTENIMIENTO Y ADECUACIÓN DE LA CASA DE LA MUJER UBICADA EN EL MUNICIPIO DE MONTERÍA - CÓRDOBA
B13: PROYECTO U OBRA: | D13: DESCRIPCIÓN DEL ÍTEM:
B14: =B9 -> MANTENIMIENTO Y ADECUACIÓN DE LA CASA DE LA MUJER UBICADA EN EL MUNICIPIO DE MONTERÍA - CÓRDOBA | D14: =+'PRESUPUESTO GENERAL'!D55 -> SUMINISTRO, TRANSPORTE E INSTALACIÓN DE INTERRUPTOR AUTOMÁTICO MONOPOLAR ENCHUFABLE (BREAKER) DE 1X20 - 30 AMP.
B15: ÍTEM: | C15: 6.4.1 | D15: UNIDAD: | E15: UND | F15: CANTIDAD: | G15: 24
B17: 1. EQUIPOS
B18: Descripción | D18: Cantidad | E18: Tarifa/Dia | F18: Rendimiento | G18: Valor-unit.
B19: Juego de herramientas menores (5% M.O.) | G19: =+G37*5% -> 238.09524
F22: Sub-Total | G22: =SUM(G19:G21) -> 238.09524
B23: 2. MATERIALES EN OBRA
B24: Descripción | D24: unidad | E24: Precio-unit. | F24: Cantidad | G24: Valor-unit.
B25: NTERRUPTOR AUTOMÁTICO MONOPOLAR ENCHUFABLE (BREAKER) DE 1X20 - 30 AMP. | D25: UND | E25: 34000 | F25: 1 | G25: =(E25*F25) -> 34000
F29: Sub-Total | G29: =SUM(G25:G28) -> 34000
B30: 3. TRANSPORTES
B31: Material | D31: Cantidad | E31: Rendimiento/Dia | F31: Tarifa | G31: Valor-unit.
F34: Sub-Total | G34: =SUM(G32:G33) -> 0
B35: 4. MANO DE OBRA
B36: Trabajador | C36: Jornal | D36: Prestaciones | E36: Jornal Total | F36: Rendimiento | G36: Valor-unit.
B37: =+Personal!D37 -> CUADRILLA ( TECNICO ELECTRICO + 2 AYUDANTES) (JR) | C37: =+Personal!F37 -> 127301.92 | D37: =+C37*85% -> 108206.63 | E37: =+D37+C37 -> 235508.55 | F37: 49.456795 | G37: =(E37/F37) -> 4761.9048
F40: Sub-Total | G40: =SUM(G37:G39) -> 4761.9048
F41: Total Costo Directo | G41: =+G22+G29+G34+G40 -> 39000 | H41: 25000
B44: GEBILIER RAMOS | G44: ELINA UPARELA MARSIGLIA
B45: INGENIERO CONTRATISTA DE APOYO S.I.D. | G45: DIRECTOR TECNICO Y ADMINISTRATIVO S.I.D
B46: Elaboró | G46: Aprobó
B48: ¡Ahora le toca al pueblo! Dirección: Palacio de Naín - Calle 27 N 3 - 28 - Montería - Córdoba / Contacto Teléfono: 7848940 / Línea de atención gratuita: 018000400357 Email: contactenos@cordoba.gov.co - secretaria.infraestructura@cordoba.gov.co

Sheet 6.4.2 A.P.U
B2: ANÁLISIS DE PRECIOS UNITARIOS - A.P.U.
B4: REPÚBLICA DE COLOMBIA GOBERNACIÓN DE CORDOBA
B9: MANTENIMIENTO Y ADECUACIÓN DE LA CASA DE LA MUJER UBICADA EN EL MUNICIPIO DE MONTERÍA - CÓRDOBA
B13: PROYECTO U OBRA: | D13: DESCRIPCIÓN DEL ÍTEM:
B14: =B9 -> MANTENIMIENTO Y ADECUACIÓN DE LA CASA DE LA MUJER UBICADA EN EL MUNICIPIO DE MONTERÍA - CÓRDOBA | D14: =+'PRESUPUESTO GENERAL'!D56 -> SUMINISTRO, TRANSPORTE E INSTALACIÓN DE INTERRUPTOR TOTALIZADOR DE 3 X 100 AMP.
B15: ÍTEM: | C15: 6.4.2 | D15: UNIDAD: | E15: UND | F15: CANTIDAD: | G15: 1
B17: 1. EQUIPOS
B18: Descripción | D18: Cantidad | E18: Tarifa/Dia | F18: Rendimiento | G18: Valor-unit.
B19: Juego de herramientas menores (5% M.O.) | G19: =+G37*5% -> 4714.2857
F22: Sub-Total | G22: =SUM(G19:G21) -> 4714.2857
B23: 2. MATERIALES EN OBRA
B24: Descripción | D24: unidad | E24: Precio-unit. | F24: Cantidad | G24: Valor-unit.
B25: INTERRUPTOR TOTALIZADOR DE 3 X 100 AMP. | D25: UND | E25: 176000 | F25: 1 | G25: =(E25*F25) -> 176000
F29: Sub-Total | G29: =SUM(G25:G28) -> 176000
B30: 3. TRANSPORTES
B31: Material | D31: Cantidad | E31: Rendimiento/Dia | F31: Tarifa | G31: Valor-unit.
F34: Sub-Total | G34: =SUM(G32:G33) -> 0
B35: 4. MANO DE OBRA
B36: Trabajador | C36: Jornal | D36: Prestaciones | E36: Jornal Total | F36: Rendimiento | G36: Valor-unit.
B37: =+Personal!D37 -> CUADRILLA ( TECNICO ELECTRICO + 2 AYUDANTES) (JR) | C37: =+Personal!F37 -> 127301.92 | D37: =+C37*85% -> 108206.63 | E37: =+D37+C37 -> 235508.55 | F37: 2.4978179 | G37: =(E37/F37) -> 94285.714
F40: Sub-Total | G40: =SUM(G37:G39) -> 94285.714
F41: Total Costo Directo | G41: =+G22+G29+G34+G40 -> 275000 | H41: 250000
B44: GEBILIER RAMOS | G44: ELINA UPARELA MARSIGLIA
B45: INGENIERO CONTRATISTA DE APOYO S.I.D. | G45: DIRECTOR TECNICO Y ADMINISTRATIVO S.I.D
B46: Elaboró | G46: Aprobó
B48: ¡Ahora le toca al pueblo! Dirección: Palacio de Naín - Calle 27 N 3 - 28 - Montería - Córdoba / Contacto Teléfono: 7848940 / Línea de atención gratuita: 018000400357 Email: contactenos@cordoba.gov.co - secretaria.infraestructura@cordoba.gov.co

Sheet 6.4.3 A.P.U
B2: ANÁLISIS DE PRECIOS UNITARIOS - A.P.U.
B4: REPÚBLICA DE COLOMBIA GOBERNACIÓN DE CORDOBA
B9: MANTENIMIENTO Y ADECUACIÓN DE LA CASA DE LA MUJER UBICADA EN EL MUNICIPIO DE MONTERÍA - CÓRDOBA
B13: PROYECTO U OBRA: | D13: DESCRIPCIÓN DEL ÍTEM:
B14: =B9 -> MANTENIMIENTO Y ADECUACIÓN DE LA CASA DE LA MUJER UBICADA EN EL MUNICIPIO DE MONTERÍA - CÓRDOBA | D14: =+'PRESUPUESTO GENERAL'!D57 -> SUMINISTRO, TRANSPORTE E INSTALACIÓN DE INTERRUPTOR TOTALIZADOR DE 3 X 70 AMP.
B15: ÍTEM: | C15: 6.4.3 | D15: UNIDAD: | E15: UND | F15: CANTIDAD: | G15: 2
B17: 1. EQUIPOS
B18: Descripción | D18: Cantidad | E18: Tarifa/Dia | F18: Rendimiento | G18: Valor-unit.
B19: Juego de herramientas menores (5% M.O.) | G19: =+G37*5% -> 3428.5714
F22: Sub-Total | G22: =SUM(G19:G21) -> 3428.5714
B23: 2. MATERIALES EN OBRA
B24: Descripción | D24: unidad | E24: Precio-unit. | F24: Cantidad | G24: Valor-unit.
B25: INTERRUPTOR TOTALIZADOR DE 3 X 70 AMP. | D25: UND | E25: 158000 | F25: 1 | G25: =(E25*F25) -> 158000
F29: Sub-Total | G29: =SUM(G25:G28) -> 158000
B30: 3. TRANSPORTES
B31: Material | D31: Cantidad | E31: Rendimiento/Dia | F31: Tarifa | G31: Valor-unit.
F34: Sub-Total | G34: =SUM(G32:G33) -> 0
B35: 4. MANO DE OBRA
B36: Trabajador | C36: Jornal | D36: Prestaciones | E36: Jornal Total | F36: Rendimiento | G36: Valor-unit.
B37: =+Personal!D37 -> CUADRILLA ( TECNICO ELECTRICO + 2 AYUDANTES) (JR) | C37: =+Personal!F37 -> 127301.92 | D37: =+C37*85% -> 108206.63 | E37: =+D37+C37 -> 235508.55 | F37: 3.4344997 | G37: =(E37/F37) -> 68571.428
F40: Sub-Total | G40: =SUM(G37:G39) -> 68571.428
F41: Total Costo Directo | G41: =+G22+G29+G34+G40 -> 230000 | H41: 220000
B44: GEBILIER RAMOS | G44: ELINA UPARELA MARSIGLIA
B45: INGENIERO CONTRATISTA DE APOYO S.I.D. | G45: DIRECTOR TECNICO Y ADMINISTRATIVO S.I.D
B46: Elaboró | G46: Aprobó
B48: ¡Ahora le toca al pueblo! Dirección: Palacio de Naín - Calle 27 N 3 - 28 - Montería - Córdoba / Contacto Teléfono: 7848940 / Línea de atención gratuita: 018000400357 Email: contactenos@cordoba.gov.co - secretaria.infraestructura@cordoba.gov.co

Sheet 6.5.1 A.P.U
B2: ANÁLISIS DE PRECIOS UNITARIOS - A.P.U.
B4: REPÚBLICA DE COLOMBIA GOBERNACIÓN DE CORDOBA
B9: MANTENIMIENTO Y ADECUACIÓN DE LA CASA DE LA MUJER UBICADA EN EL MUNICIPIO DE MONTERÍA - CÓRDOBA
B13: PROYECTO U OBRA: | D13: DESCRIPCIÓN DEL ÍTEM:
B14: =B9 -> MANTENIMIENTO Y ADECUACIÓN DE LA CASA DE LA MUJER UBICADA EN EL MUNICIPIO DE MONTERÍA - CÓRDOBA | D14: =+'PRESUPUESTO GENERAL'!D59 -> SUMINISTRO E INSTALACIÓN DE SALIDA PARA VOZ Y DATOS.
B15: ÍTEM: | C15: 6.5.1 | D15: UNIDAD: | E15: UND | F15: CANTIDAD: | G15: 15
B17: 1. EQUIPOS
B18: Descripción | D18: Cantidad | E18: Tarifa/Dia | F18: Rendimiento | G18: Valor-unit.
B19: Juego de herramientas menores (5% M.O.) | G19: =+G35*5% -> 2644.8095
F22: Sub-Total | G22: =SUM(G19:G21) -> 2644.8095
B23: 2. MATERIALES EN OBRA
B24: Descripción | D24: unidad | E24: Precio-unit. | F24: Cantidad | G24: Valor-unit.
B25: Jack Rj45 Cat 6 | D25: Un | E25: 7351 | F25: 1 | G25: =(E25*F25) -> 7351
B26: Faceplete | D26: Un | E26: 4608 | F26: 1 | G26: =(E26*F26) -> 4608
F27: Sub-Total | G27: =SUM(G25:G26) -> 11959
B28: 3. TRANSPORTES
B29: Material | D29: Cantidad | E29: Rendimiento/Dia | F29: Tarifa | G29: Valor-unit.
F32: Sub-Total | G32: =SUM(G30:G31) -> 0
B33: 4. MANO DE OBRA
B34: Trabajador | C34: Jornal | D34: Prestaciones | E34: Jornal Total | F34: Rendimiento | G34: Valor-unit.
B35: =+Personal!D37 -> CUADRILLA ( TECNICO ELECTRICO + 2 AYUDANTES) (JR) | C35: =+Personal!F37 -> 127301.92 | D35: =+C35*85% -> 108206.63 | E35: =+D35+C35 -> 235508.55 | F35: 4.452278 | G35: =(E35/F35) -> 52896.19
F38: Sub-Total | G38: =SUM(G35:G37) -> 52896.19
F39: Total Costo Directo | G39: =+G22+G27+G32+G38 -> 67500 | H39: 67500
B42: GEBILIER RAMOS | G42: ELINA UPARELA MARSIGLIA
B43: INGENIERO CONTRATISTA DE APOYO S.I.D. | G43: DIRECTOR TECNICO Y ADMINISTRATIVO S.I.D
B44: Elaboró | G44: Aprobó
B46: ¡Ahora le toca al pueblo! Dirección: Palacio de Naín - Calle 27 N 3 - 28 - Montería - Córdoba / Contacto Teléfono: 7848940 / Línea de atención gratuita: 018000400357 Email: contactenos@cordoba.gov.co - secretaria.infraestructura@cordoba.gov.co

Sheet 6.5.2. A.P.U
B2: ANÁLISIS DE PRECIOS UNITARIOS - A.P.U.
B4: REPÚBLICA DE COLOMBIA GOBERNACIÓN DE CORDOBA
B9: MANTENIMIENTO Y ADECUACIÓN DE LA CASA DE LA MUJER UBICADA EN EL MUNICIPIO DE MONTERÍA - CÓRDOBA
B13: PROYECTO U OBRA: | D13: DESCRIPCIÓN DEL ÍTEM:
B14: =B9 -> MANTENIMIENTO Y ADECUACIÓN DE LA CASA DE LA MUJER UBICADA EN EL MUNICIPIO DE MONTERÍA - CÓRDOBA | D14: =+'PRESUPUESTO GENERAL'!D60 -> Suministro e instalacion de Alimentadores para salidas de Voz y Datos. Cable UTP Categoria 6A.
B15: ÍTEM: | C15: 6.5.2 | D15: UNIDAD: | E15: ML | F15: CANTIDAD: | G15: 400
B17: 1. EQUIPOS
B18: Descripción | D18: Cantidad | E18: Tarifa/Dia | F18: Rendimiento | G18: Valor-unit.
B19: Juego de herramientas menores (5% M.O.) | G19: =+G40*5% -> 60.82381
F22: Sub-Total | G22: =SUM(G19:G21) -> 60.82381
B23: 2. MATERIALES EN OBRA
B24: Descripción | D24: unidad | E24: Precio-unit. | F24: Cantidad | G24: Valor-unit.
B25: Cable UTP Cat 6 | D25: ml | E25: 5162.6 | F25: 1 | G25: =(E25*F25) -> 5162.6
B26: tubo pvc conduit 3/4" | D26: ml | E26: 2264 | F26: 1 | G26: =(E26*F26) -> 2264
B27: curba pvc conduit 3/4" | D27: un | E27: 676 | F27: 0.075 | G27: =(E27*F27) -> 50.7
B28: caja 2x4 datos | D28: un | E28: 416 | F28: 1 | G28: =(E28*F28) -> 416
B29: Conector terminal pvc conduit de 3/4" | D29: un | E29: 264 | F29: 1 | G29: =(E29*F29) -> 264
F32: Sub-Total | G32: =SUM(G25:G31) -> 8157.3
B33: 3. TRANSPORTES
B34: Material | D34: Cantidad | E34: Rendimiento/Dia | F34: Tarifa | G34: Valor-unit.
F37: Sub-Total | G37: =SUM(G35:G36) -> 0
B38: 4. MANO DE OBRA
B39: Trabajador | C39: Jornal | D39: Prestaciones | E39: Jornal Total | F39: Rendimiento | G39: Valor-unit.
B40: =+Personal!D37 -> CUADRILLA ( TECNICO ELECTRICO + 2 AYUDANTES) (JR) | C40: =+Personal!F37 -> 127301.92 | D40: =+C40*85% -> 108206.63 | E40: =+D40+C40 -> 235508.55 | F40: 193.59898 | G40: =(E40/F40) -> 1216.4762
F43: Sub-Total | G43: =SUM(G40:G42) -> 1216.4762
F44: Total Costo Directo | G44: =+G22+G32+G37+G43 -> 9434.6 | H44: 7650
B47: GEBILIER RAMOS | G47: ELINA UPARELA MARSIGLIA
B48: INGENIERO CONTRATISTA DE APOYO S.I.D. | G48: DIRECTOR TECNICO Y ADMINISTRATIVO S.I.D
B49: Elaboró | G49: Aprobó
B51: ¡Ahora le toca al pueblo! Dirección: Palacio de Naín - Calle 27 N 3 - 28 - Montería - Córdoba / Contacto Teléfono: 7848940 / Línea de atención gratuita: 018000400357 Email: contactenos@cordoba.gov.co - secretaria.infraestructura@cordoba.gov.co

Sheet 6.5.3 A.P.U 
B2: ANÁLISIS DE PRECIOS UNITARIOS - A.P.U.
B4: REPÚBLICA DE COLOMBIA GOBERNACIÓN DE CORDOBA
B9: MANTENIMIENTO Y ADECUACIÓN DE LA CASA DE LA MUJER UBICADA EN EL MUNICIPIO DE MONTERÍA - CÓRDOBA
B13: PROYECTO U OBRA: | D13: DESCRIPCIÓN DEL ÍTEM:
B14: =B9 -> MANTENIMIENTO Y ADECUACIÓN DE LA CASA DE LA MUJER UBICADA EN EL MUNICIPIO DE MONTERÍA - CÓRDOBA | D14: =+'PRESUPUESTO GENERAL'!D61 -> Suministro e instalación Gabinete. Contiene patch panel, swiches, multitoma, ventilación, puesta a tierra.
B15: ÍTEM: | C15: 6.5.3 | D15: UNIDAD: | E15: UND | F15: CANTIDAD: | G15: 1
B17: 1. EQUIPOS
B18: Descripción | D18: Cantidad | E18: Tarifa/Dia | F18: Rendimiento | G18: Valor-unit.
B19: Juego de herramientas menores (5% de M.O) | G19: =+G41*5% -> 7142.8571 | H19: =+G41*5% -> 7142.8571
F22: Sub-Total | G22: =SUM(G19:G21) -> 7142.8571
B23: 2. MATERIALES EN OBRA
B24: Descripción | D24: unidad | E24: Precio-unit. | F24: Cantidad | G24: Valor-unit.
B25: Gabinete Rack 5ru F40 Pared Para Dvr Switch Router | D25: Un | E25: 650000 | F25: 1 | G25: =(E25*F25) -> 650000
B26: Patch Panel Categoria 6 Cat6 24 Puertos Para Rack | D26: Un | E26: 80000 | F26: 1 | G26: =(E26*F26) -> 80000
B27: Multitoma 8 Salidas Para Gabinetes, Rack O Instalaciones | D27: Un | E27: 60000 | F27: 1 | G27: =(E27*F27) -> 60000
B28: Varilla Polo Tierra Bañada En Cobre 1.80m Con Conector X1pc | D28: Un | E28: 150000 | F28: 1 | G28: =(E28*F28) -> 150000
B29: Ventilador Para Rack Gabinete | D29: Un | E29: 60000 | F29: 1 | G29: =(E29*F29) -> 60000
F33: Sub-Total | G33: =SUM(G25:G32) -> 1000000
B34: 3. TRANSPORTES
B35: Material | D35: Cantidad | E35: Rendimiento/Dia | F35: Tarifa | G35: Valor-unit.
F38: Sub-Total | G38: =SUM(G36:G37) -> 0
B39: 4. MANO DE OBRA
B40: Trabajador | C40: Jornal | D40: Prestaciones | E40: Jornal Total | F40: Rendimiento | G40: Valor-unit.
B41: =+Personal!D39 -> CUADRILLA ( TECNICO ELECTRICO + AYUDANTE) (JR) | C41: =+Personal!F39 -> 94621.311 | D41: =+C41*85% -> 80428.115 | E41: =+D41+C41 -> 175049.43 | F41: 1.225346 | G41: =(E41/F41) -> 142857.14
F43: Sub-Total | G43: =SUM(G41:G42) -> 142857.14
F44: Total Costo Directo | G44: =+G22+G33+G38+G43 -> 1150000 | H44: 850000
B47: GEBILIER RAMOS | G47: ELINA UPARELA MARSIGLIA
B48: INGENIERO CONTRATISTA DE APOYO S.I.D. | G48: DIRECTOR TECNICO Y ADMINISTRATIVO S.I.D
B49: Elaboró | G49: Aprobó
B51: ¡Ahora le toca al pueblo! Dirección: Palacio de Naín - Calle 27 N 3 - 28 - Montería - Córdoba / Contacto Teléfono: 7848940 / Línea de atención gratuita: 018000400357 Email: contactenos@cordoba.gov.co - secretaria.infraestructura@cordoba.gov.co

Sheet 6.5.4 A.P.U
B2: ANÁLISIS DE PRECIOS UNITARIOS - A.P.U.
B4: REPÚBLICA DE COLOMBIA GOBERNACIÓN DE CORDOBA
B9: MANTENIMIENTO Y ADECUACIÓN DE LA CASA DE LA MUJER UBICADA EN EL MUNICIPIO DE MONTERÍA - CÓRDOBA
B13: PROYECTO U OBRA: | D13: DESCRIPCIÓN DEL ÍTEM:
B14: =B9 -> MANTENIMIENTO Y ADECUACIÓN DE LA CASA DE LA MUJER UBICADA EN EL MUNICIPIO DE MONTERÍA - CÓRDOBA | D14: =+'PRESUPUESTO GENERAL'!D62 -> Certificacion de salidas de Voz y Datos.
B15: ÍTEM: | C15: 6.5.4 | D15: UNIDAD: | E15: UND | F15: CANTIDAD: | G15: 15
B17: 1. EQUIPOS
B18: Descripción | D18: Cantidad | E18: Tarifa/Dia | F18: Rendimiento | G18: Valor-unit.
B19: Juego de herramientas menores (5% de M.O) | G19: =+G38*5% -> 238.09524 | H19: =+G38*5% -> 238.09524
F22: Sub-Total | G22: =SUM(G19:G21) -> 238.09524
B23: 2. MATERIALES EN OBRA
B24: Descripción | D24: unidad | E24: Precio-unit. | F24: Cantidad | G24: Valor-unit.
B25: Certificacion salida voz y dato | D25: Un | E25: 40000 | F25: 1 | G25: =(E25*F25) -> 40000
F30: Sub-Total | G30: =SUM(G25:G29) -> 40000
B31: 3. TRANSPORTES
B32: Material | D32: Cantidad | E32: Rendimiento/Dia | F32: Tarifa | G32: Valor-unit.
F35: Sub-Total | G35: =SUM(G33:G34) -> 0
B36: 4. MANO DE OBRA
B37: Trabajador | C37: Jornal | D37: Prestaciones | E37: Jornal Total | F37: Rendimiento | G37: Valor-unit.
B38: =+Personal!D19 -> TÉCNICO ELÉCTRICO (HR) | C38: =+Personal!F19 -> 7742.5882 | D38: =+C38*85% -> 6581.2 | E38: =+D38+C38 -> 14323.788 | F38: 3.0079955 | G38: =(E38/F38) -> 4761.9047
F40: Sub-Total | G40: =SUM(G38:G39) -> 4761.9047
F41: Total Costo Directo | G41: =+G22+G30+G35+G40 -> 45000 | H41: 30000
B44: GEBILIER RAMOS | G44: ELINA UPARELA MARSIGLIA
B45: INGENIERO CONTRATISTA DE APOYO S.I.D. | G45: DIRECTOR TECNICO Y ADMINISTRATIVO S.I.D
B46: Elaboró | G46: Aprobó
B48: ¡Ahora le toca al pueblo! Dirección: Palacio de Naín - Calle 27 N 3 - 28 - Montería - Córdoba / Contacto Teléfono: 7848940 / Línea de atención gratuita: 018000400357 Email: contactenos@cordoba.gov.co - secretaria.infraestructura@cordoba.gov.co

Sheet 6.6.1 A.P.U
B2: ANÁLISIS DE PRECIOS UNITARIOS - A.P.U.
B4: REPÚBLICA DE COLOMBIA GOBERNACIÓN DE CORDOBA
B9: MANTENIMIENTO Y ADECUACIÓN DE LA CASA DE LA MUJER UBICADA EN EL MUNICIPIO DE MONTERÍA - CÓRDOBA
B13: PROYECTO U OBRA: | D13: DESCRIPCIÓN DEL ÍTEM:
B14: =B9 -> MANTENIMIENTO Y ADECUACIÓN DE LA CASA DE LA MUJER UBICADA EN EL MUNICIPIO DE MONTERÍA - CÓRDOBA | D14: =+'PRESUPUESTO GENERAL'!D64 -> SUMINISTRO, TRANSPORTE E INSTALACIÓN DE GABINETE PRINCIPAL DE DISTRIBUCIÓN, CERTIFICADO. INCUYE: INTERRUPTOR TOTALIZADOR GENERAL REGULABLE DE 3X 100 AMP. DPS DE PROTECCIÓN, BARRAJE PRINCIPAL EN COBRE ELECTRÓLITICO DE 200 AMPS. PROTECCIONES DE CIRCUITOS ALIMENTADORES, CABLEADO GENERAL DEL EQUIPO Y ACCESORIOS.
B15: ÍTEM: | C15: 6.6.1 | D15: UNIDAD: | E15: UND | F15: CANTIDAD: | G15: 1
B17: 1. EQUIPOS
B18: Descripción | D18: Cantidad | E18: Tarifa/Dia | F18: Rendimiento | G18: Valor-unit.
B19: Juego de herramientas menores (5% de M.O) | G19: =+G36*5% -> 58877.15 | H19: =+G36*5% -> 58877.15
F22: Sub-Total | G22: =SUM(G19:G21) -> 58877.15
B23: 2. MATERIALES EN OBRA
B24: Descripción | D24: unidad | E24: Precio-unit. | F24: Cantidad | G24: Valor-unit.
B25: SUMINISTRO, TRANSPORTE E INSTALACIÓN DE GABINETE PRINCIPAL DE DISTRIBUCiÓN( DE 1m x 0.8m x 0.3m), CERTIFICADO. INCUYE: INTERRUPTOR TOTALIZADOR GENERAL REGULABLE DE 3X 100 AMP. DPS DE PROTECCIÓN, BARRAJE PRINCIPAL EN COBRE ELECTRÓLITICO DE 200 AMPS. PROTECCIONES DE CIRCUITOS ALIMENTADORES, CABLEADO GENERAL DEL EQUIPO Y ACCESORIOS. | D25: UND | E25: 6900000 | F25: 1 | G25: =ROUND(E25*F25,0) -> 6900000
F28: Sub-Total | G28: =SUM(G25:G27) -> 6900000
B29: 3. TRANSPORTES
B30: Material | D30: Cantidad | E30: Rendimiento/Dia | F30: Tarifa | G30: Valor-unit.
F33: Sub-Total | G33: =SUM(G31:G32) -> 0
B34: 4. MANO DE OBRA
B35: Trabajador | C35: Jornal | D35: Prestaciones | E35: Jornal Total | F35: Rendimiento | G35: Valor-unit.
B36: =+Personal!D37 -> CUADRILLA ( TECNICO ELECTRICO + 2 AYUDANTES) (JR) | C36: =+Personal!F37 -> 127301.92 | D36: =+C36*85% -> 108206.63 | E36: =+D36+C36 -> 235508.55 | F36: 0.2 | G36: =ROUND(E36/F36,0) -> 1177543
F38: Sub-Total | G38: =SUM(G36:G37) -> 1177543
F39: Total Costo Directo | G39: =+G22+G28+G33+G38 -> 8136420.2
B42: GEBILIER RAMOS | G42: ELINA UPARELA MARSIGLIA
B43: INGENIERO CONTRATISTA DE APOYO S.I.D. | G43: DIRECTOR TECNICO Y ADMINISTRATIVO S.I.D
B44: Elaboró | G44: Aprobó
B46: ¡Ahora le toca al pueblo! Dirección: Palacio de Naín - Calle 27 N 3 - 28 - Montería - Córdoba / Contacto Teléfono: 7848940 / Línea de atención gratuita: 018000400357 Email: contactenos@cordoba.gov.co - secretaria.infraestructura@cordoba.gov.co

Sheet 6.6.2 A.PU
B2: ANÁLISIS DE PRECIOS UNITARIOS - A.P.U.
B4: REPÚBLICA DE COLOMBIA GOBERNACIÓN DE CORDOBA
B9: MANTENIMIENTO Y ADECUACIÓN DE LA CASA DE LA MUJER UBICADA EN EL MUNICIPIO DE MONTERÍA - CÓRDOBA
B13: PROYECTO U OBRA: | D13: DESCRIPCIÓN DEL ÍTEM:
B14: =B9 -> MANTENIMIENTO Y ADECUACIÓN DE LA CASA DE LA MUJER UBICADA EN EL MUNICIPIO DE MONTERÍA - CÓRDOBA | D14: =+'PRESUPUESTO GENERAL'!D65 -> SUMINISTRO, INSTALACIÓN Y ARMADO DE TABLERO TRIFÁSICO DE 24 CIRCUITOS CON ESPACIO PARA TOTALIZADOR.
B15: ÍTEM: | C15: 6.6.2 | D15: UNIDAD: | E15: UND | F15: CANTIDAD: | G15: 1
B17: 1. EQUIPOS
B18: Descripción | D18: Cantidad | E18: Tarifa/Dia | F18: Rendimiento | G18: Valor-unit.
B19: Juego de herramientas menores (5% de M.O) | G19: =+G35*5% -> 11775.427 | H19: =+G35*5% -> 11775.427
F22: Sub-Total | G22: =SUM(G19:G21) -> 11775.427
B23: 2. MATERIALES EN OBRA
B24: Descripción | D24: unidad | E24: Precio-unit. | F24: Cantidad | G24: Valor-unit.
B25: SUMINISTRO, INSTALACIÓN Y ARMADO DE TABLERO MONOFASICO DE 24 CIRCUITOS CON ESPACIO PARA TOTALIZADOR. | D25: und | E25: 650000 | F25: 1 | G25: =(E25*F25) -> 650000
F27: Sub-Total | G27: =SUM(G25:G26) -> 650000
B28: 3. TRANSPORTES
B29: Material | D29: Cantidad | E29: Rendimiento/Dia | F29: Tarifa | G29: Valor-unit.
F32: Sub-Total | G32: =SUM(G30:G31) -> 0
B33: 4. MANO DE OBRA
B34: Trabajador | C34: Jornal | D34: Prestaciones | E34: Jornal Total | F34: Rendimiento | G34: Valor-unit.
B35: =+Personal!D37 -> CUADRILLA ( TECNICO ELECTRICO + 2 AYUDANTES) (JR) | C35: =+Personal!F37 -> 127301.92 | D35: =+C35*85% -> 108206.63 | E35: =+D35+C35 -> 235508.55 | F35: 1 | G35: =(E35/F35) -> 235508.55
F37: Sub-Total | G37: =SUM(G35:G36) -> 235508.55
F38: Total Costo Directo | G38: =+G22+G27+G32+G37 -> 897283.97
B41: GEBILIER RAMOS | G41: ELINA UPARELA MARSIGLIA
B42: INGENIERO CONTRATISTA DE APOYO S.I.D. | G42: DIRECTOR TECNICO Y ADMINISTRATIVO S.I.D
B43: Elaboró | G43: Aprobó
B45: ¡Ahora le toca al pueblo! Dirección: Palacio de Naín - Calle 27 N 3 - 28 - Montería - Córdoba / Contacto Teléfono: 7848940 / Línea de atención gratuita: 018000400357 Email: contactenos@cordoba.gov.co - secretaria.infraestructura@cordoba.gov.co

Sheet 7.1-A.P.U
B2: ANÁLISIS DE PRECIOS UNITARIOS - A.P.U.
B4: REPÚBLICA DE COLOMBIA GOBERNACIÓN DE CORDOBA
B7: SECRETARÍA DE INFRAESTRUCTURA - DEPARTAMENTO DE CÓRDOBA
B9: MANTENIMIENTO Y ADECUACIÓN DE LA CASA DE LA MUJER UBICADA EN EL MUNICIPIO DE MONTERÍA - CÓRDOBA
B13: PROYECTO U OBRA: | D13: DESCRIPCIÓN DEL ÍTEM:
B14: =B9 -> MANTENIMIENTO Y ADECUACIÓN DE LA CASA DE LA MUJER UBICADA EN EL MUNICIPIO DE MONTERÍA - CÓRDOBA | D14: ='PRESUPUESTO GENERAL'!D31 -> suministro e instalacion de puertas en madera 2,64 x 1,6 (fachada)
B15: ÍTEM: | C15: ='PRESUPUESTO GENERAL'!C31 -> 5.1 | D15: UNIDAD: | E15: ='PRESUPUESTO GENERAL'!E31 -> und | F15: CANTIDAD: | G15: ='PRESUPUESTO GENERAL'!F31 -> 2
B17: 1. EQUIPOS
B18: Descripción | D18: Cantidad | E18: Tarifa/Dia | F18: Rendimiento | G18: Valor-unit.
B19: Juego de herramientas menores | D19: 1 | E19: 5000 | F19: 0.5 | G19: =(D19*E19)/F19 -> 10000
F22: Sub-Total | G22: =SUM(G19:G21) -> 10000
B23: 2. MATERIALES EN OBRA
B24: Descripción | D24: unidad | E24: Precio-unit. | F24: Cantidad | G24: Valor-unit.
B25: Bisagra vaiven # 30 | D25: und | E25: 6500 | F25: 3 | G25: =ROUND(E25*F25,0) -> 19500
B26: Lamina triplex 3,2mm | D26: und | E26: 35000 | F26: 2 | G26: =ROUND(E26*F26,0) -> 70000
B27: pegante | D27: gln | E27: 49955 | F27: 0.2 | G27: =ROUND(E27*F27,0) -> 9991
B28: puntilla | D28: lbs | E28: 2650 | F28: 0.8 | G28: =ROUND(E28*F28,0) -> 2120
B29: madera roble | D29: pg2 | E29: 6850 | F29: 12 | G29: =ROUND(E29*F29,0) -> 82200
F30: Sub-Total | G30: =SUM(G25:G29) -> 183811
B31: 3. TRANSPORTES
B32: Material | D32: Cantidad | E32: Rendimiento/Dia | F32: Tarifa | G32: Valor-unit.
F35: Sub-Total | G35: =SUM(G33:G34) -> 0
B36: 4. MANO DE OBRA
B37: Trabajador | C37: Jornal | D37: Prestaciones | E37: Jornal Total | F37: Rendimiento | G37: Valor-unit.
B38: =Personal!D14 -> MAESTRO (JR) | C38: 61940.706 | D38: 52649.6 | E38: 114590.31 | F38: 1 | G38: =ROUND(E38/F38,0) -> 114590
B39: =Personal!D25 -> CUADRILLA ( 2 AYUDANTES) (JR) | C39: 65361.211 | D39: 55557.03 | E39: 120918.24 | F39: 1 | G39: =ROUND(E39/F39,0) -> 120918
F41: Sub-Total | G41: =SUM(G38:G40) -> 235508
F42: Total Costo Directo | G42: =+G22+G30+G35+G41 -> 429319
B45: GUSTAVO TIRADO HERNADEZ | D45: OSCAR PINEDA MENDOZA | G45: CILIA TOBIAS CARRASCAL
B46: Contratista Secretaria De Infraestructura | D46: Contratista Secretaria De Infraestructura | G46: SECRETARIA DE INFRAESTRUCTURA
B47: Elaboró | D47: Elaboró | G47: Aprobó
B49: ¡Ahora le toca al pueblo! Dirección: Palacio de Naín - Calle 27 N 3 - 28 - Montería - Córdoba / Contacto Teléfono: 7848940 / Línea de atención gratuita: 018000400357 Email: contactenos@cordoba.gov.co - secretaria.infraestructura@cordoba.gov.co

Sheet 7.2-A.P.U
B2: ANÁLISIS DE PRECIOS UNITARIOS - A.P.U.
B4: REPÚBLICA DE COLOMBIA GOBERNACIÓN DE CORDOBA
B7: SECRETARÍA DE INFRAESTRUCTURA - DEPARTAMENTO DE CÓRDOBA
B9: MANTENIMIENTO Y ADECUACIÓN DE LA CASA DE LA MUJER UBICADA EN EL MUNICIPIO DE MONTERÍA - CÓRDOBA
B13: PROYECTO U OBRA: | D13: DESCRIPCIÓN DEL ÍTEM:
B14: =B9 -> MANTENIMIENTO Y ADECUACIÓN DE LA CASA DE LA MUJER UBICADA EN EL MUNICIPIO DE MONTERÍA - CÓRDOBA | D14: ='PRESUPUESTO GENERAL'!#REF! -> #REF!
B15: ÍTEM: | C15: ='PRESUPUESTO GENERAL'!#REF! -> #REF! | D15: UNIDAD: | E15: ='PRESUPUESTO GENERAL'!E31 -> und | F15: CANTIDAD: | G15: ='PRESUPUESTO GENERAL'!#REF! -> #REF!
B17: 1. EQUIPOS
B18: Descripción | D18: Cantidad | E18: Tarifa/Dia | F18: Rendimiento | G18: Valor-unit.
B19: Juego de herramientas menores | D19: 1 | E19: 5000 | F19: 0.5 | G19: =(D19*E19)/F19 -> 10000
F22: Sub-Total | G22: =SUM(G19:G21) -> 10000
B23: 2. MATERIALES EN OBRA
B24: Descripción | D24: unidad | E24: Precio-unit. | F24: Cantidad | G24: Valor-unit.
B25: Bisagra vaiven 3 x 1.1/4 | D25: und | E25: 7000 | F25: 3 | G25: =ROUND(E25*F25,0) -> 21000
B26: Lamina triplex 3,2mm | D26: und | E26: 35000 | F26: 1 | G26: =ROUND(E26*F26,0) -> 35000
B27: pegante | D27: gln | E27: 49955 | F27: 0.1 | G27: =ROUND(E27*F27,0) -> 4996
B28: puntilla | D28: lbs | E28: 2650 | F28: 0.5 | G28: =ROUND(E28*F28,0) -> 1325
B29: liston ,1/2x1,1/2 | D29: und | E29: 6695 | F29: 1.7 | G29: =ROUND(E29*F29,0) -> 11382
B30: pintura poliuretano | D30: galon | E30: 178000 | F30: 0.3 | G30: =ROUND(E30*F30,0) -> 53400
B31: liston1.1/4x2x300 | D31: und | E31: 8961 | F31: 2.7 | G31: =ROUND(E31*F31,0) -> 24195
F32: Sub-Total | G32: =SUM(G25:G31) -> 151298
B33: 3. TRANSPORTES
B34: Material | D34: Cantidad | E34: Rendimiento/Dia | F34: Tarifa | G34: Valor-unit.
F37: Sub-Total | G37: =SUM(G35:G36) -> 0
B38: 4. MANO DE OBRA
B39: Trabajador | C39: Jornal | D39: Prestaciones | E39: Jornal Total | F39: Rendimiento | G39: Valor-unit.
B40: =Personal!D14 -> MAESTRO (JR) | C40: 61940.706 | D40: 52649.6 | E40: 114590.31 | F40: 2 | G40: =ROUND(E40/F40,0) -> 57295
B41: =Personal!D25 -> CUADRILLA ( 2 AYUDANTES) (JR) | C41: 65361.211 | D41: 55557.03 | E41: 120918.24 | F41: 2 | G41: =ROUND(E41/F41,0) -> 60459
F43: Sub-Total | G43: =SUM(G40:G42) -> 117754
F44: Total Costo Directo | G44: =+G22+G32+G37+G43 -> 279052
B47: GUSTAVO TIRADO HERNADEZ | D47: OSCAR PINEDA MENDOZA | G47: CILIA TOBIAS CARRASCAL
B48: Contratista Secretaria De Infraestructura | D48: Contratista Secretaria De Infraestructura | G48: SECRETARIA DE INFRAESTRUCTURA
B49: Elaboró | D49: Elaboró | G49: Aprobó
B51: ¡Ahora le toca al pueblo! Dirección: Palacio de Naín - Calle 27 N 3 - 28 - Montería - Córdoba / Contacto Teléfono: 7848940 / Línea de atención gratuita: 018000400357 Email: contactenos@cordoba.gov.co - secretaria.infraestructura@cordoba.gov.co

Sheet 7.3-A.P.U
B2: ANÁLISIS DE PRECIOS UNITARIOS - A.P.U.
B4: REPÚBLICA DE COLOMBIA GOBERNACIÓN DE CORDOBA
B7: SECRETARÍA DE INFRAESTRUCTURA - DEPARTAMENTO DE CÓRDOBA
B9: MANTENIMIENTO Y ADECUACIÓN DE LA CASA DE LA MUJER UBICADA EN EL MUNICIPIO DE MONTERÍA - CÓRDOBA
B13: PROYECTO U OBRA: | D13: DESCRIPCIÓN DEL ÍTEM:
B14: =B9 -> MANTENIMIENTO Y ADECUACIÓN DE LA CASA DE LA MUJER UBICADA EN EL MUNICIPIO DE MONTERÍA - CÓRDOBA | D14: ='PRESUPUESTO GENERAL'!#REF! -> #REF!
B15: ÍTEM: | C15: ='PRESUPUESTO GENERAL'!C40 -> 5.10 | D15: UNIDAD: | E15: ='PRESUPUESTO GENERAL'!E31 -> und | F15: CANTIDAD: | G15: ='PRESUPUESTO GENERAL'!F40 -> 18.7
B17: 1. EQUIPOS
B18: Descripción | D18: Cantidad | E18: Tarifa/Dia | F18: Rendimiento | G18: Valor-unit.
B19: Juego de herramientas menores | D19: 1 | E19: 5000 | F19: 0.6 | G19: =(D19*E19)/F19 -> 8333.3333
F22: Sub-Total | G22: =SUM(G19:G21) -> 8333.3333
B23: 2. MATERIALES EN OBRA
B24: Descripción | D24: unidad | E24: Precio-unit. | F24: Cantidad | G24: Valor-unit.
B25: lamina en acero inoxidable | D25: und | E25: 295500 | F25: 1.1 | G25: =ROUND(E25*F25,0) -> 325050
B26: tubo lam cr c20 1 x 1 | D26: und | E26: 16541 | F26: 0.128 | G26: =ROUND(E26*F26,0) -> 2117
B27: Remache pot 4 x 4 | D27: und | E27: 35 | F27: 12.2 | G27: =ROUND(E27*F27,0) -> 427
B28: Soldadura acero inoxidable | D28: kls | E28: 23850 | F28: 0.109 | G28: =ROUND(E28*F28,0) -> 2600
B29: perno | D29: und | E29: 3392 | F29: 3.5 | G29: =ROUND(E29*F29,0) -> 11872
B30: platina | D30: und | E30: 12400 | F30: 0.01 | G30: =ROUND(E30*F30,0) -> 124
F31: Sub-Total | G31: =SUM(G25:G30) -> 342190
B32: 3. TRANSPORTES
B33: Material | D33: Cantidad | E33: Rendimiento/Dia | F33: Tarifa | G33: Valor-unit.
F36: Sub-Total | G36: =SUM(G34:G35) -> 0
B37: 4. MANO DE OBRA
B38: Trabajador | C38: Jornal | D38: Prestaciones | E38: Jornal Total | F38: Rendimiento | G38: Valor-unit.
B39: =Personal!D14 -> MAESTRO (JR) | C39: 61940.706 | D39: 52649.6 | E39: 114590.31 | F39: 2 | G39: =ROUND(E39/F39,0) -> 57295
B40: =Personal!D25 -> CUADRILLA ( 2 AYUDANTES) (JR) | C40: 65361.211 | D40: 55557.03 | E40: 120918.24 | F40: 2 | G40: =ROUND(E40/F40,0) -> 60459
F42: Sub-Total | G42: =SUM(G39:G41) -> 117754
F43: Total Costo Directo | G43: =+G22+G31+G36+G42 -> 468277.33
B46: GUSTAVO TIRADO HERNADEZ | D46: OSCAR PINEDA MENDOZA | G46: CILIA TOBIAS CARRASCAL
B47: Contratista Secretaria De Infraestructura | D47: Contratista Secretaria De Infraestructura | G47: SECRETARIA DE INFRAESTRUCTURA
B48: Elaboró | D48: Elaboró | G48: Aprobó
B50: ¡Ahora le toca al pueblo! Dirección: Palacio de Naín - Calle 27 N 3 - 28 - Montería - Córdoba / Contacto Teléfono: 7848940 / Línea de atención gratuita: 018000400357 Email: contactenos@cordoba.gov.co - secretaria.infraestructura@cordoba.gov.co

Sheet 8.1-A.P.U
B2: ANÁLISIS DE PRECIOS UNITARIOS - A.P.U.
B4: REPÚBLICA DE COLOMBIA GOBERNACIÓN DE CORDOBA
B7: SECRETARÍA DE INFRAESTRUCTURA - DEPARTAMENTO DE CÓRDOBA
B9: MANTENIMIENTO Y ADECUACIÓN DE LA CASA DE LA MUJER UBICADA EN EL MUNICIPIO DE MONTERÍA - CÓRDOBA
B13: PROYECTO U OBRA: | D13: DESCRIPCIÓN DEL ÍTEM:
B14: =B9 -> MANTENIMIENTO Y ADECUACIÓN DE LA CASA DE LA MUJER UBICADA EN EL MUNICIPIO DE MONTERÍA - CÓRDOBA | D14: ='PRESUPUESTO GENERAL'!#REF! -> #REF!
B15: ÍTEM: | C15: ='PRESUPUESTO GENERAL'!#REF! -> #REF! | D15: UNIDAD: | E15: ='PRESUPUESTO GENERAL'!#REF! -> #REF! | F15: CANTIDAD: | G15: ='PRESUPUESTO GENERAL'!#REF! -> #REF!
B17: 1. EQUIPOS
B18: Descripción | D18: Cantidad | E18: Tarifa/Dia | F18: Rendimiento | G18: Valor-unit.
B19: Juego de herramientas menores | D19: 1 | E19: 2200 | F19: 2.2 | G19: =(D19*E19)/F19 -> 1000
B20: andamio | D20: 1 | E20: 1100 | F20: 0.3 | G20: =(D20*E20)/F20 -> 3666.6667
F22: Sub-Total | G22: =SUM(G19:G21) -> 4666.6667
B23: 2. MATERIALES EN OBRA
B24: Descripción | D24: unidad | E24: Precio-unit. | F24: Cantidad | G24: Valor-unit.
B25: Espejos borde pulido de 4mm con perfil flotado | D25: und | E25: 180000 | F25: 1 | G25: =ROUND(E25*F25,0) -> 180000
F30: Sub-Total | G30: =SUM(G25:G29) -> 180000
B31: 3. TRANSPORTES
B32: Material | D32: Cantidad | E32: Rendimiento/Dia | F32: Tarifa | G32: Valor-unit.
F35: Sub-Total | G35: =SUM(G33:G34) -> 0
B36: 4. MANO DE OBRA
B37: Trabajador | C37: Jornal | D37: Prestaciones | E37: Jornal Total | F37: Rendimiento | G37: Valor-unit.
B38: =Personal!D35 -> CUADRILLA ( OFICIAL + AYUDANTE) (JR) | C38: 79991.261 | D38: 67992.572 | E38: 147983.83 | F38: 20 | G38: =E38/F38 -> 7399.1917
F41: Sub-Total | G41: =SUM(G38:G40) -> 7399.1917
F42: Total Costo Directo | G42: =+G22+G30+G35+G41 -> 192065.86
B45: GUSTAVO TIRADO HERNADEZ | D45: OSCAR PINEDA MENDOZA | G45: CILIA TOBIAS CARRASCAL
B46: Contratista Secretaria De Infraestructura | D46: Contratista Secretaria De Infraestructura | G46: SECRETARIA DE INFRAESTRUCTURA
B47: Elaboró | D47: Elaboró | G47: Aprobó
B49: ¡Ahora le toca al pueblo! Dirección: Palacio de Naín - Calle 27 N 3 - 28 - Montería - Córdoba / Contacto Teléfono: 7848940 / Línea de atención gratuita: 018000400357 Email: contactenos@cordoba.gov.co - secretaria.infraestructura@cordoba.gov.co

Sheet 8.2-A.P.U
B2: ANÁLISIS DE PRECIOS UNITARIOS - A.P.U.
B4: REPÚBLICA DE COLOMBIA GOBERNACIÓN DE CORDOBA
B7: SECRETARÍA DE INFRAESTRUCTURA - DEPARTAMENTO DE CÓRDOBA
B9: MANTENIMIENTO Y ADECUACIÓN DE LA CASA DE LA MUJER UBICADA EN EL MUNICIPIO DE MONTERÍA - CÓRDOBA
B13: PROYECTO U OBRA: | D13: DESCRIPCIÓN DEL ÍTEM:
B14: =B9 -> MANTENIMIENTO Y ADECUACIÓN DE LA CASA DE LA MUJER UBICADA EN EL MUNICIPIO DE MONTERÍA - CÓRDOBA | D14: ='PRESUPUESTO GENERAL'!#REF! -> #REF!
B15: ÍTEM: | C15: ='PRESUPUESTO GENERAL'!#REF! -> #REF! | D15: UNIDAD: | E15: ='PRESUPUESTO GENERAL'!#REF! -> #REF! | F15: CANTIDAD: | G15: ='PRESUPUESTO GENERAL'!#REF! -> #REF!
B17: 1. EQUIPOS
B18: Descripción | D18: Cantidad | E18: Tarifa/Dia | F18: Rendimiento | G18: Valor-unit.
B19: Juego de herramientas menores | D19: 1 | E19: 2200 | F19: 2.2 | G19: =(D19*E19)/F19 -> 1000
F22: Sub-Total | G22: =SUM(G19:G21) -> 1000
B23: 2. MATERIALES EN OBRA
B24: Descripción | D24: unidad | E24: Precio-unit. | F24: Cantidad | G24: Valor-unit.
B25: tocador en madera cedro emtaborado con triple 4mm incluye espejo 4mm con marco} | D25: und | E25: 400000 | F25: 1 | G25: =ROUND(E25*F25,0) -> 400000
F30: Sub-Total | G30: =SUM(G25:G29) -> 400000
B31: 3. TRANSPORTES
B32: Material | D32: Cantidad | E32: Rendimiento/Dia | F32: Tarifa | G32: Valor-unit.
F35: Sub-Total | G35: =SUM(G33:G34) -> 0
B36: 4. MANO DE OBRA
B37: Trabajador | C37: Jornal | D37: Prestaciones | E37: Jornal Total | F37: Rendimiento | G37: Valor-unit.
B38: =Personal!D16 -> AYUDANTE (JR) | C38: 32680.606 | D38: 27778.515 | E38: 60459.121 | F38: 2 | G38: =E38/F38 -> 30229.56
F41: Sub-Total | G41: =SUM(G38:G40) -> 30229.56
F42: Total Costo Directo | G42: =+G22+G30+G35+G41 -> 431229.56
B45: GUSTAVO TIRADO HERNADEZ | D45: OSCAR PINEDA MENDOZA | G45: CILIA TOBIAS CARRASCAL
B46: Contratista Secretaria De Infraestructura | D46: Contratista Secretaria De Infraestructura | G46: SECRETARIA DE INFRAESTRUCTURA
B47: Elaboró | D47: Elaboró | G47: Aprobó
B49: ¡Ahora le toca al pueblo! Dirección: Palacio de Naín - Calle 27 N 3 - 28 - Montería - Córdoba / Contacto Teléfono: 7848940 / Línea de atención gratuita: 018000400357 Email: contactenos@cordoba.gov.co - secretaria.infraestructura@cordoba.gov.co

Sheet 8.3-A.P.U 
B2: ANÁLISIS DE PRECIOS UNITARIOS - A.P.U.
B4: REPÚBLICA DE COLOMBIA GOBERNACIÓN DE CORDOBA
B7: SECRETARÍA DE INFRAESTRUCTURA - DEPARTAMENTO DE CÓRDOBA
B9: MANTENIMIENTO Y ADECUACIÓN DE LA CASA DE LA MUJER UBICADA EN EL MUNICIPIO DE MONTERÍA - CÓRDOBA
B13: PROYECTO U OBRA: | D13: DESCRIPCIÓN DEL ÍTEM:
B14: =B9 -> MANTENIMIENTO Y ADECUACIÓN DE LA CASA DE LA MUJER UBICADA EN EL MUNICIPIO DE MONTERÍA - CÓRDOBA | D14: ='PRESUPUESTO GENERAL'!#REF! -> #REF!
B15: ÍTEM: | C15: ='PRESUPUESTO GENERAL'!#REF! -> #REF! | D15: UNIDAD: | E15: ='PRESUPUESTO GENERAL'!#REF! -> #REF! | F15: CANTIDAD: | G15: ='PRESUPUESTO GENERAL'!#REF! -> #REF!
B17: 1. EQUIPOS
B18: Descripción | D18: Cantidad | E18: Tarifa/Dia | F18: Rendimiento | G18: Valor-unit.
B19: Juego de herramientas menores | D19: 1 | E19: 2200 | F19: 2.2 | G19: =(D19*E19)/F19 -> 1000
F22: Sub-Total | G22: =SUM(G19:G21) -> 1000
B23: 2. MATERIALES EN OBRA
B24: Descripción | D24: unidad | E24: Precio-unit. | F24: Cantidad | G24: Valor-unit.
B25: tocador en madera cedro emtaborado con triple 4mm incluye espejo 4mm con marco} | D25: und | E25: 400000 | F25: 1 | G25: =ROUND(E25*F25,0) -> 400000
F30: Sub-Total | G30: =SUM(G25:G29) -> 400000
B31: 3. TRANSPORTES
B32: Material | D32: Cantidad | E32: Rendimiento/Dia | F32: Tarifa | G32: Valor-unit.
F35: Sub-Total | G35: =SUM(G33:G34) -> 0
B36: 4. MANO DE OBRA
B37: Trabajador | C37: Jornal | D37: Prestaciones | E37: Jornal Total | F37: Rendimiento | G37: Valor-unit.
B38: =Personal!D16 -> AYUDANTE (JR) | C38: 32680.606 | D38: 27778.515 | E38: 60459.121 | F38: 2 | G38: =E38/F38 -> 30229.56
F41: Sub-Total | G41: =SUM(G38:G40) -> 30229.56
F42: Total Costo Directo | G42: =+G22+G30+G35+G41 -> 431229.56
B45: GUSTAVO TIRADO HERNADEZ | D45: OSCAR PINEDA MENDOZA | G45: CILIA TOBIAS CARRASCAL
B46: Contratista Secretaria De Infraestructura | D46: Contratista Secretaria De Infraestructura | G46: SECRETARIA DE INFRAESTRUCTURA
B47: Elaboró | D47: Elaboró | G47: Aprobó
B49: ¡Ahora le toca al pueblo! Dirección: Palacio de Naín - Calle 27 N 3 - 28 - Montería - Córdoba / Contacto Teléfono: 7848940 / Línea de atención gratuita: 018000400357 Email: contactenos@cordoba.gov.co - secretaria.infraestructura@cordoba.gov.co

Sheet 8.4-A.P.U
B2: ANÁLISIS DE PRECIOS UNITARIOS - A.P.U.
B4: REPÚBLICA DE COLOMBIA GOBERNACIÓN DE CORDOBA
B7: SECRETARÍA DE INFRAESTRUCTURA - DEPARTAMENTO DE CÓRDOBA
B9: MANTENIMIENTO Y ADECUACIÓN DE LA CASA DE LA MUJER UBICADA EN EL MUNICIPIO DE MONTERÍA - CÓRDOBA
B13: PROYECTO U OBRA: | D13: DESCRIPCIÓN DEL ÍTEM:
B14: =B9 -> MANTENIMIENTO Y ADECUACIÓN DE LA CASA DE LA MUJER UBICADA EN EL MUNICIPIO DE MONTERÍA - CÓRDOBA | D14: ='PRESUPUESTO GENERAL'!#REF! -> #REF!
B15: ÍTEM: | C15: ='PRESUPUESTO GENERAL'!#REF! -> #REF! | D15: UNIDAD: | E15: ='PRESUPUESTO GENERAL'!#REF! -> #REF! | F15: CANTIDAD: | G15: ='PRESUPUESTO GENERAL'!#REF! -> #REF!
B17: 1. EQUIPOS
B18: Descripción | D18: Cantidad | E18: Tarifa/Dia | F18: Rendimiento | G18: Valor-unit.
B19: Juego de herramientas menores | D19: 1 | E19: 2200 | F19: 2.2 | G19: =(D19*E19)/F19 -> 1000
F22: Sub-Total | G22: =SUM(G19:G21) -> 1000
B23: 2. MATERIALES EN OBRA
B24: Descripción | D24: unidad | E24: Precio-unit. | F24: Cantidad | G24: Valor-unit.
B25: tocador en madera cedro emtaborado con triple 4mm incluye espejo 4mm con marco} | D25: und | E25: 400000 | F25: 1 | G25: =ROUND(E25*F25,0) -> 400000
F30: Sub-Total | G30: =SUM(G25:G29) -> 400000
B31: 3. TRANSPORTES
B32: Material | D32: Cantidad | E32: Rendimiento/Dia | F32: Tarifa | G32: Valor-unit.
F35: Sub-Total | G35: =SUM(G33:G34) -> 0
B36: 4. MANO DE OBRA
B37: Trabajador | C37: Jornal | D37: Prestaciones | E37: Jornal Total | F37: Rendimiento | G37: Valor-unit.
B38: =Personal!D16 -> AYUDANTE (JR) | C38: 32680.606 | D38: 27778.515 | E38: 60459.121 | F38: 2 | G38: =E38/F38 -> 30229.56
F41: Sub-Total | G41: =SUM(G38:G40) -> 30229.56
F42: Total Costo Directo | G42: =+G22+G30+G35+G41 -> 431229.56
B45: GUSTAVO TIRADO HERNADEZ | D45: OSCAR PINEDA MENDOZA | G45: CILIA TOBIAS CARRASCAL
B46: Contratista Secretaria De Infraestructura | D46: Contratista Secretaria De Infraestructura | G46: SECRETARIA DE INFRAESTRUCTURA
B47: Elaboró | D47: Elaboró | G47: Aprobó
B49: ¡Ahora le toca al pueblo! Dirección: Palacio de Naín - Calle 27 N 3 - 28 - Montería - Córdoba / Contacto Teléfono: 7848940 / Línea de atención gratuita: 018000400357 Email: contactenos@cordoba.gov.co - secretaria.infraestructura@cordoba.gov.co

Sheet 9,1-A.P.U
B2: ANÁLISIS DE PRECIOS UNITARIOS - A.P.U.
B4: REPÚBLICA DE COLOMBIA GOBERNACIÓN DE CORDOBA
B7: SECRETARÍA DE INFRAESTRUCTURA - DEPARTAMENTO DE CÓRDOBA
B9: MANTENIMIENTO Y ADECUACIÓN DE LA CASA DE LA MUJER UBICADA EN EL MUNICIPIO DE MONTERÍA - CÓRDOBA
B13: PROYECTO U OBRA: | D13: DESCRIPCIÓN DEL ÍTEM:
B14: =B9 -> MANTENIMIENTO Y ADECUACIÓN DE LA CASA DE LA MUJER UBICADA EN EL MUNICIPIO DE MONTERÍA - CÓRDOBA | D14: ='PRESUPUESTO GENERAL'!D44 -> SUMINISTRO E INSTALACIÓN DE LUMINARIAS LED DE 18 W, CIRCULAR. PARA EMPOTRAR.
B15: ÍTEM: | C15: ='PRESUPUESTO GENERAL'!C44 -> 6.1.1 | D15: UNIDAD: | E15: ='PRESUPUESTO GENERAL'!E44 -> UND | F15: CANTIDAD: | G15: ='PRESUPUESTO GENERAL'!F44 -> 40
B17: 1. EQUIPOS
B18: Descripción | D18: Cantidad | E18: Tarifa/Dia | F18: Rendimiento | G18: Valor-unit.
B19: Juego de herramientas menores | D19: 1 | E19: 179 | F19: 9 | G19: =(D19*E19)/F19 -> 19.888889
B20: Escalera de tijera 2.4 | D20: 1 | E20: 805 | F20: 9 | G20: =(D20*E20)/F20 -> 89.444444
B21: Pinza voltiamperimetrica | D21: 1 | E21: 302 | F21: 9 | G21: =(D21*E21)/F21 -> 33.555556
F22: Sub-Total | G22: =SUM(G19:G21) -> 142.88889
B23: 2. MATERIALES EN OBRA
B24: Descripción | D24: unidad | E24: Precio-unit. | F24: Cantidad | G24: Valor-unit.
B25: clavija en caucho polo a tierra | D25: und | E25: 6400 | F25: 2 | G25: =ROUND(E25*F25,0) -> 12800
B26: panel led de 12 w luz blanca | D26: und | E26: 25900 | F26: 1 | G26: =ROUND(E26*F26,0) -> 25900
F30: Sub-Total | G30: =SUM(G25:G29) -> 38700
B31: 3. TRANSPORTES
B32: Material | D32: Cantidad | E32: Rendimiento/Dia | F32: Tarifa | G32: Valor-unit.
F35: Sub-Total | G35: =SUM(G33:G34) -> 0
B36: 4. MANO DE OBRA
B37: Trabajador | C37: Jornal | D37: Prestaciones | E37: Jornal Total | F37: Rendimiento | G37: Valor-unit.
B38: =Personal!D20 -> TÉCNICO ELÉCTRICO (JR) | C38: 61940.706 | D38: 52649.6 | E38: 114590.31 | F38: 10 | G38: =E38/F38 -> 11459.031
B39: =Personal!D16 -> AYUDANTE (JR) | C39: 32680.606 | D39: 27778.515 | E39: 60459.121 | F39: 10 | G39: =E39/F39 -> 6045.9121
F41: Sub-Total | G41: =SUM(G38:G40) -> 17504.943
F42: Total Costo Directo | G42: =+G22+G30+G35+G41 -> 56347.831
B45: GEBILIER RAMOS | G45: CILIA TOBIAS CARRASCAL
B46: Ing. Electrico Contratista Secretaria De Infraestructura | G46: SECRETARIA DE INFRAESTRUCTURA
B47: Elaboró | G47: Aprobó
B49: ¡Ahora le toca al pueblo! Dirección: Palacio de Naín - Calle 27 N 3 - 28 - Montería - Córdoba / Contacto Teléfono: 7848940 / Línea de atención gratuita: 018000400357 Email: contactenos@cordoba.gov.co - secretaria.infraestructura@cordoba.gov.co

Sheet 9.2-A.P.U
B2: ANÁLISIS DE PRECIOS UNITARIOS - A.P.U.
B4: REPÚBLICA DE COLOMBIA GOBERNACIÓN DE CORDOBA
B7: SECRETARÍA DE INFRAESTRUCTURA - DEPARTAMENTO DE CÓRDOBA
B9: MANTENIMIENTO Y ADECUACIÓN DE LA CASA DE LA MUJER UBICADA EN EL MUNICIPIO DE MONTERÍA - CÓRDOBA
B13: PROYECTO U OBRA: | D13: DESCRIPCIÓN DEL ÍTEM:
B14: =B9 -> MANTENIMIENTO Y ADECUACIÓN DE LA CASA DE LA MUJER UBICADA EN EL MUNICIPIO DE MONTERÍA - CÓRDOBA | D14: ='PRESUPUESTO GENERAL'!D45 -> SUMINISTRO E INSTALACIÓN DE TOMACORRIENTE NORMAL, 120 V.
B15: ÍTEM: | C15: ='PRESUPUESTO GENERAL'!C45 -> 6.1.2 | D15: UNIDAD: | E15: ='PRESUPUESTO GENERAL'!E44 -> UND | F15: CANTIDAD: | G15: ='PRESUPUESTO GENERAL'!F45 -> 30
B17: 1. EQUIPOS
B18: Descripción | D18: Cantidad | E18: Tarifa/Dia | F18: Rendimiento | G18: Valor-unit.
B19: Juego de herramientas menores | D19: 1 | E19: 179 | F19: 9 | G19: =(D19*E19)/F19 -> 19.888889
B20: Escalera de tijera 2.4 | D20: 1 | E20: 805 | F20: 9 | G20: =(D20*E20)/F20 -> 89.444444
B21: taladro percutor | D21: 1 | E21: 2415 | F21: 9 | G21: =(D21*E21)/F21 -> 268.33333
B22: herramienta de impacto | D22: 1 | E22: 2919 | F22: 9 | G22: =(D22*E22)/F22 -> 324.33333
B23: Pinza voltiamperimetrica | D23: 1 | E23: 302 | F23: 9 | G23: =(D23*E23)/F23 -> 33.555556
F24: Sub-Total | G24: =SUM(G19:G23) -> 735.55556
B25: 2. MATERIALES EN OBRA
B26: Descripción | D26: unidad | E26: Precio-unit. | F26: Cantidad | G26: Valor-unit.
B27: accesorio de fijación | D27: gl | E27: 8000 | F27: 1 | G27: =ROUND(E27*F27,0) -> 8000
F31: Sub-Total | G31: =SUM(G27:G30) -> 8000
B32: 3. TRANSPORTES
B33: Material | D33: Cantidad | E33: Rendimiento/Dia | F33: Tarifa | G33: Valor-unit.
F36: Sub-Total | G36: =SUM(G34:G35) -> 0
B37: 4. MANO DE OBRA
B38: Trabajador | C38: Jornal | D38: Prestaciones | E38: Jornal Total | F38: Rendimiento | G38: Valor-unit.
B39: =Personal!D20 -> TÉCNICO ELÉCTRICO (JR) | C39: 61940.706 | D39: 52649.6 | E39: 114590.31 | F39: 5 | G39: =E39/F39 -> 22918.061
B40: =Personal!D16 -> AYUDANTE (JR) | C40: 32680.606 | D40: 27778.515 | E40: 60459.121 | F40: 5 | G40: =E40/F40 -> 12091.824
F42: Sub-Total | G42: =SUM(G39:G41) -> 35009.885
F43: Total Costo Directo | G43: =+G24+G31+G36+G42 -> 43745.441
B46: GEBILIER RAMOS | G46: CILIA TOBIAS CARRASCAL
B47: Ing. Electrico Contratista Secretaria De Infraestructura | G47: SECRETARIA DE INFRAESTRUCTURA
B48: Elaboró | G48: Aprobó
B50: ¡Ahora le toca al pueblo! Dirección: Palacio de Naín - Calle 27 N 3 - 28 - Montería - Córdoba / Contacto Teléfono: 7848940 / Línea de atención gratuita: 018000400357 Email: contactenos@cordoba.gov.co - secretaria.infraestructura@cordoba.gov.co

Sheet 9.3-A.P.U
B2: ANÁLISIS DE PRECIOS UNITARIOS - A.P.U.
B4: REPÚBLICA DE COLOMBIA GOBERNACIÓN DE CORDOBA
B7: SECRETARÍA DE INFRAESTRUCTURA - DEPARTAMENTO DE CÓRDOBA
B9: MANTENIMIENTO Y ADECUACIÓN DE LA CASA DE LA MUJER UBICADA EN EL MUNICIPIO DE MONTERÍA - CÓRDOBA
B13: PROYECTO U OBRA: | D13: DESCRIPCIÓN DEL ÍTEM:
B14: =B9 -> MANTENIMIENTO Y ADECUACIÓN DE LA CASA DE LA MUJER UBICADA EN EL MUNICIPIO DE MONTERÍA - CÓRDOBA | D14: ='PRESUPUESTO GENERAL'!D46 -> SUMINISTRO, MONTAJE E INSTALACIÓN DE VENTILADOR DE TECHO.
B15: ÍTEM: | C15: ='PRESUPUESTO GENERAL'!C46 -> 6.1.3 | D15: UNIDAD: | E15: ='PRESUPUESTO GENERAL'!E44 -> UND | F15: CANTIDAD: | G15: ='PRESUPUESTO GENERAL'!F46 -> 4
B17: 1. EQUIPOS
B18: Descripción | D18: Cantidad | E18: Tarifa/Dia | F18: Rendimiento | G18: Valor-unit.
B19: Juego de herramientas menores | D19: 1 | E19: 179 | F19: 9 | G19: =(D19*E19)/F19 -> 19.888889
B20: Escalera de tijera 2.4 | D20: 1 | E20: 805 | F20: 9 | G20: =(D20*E20)/F20 -> 89.444444
B21: taladro percutor | D21: 1 | E21: 2415 | F21: 9 | G21: =(D21*E21)/F21 -> 268.33333
B22: herramienta de impacto | D22: 1 | E22: 2919 | F22: 9 | G22: =(D22*E22)/F22 -> 324.33333
B23: Pinza voltiamperimetrica | D23: 1 | E23: 302 | F23: 9 | G23: =(D23*E23)/F23 -> 33.555556
F24: Sub-Total | G24: =SUM(G19:G23) -> 735.55556
B25: 2. MATERIALES EN OBRA
B26: Descripción | D26: unidad | E26: Precio-unit. | F26: Cantidad | G26: Valor-unit.
B27: ventilador giratorio a 120 v | D27: und | E27: 200000 | F27: 1 | G27: =ROUND(E27*F27,0) -> 200000
B28: accesorio de fijación | D28: gl | E28: 8000 | F28: 1 | G28: =ROUND(E28*F28,0) -> 8000
F32: Sub-Total | G32: =SUM(G27:G31) -> 208000
B33: 3. TRANSPORTES
B34: Material | D34: Cantidad | E34: Rendimiento/Dia | F34: Tarifa | G34: Valor-unit.
F37: Sub-Total | G37: =SUM(G35:G36) -> 0
B38: 4. MANO DE OBRA
B39: Trabajador | C39: Jornal | D39: Prestaciones | E39: Jornal Total | F39: Rendimiento | G39: Valor-unit.
B40: =Personal!D20 -> TÉCNICO ELÉCTRICO (JR) | C40: 61940.706 | D40: 52649.6 | E40: 114590.31 | F40: 9 | G40: =E40/F40 -> 12732.256
B41: =Personal!D16 -> AYUDANTE (JR) | C41: 32680.606 | D41: 27778.515 | E41: 60459.121 | F41: 9 | G41: =E41/F41 -> 6717.6801
F43: Sub-Total | G43: =SUM(G40:G42) -> 19449.936
F44: Total Costo Directo | G44: =+G24+G32+G37+G43 -> 228185.49
B47: GEBILIER RAMOS | G47: CILIA TOBIAS CARRASCAL
B48: Ing. Electrico Contratista Secretaria De Infraestructura | G48: SECRETARIA DE INFRAESTRUCTURA
B49: Elaboró | G49: Aprobó
B51: ¡Ahora le toca al pueblo! Dirección: Palacio de Naín - Calle 27 N 3 - 28 - Montería - Córdoba / Contacto Teléfono: 7848940 / Línea de atención gratuita: 018000400357 Email: contactenos@cordoba.gov.co - secretaria.infraestructura@cordoba.gov.co

Sheet 9.4-A.P.U
B2: ANÁLISIS DE PRECIOS UNITARIOS - A.P.U.
B4: REPÚBLICA DE COLOMBIA GOBERNACIÓN DE CORDOBA
B7: SECRETARÍA DE INFRAESTRUCTURA - DEPARTAMENTO DE CÓRDOBA
B9: MANTENIMIENTO Y ADECUACIÓN DE LA CASA DE LA MUJER UBICADA EN EL MUNICIPIO DE MONTERÍA - CÓRDOBA
B13: PROYECTO U OBRA: | D13: DESCRIPCIÓN DEL ÍTEM:
B14: =B9 -> MANTENIMIENTO Y ADECUACIÓN DE LA CASA DE LA MUJER UBICADA EN EL MUNICIPIO DE MONTERÍA - CÓRDOBA | D14: ='PRESUPUESTO GENERAL'!D47 -> AIRE ACONDICIONADO
B15: ÍTEM: | C15: ='PRESUPUESTO GENERAL'!C47 -> 6.2 | D15: UNIDAD: | E15: ='PRESUPUESTO GENERAL'!E47 -> 0 | F15: CANTIDAD: | G15: ='PRESUPUESTO GENERAL'!F47 -> 0
B17: 1. EQUIPOS
B18: Descripción | D18: Cantidad | E18: Tarifa/Dia | F18: Rendimiento | G18: Valor-unit.
B19: Juego de herramientas menores | D19: 1 | E19: 179 | F19: 9 | G19: =(D19*E19)/F19 -> 19.888889
B20: Escalera de tijera 2.4 | D20: 1 | E20: 805 | F20: 9 | G20: =(D20*E20)/F20 -> 89.444444
B21: Pinza voltiamperimetrica | D21: 1 | E21: 302 | F21: 9 | G21: =(D21*E21)/F21 -> 33.555556
F22: Sub-Total | G22: =SUM(G19:G21) -> 142.88889
B23: 2. MATERIALES EN OBRA
B24: Descripción | D24: unidad | E24: Precio-unit. | F24: Cantidad | G24: Valor-unit.
B25: Conduit PVC 1/2" SCH 40 | D25: Ml | E25: 4500 | F25: 6 | G25: =F25*E25 -> 27000
B26: Conduit PVC 3/4" SCH 40 | D26: Ml | E26: 5250 | F26: 2 | G26: =F26*E26 -> 10500
B27: Alambre de cobre THHN No. 12 | D27: Ml | E27: 1575 | F27: 15 | G27: =F27*E27 -> 23625
B28: toma corriente doble | D28: Un | E28: 12000 | F28: 1 | G28: =F28*E28 -> 12000
B29: Caja PVC 2"x4" | D29: Un | E29: 1200 | F29: 1 | G29: =F29*E29 -> 1200
B30: Caja PVC 4"x4" | D30: Un | E30: 1500 | F30: 2 | G30: =F30*E30 -> 3000
B31: Curva PVC 1/2" | D31: Un | E31: 450 | F31: 1 | G31: =F31*E31 -> 450
B32: Curva PVC 3/4" | D32: Un | E32: 750 | F32: 1 | G32: =F32*E32 -> 750
B33: Tapa ciega PVC para caja 4x4 | D33: Un | E33: 750 | F33: 2 | G33: =F33*E33 -> 1500
B34: Adaptador PVC 1/2" | D34: Un | E34: 375 | F34: 2 | G34: =F34*E34 -> 750
B35: Adaptador PVC 3/4" | D35: Un | E35: 525 | F35: 2 | G35: =F35*E35 -> 1050
B36: Tapa ciega PVC Octogonal | D36: Un | E36: 900 | F36: 2 | G36: =F36*E36 -> 1800
... B41: Accesorios de fijación | D41: Gl | E41: 4000 | F41: 1 | G41: =F41*E41 -> 4000
F42: Sub-Total | G42: =SUM(G25:G41) -> 93619
B43: 3. TRANSPORTES
B44: Material | D44: Cantidad | E44: Rendimiento/Dia | F44: Tarifa | G44: Valor-unit.
F47: Sub-Total | G47: =SUM(G45:G46) -> 0
B48: 4. MANO DE OBRA
B49: Trabajador | C49: Jornal | D49: Prestaciones | E49: Jornal Total | F49: Rendimiento | G49: Valor-unit.
B50: =Personal!D20 -> TÉCNICO ELÉCTRICO (JR) | C50: 61940.706 | D50: 52649.6 | E50: 114590.31 | F50: 7 | G50: =E50/F50 -> 16370.044
B51: =Personal!D16 -> AYUDANTE (JR) | C51: 32680.606 | D51: 27778.515 | E51: 60459.121 | F51: 7 | G51: =E51/F51 -> 8637.0172
F53: Sub-Total | G53: =SUM(G50:G52) -> 25007.061
F54: Total Costo Directo | G54: =+G22+G42+G47+G53 -> 118768.95
B57: GEBILIER RAMOS | G57: CILIA TOBIAS CARRASCAL
B58: Ing. Electrico Contratista Secretaria De Infraestructura | G58: SECRETARIA DE INFRAESTRUCTURA
B59: Elaboró | G59: Aprobó
B61: ¡Ahora le toca al pueblo! Dirección: Palacio de Naín - Calle 27 N 3 - 28 - Montería - Córdoba / Contacto Teléfono: 7848940 / Línea de atención gratuita: 018000400357 Email: contactenos@cordoba.gov.co - secretaria.infraestructura@cordoba.gov.co

Sheet 9.5-A.P.U
B2: ANÁLISIS DE PRECIOS UNITARIOS - A.P.U.
B4: REPÚBLICA DE COLOMBIA GOBERNACIÓN DE CORDOBA
B7: SECRETARÍA DE INFRAESTRUCTURA - DEPARTAMENTO DE CÓRDOBA
B9: MANTENIMIENTO Y MEJORAS LOCATIVAS EN DIFERENTES PUNTOS DEL BIBLIOPARQUE DAVID SANCHEZ JULIAO UBICADO EN EL BARRIO VILLA MELISA, DEL MUNICIPIO DE MONTERÍA-CORDOBA
B13: PROYECTO U OBRA: | D13: DESCRIPCIÓN DEL ÍTEM:
B14: =B9 -> MANTENIMIENTO Y MEJORAS LOCATIVAS EN DIFERENTES PUNTOS DEL BIBLIOPARQUE DAVID SANCHEZ JULIAO UBICADO EN EL BARRIO VILLA MELISA, DEL MUNICIPIO DE MONTERÍA-CORDOBA | D14: ='PRESUPUESTO GENERAL'!D48 -> MANTENIMIENTO PREVENTIVO DE UNIDADES MANEJADORAS Y CONDENSADORAS DE AIRE ACONDICIONADOS.
B15: ÍTEM: | C15: ='PRESUPUESTO GENERAL'!C48 -> 6.2.1 | D15: UNIDAD: | E15: ='PRESUPUESTO GENERAL'!E47 -> 0 | F15: CANTIDAD: | G15: ='PRESUPUESTO GENERAL'!F48 -> 12
B17: 1. EQUIPOS
B18: Descripción | D18: Cantidad | E18: Tarifa/Dia | F18: Rendimiento | G18: Valor-unit.
B19: Juego de herramientas menores | D19: 1 | E19: 179 | F19: 10 | G19: =(D19*E19)/F19 -> 17.9
B20: Escalera de tijera 2.4 | D20: 1 | E20: 805 | F20: 10 | G20: =(D20*E20)/F20 -> 80.5
B21: Pinza voltiamperimetrica | D21: 1 | E21: 302 | F21: 10 | G21: =(D21*E21)/F21 -> 30.2
F22: Sub-Total | G22: =SUM(G19:G21) -> 128.6
B23: 2. MATERIALES EN OBRA
B24: Descripción | D24: unidad | E24: Precio-unit. | F24: Cantidad | G24: Valor-unit.
B25: toma corriente doble | D25: unidad | E25: 12000 | F25: 1 | G25: =F25*E25 -> 12000
B26: Caja PVC 2"x4" | D26: unidad | E26: 1200 | F26: 1 | G26: =F26*E26 -> 1200
B27: Accesorios de fijación | D27: global | E27: 4000 | F27: 1 | G27: =F27*E27 -> 4000
F30: Sub-Total | G30: =SUM(G25:G29) -> 17200
B31: 3. TRANSPORTES
B32: Material | D32: Cantidad | E32: Rendimiento/Dia | F32: Tarifa | G32: Valor-unit.
F35: Sub-Total | G35: =SUM(G33:G34) -> 0
B36: 4. MANO DE OBRA
B37: Trabajador | C37: Jornal | D37: Prestaciones | E37: Jornal Total | F37: Rendimiento | G37: Valor-unit.
B38: =Personal!D20 -> TÉCNICO ELÉCTRICO (JR) | C38: 61940.706 | D38: 52649.6 | E38: 114590.31 | F38: 10 | G38: =E38/F38 -> 11459.031
B39: =Personal!D16 -> AYUDANTE (JR) | C39: 32680.606 | D39: 27778.515 | E39: 60459.121 | F39: 10 | G39: =E39/F39 -> 6045.9121
F41: Sub-Total | G41: =SUM(G38:G40) -> 17504.943
F42: Total Costo Directo | G42: =+G22+G30+G35+G41 -> 34833.543
B45: GEBILIER RAMOS | G45: CILIA TOBIAS CARRASCAL
B46: Ing. Electrico Contratista Secretaria De Infraestructura | G46: SECRETARIA DE INFRAESTRUCTURA
B47: Elaboró | G47: Aprobó
B49: ¡Ahora le toca al pueblo! Dirección: Palacio de Naín - Calle 27 N 3 - 28 - Montería - Córdoba / Contacto Teléfono: 7848940 / Línea de atención gratuita: 018000400357 Email: contactenos@cordoba.gov.co - secretaria.infraestructura@cordoba.gov.co

Sheet 9.6-A.P.U
B2: ANÁLISIS DE PRECIOS UNITARIOS - A.P.U.
B4: REPÚBLICA DE COLOMBIA GOBERNACIÓN DE CORDOBA
B7: SECRETARÍA DE INFRAESTRUCTURA - DEPARTAMENTO DE CÓRDOBA
B9: MANTENIMIENTO Y MEJORAS LOCATIVAS EN DIFERENTES PUNTOS DEL BIBLIOPARQUE DAVID SANCHEZ JULIAO UBICADO EN EL BARRIO VILLA MELISA, DEL MUNICIPIO DE MONTERÍA-CORDOBA
B13: PROYECTO U OBRA: | D13: DESCRIPCIÓN DEL ÍTEM:
B14: =B9 -> MANTENIMIENTO Y MEJORAS LOCATIVAS EN DIFERENTES PUNTOS DEL BIBLIOPARQUE DAVID SANCHEZ JULIAO UBICADO EN EL BARRIO VILLA MELISA, DEL MUNICIPIO DE MONTERÍA-CORDOBA | D14: ='PRESUPUESTO GENERAL'!D49 -> ACOMETIDAS Y ALIMENTADORES ELECTRICOS
B15: ÍTEM: | C15: ='PRESUPUESTO GENERAL'!C49 -> 6.3 | D15: UNIDAD: | E15: ='PRESUPUESTO GENERAL'!E47 -> 0 | F15: CANTIDAD: | G15: ='PRESUPUESTO GENERAL'!F49 -> 0
B17: 1. EQUIPOS
B18: Descripción | D18: Cantidad | E18: Tarifa/Dia | F18: Rendimiento | G18: Valor-unit.
B19: Juego de herramientas menores | D19: 1 | E19: 179 | F19: 10 | G19: =(D19*E19)/F19 -> 17.9
B20: Escalera de tijera 2.4 | D20: 1 | E20: 805 | F20: 10 | G20: =(D20*E20)/F20 -> 80.5
B21: Pinza voltiamperimetrica | D21: 1 | E21: 302 | F21: 10 | G21: =(D21*E21)/F21 -> 30.2
F22: Sub-Total | G22: =SUM(G19:G21) -> 128.6
B23: 2. MATERIALES EN OBRA
B24: Descripción | D24: unidad | E24: Precio-unit. | F24: Cantidad | G24: Valor-unit.
B25: interruptor doble | D25: unidad | E25: 12000 | F25: 1 | G25: =F25*E25 -> 12000
B26: Caja PVC 2"x4" | D26: unidad | E26: 1200 | F26: 1 | G26: =F26*E26 -> 1200
B27: Accesorios de fijación | D27: global | E27: 4000 | F27: 1 | G27: =F27*E27 -> 4000
F30: Sub-Total | G30: =SUM(G25:G29) -> 17200
B31: 3. TRANSPORTES
B32: Material | D32: Cantidad | E32: Rendimiento/Dia | F32: Tarifa | G32: Valor-unit.
F35: Sub-Total | G35: =SUM(G33:G34) -> 0
B36: 4. MANO DE OBRA
B37: Trabajador | C37: Jornal | D37: Prestaciones | E37: Jornal Total | F37: Rendimiento | G37: Valor-unit.
B38: =Personal!D20 -> TÉCNICO ELÉCTRICO (JR) | C38: 61940.706 | D38: 52649.6 | E38: 114590.31 | F38: 10 | G38: =E38/F38 -> 11459.031
B39: =Personal!D16 -> AYUDANTE (JR) | C39: 32680.606 | D39: 27778.515 | E39: 60459.121 | F39: 10 | G39: =E39/F39 -> 6045.9121
F41: Sub-Total | G41: =SUM(G38:G40) -> 17504.943
F42: Total Costo Directo | G42: =+G22+G30+G35+G41 -> 34833.543
B45: GEBILIER RAMOS | G45: CILIA TOBIAS CARRASCAL
B46: Ing. Electrico Contratista Secretaria De Infraestructura | G46: SECRETARIA DE INFRAESTRUCTURA
B47: Elaboró | G47: Aprobó
B49: ¡Ahora le toca al pueblo! Dirección: Palacio de Naín - Calle 27 N 3 - 28 - Montería - Córdoba / Contacto Teléfono: 7848940 / Línea de atención gratuita: 018000400357 Email: contactenos@cordoba.gov.co - secretaria.infraestructura@cordoba.gov.co

Sheet 9.7-A.P.U
B2: ANÁLISIS DE PRECIOS UNITARIOS - A.P.U.
B4: REPÚBLICA DE COLOMBIA GOBERNACIÓN DE CORDOBA
B7: SECRETARÍA DE INFRAESTRUCTURA - DEPARTAMENTO DE CÓRDOBA
B9: MANTENIMIENTO Y MEJORAS LOCATIVAS EN DIFERENTES PUNTOS DEL BIBLIOPARQUE DAVID SANCHEZ JULIAO UBICADO EN EL BARRIO VILLA MELISA, DEL MUNICIPIO DE MONTERÍA-CORDOBA
B13: PROYECTO U OBRA: | D13: DESCRIPCIÓN DEL ÍTEM:
B14: =B9 -> MANTENIMIENTO Y MEJORAS LOCATIVAS EN DIFERENTES PUNTOS DEL BIBLIOPARQUE DAVID SANCHEZ JULIAO UBICADO EN EL BARRIO VILLA MELISA, DEL MUNICIPIO DE MONTERÍA-CORDOBA | D14: ='PRESUPUESTO GENERAL'!D50 -> SUMINISTRO DE CABLE DE COBRE 3 X N°2 + 1 N°2 + 1 N°2 T THWN. LIBRE DE HALOGENO. TUBERÍA EMT DE 1 1/2". ACCESORIOS PARA SU INSTALACIÓN.
B15: ÍTEM: | C15: ='PRESUPUESTO GENERAL'!C50 -> 6.3.1 | D15: UNIDAD: | E15: ='PRESUPUESTO GENERAL'!E47 -> 0 | F15: CANTIDAD: | G15: ='PRESUPUESTO GENERAL'!F50 -> 10
B17: 1. EQUIPOS
B18: Descripción | D18: Cantidad | E18: Tarifa/Dia | F18: Rendimiento | G18: Valor-unit.
B19: Juego de herramientas menores | D19: 1 | E19: 179 | F19: 0.4 | G19: =(D19*E19)/F19 -> 447.5
B20: Escalera de tijera 2.4 | D20: 1 | E20: 805 | F20: 0.4 | G20: =(D20*E20)/F20 -> 2012.5
B21: Pinza voltiamperimetrica | D21: 1 | E21: 302 | F21: 0.4 | G21: =(D21*E21)/F21 -> 755
F22: Sub-Total | G22: =SUM(G19:G21) -> 3215
B23: 2. MATERIALES EN OBRA
B24: Descripción | D24: unidad | E24: Precio-unit. | F24: Cantidad | G24: Valor-unit.
B25: Tablero de distribución Monifasico bifilar de 2 circuitos | D25: unidad | E25: 35000 | F25: 1 | G25: =F25*E25 -> 35000
B26: breaker de 20 Amperios | D26: unidad | E26: 12000 | F26: 2 | G26: =F26*E26 -> 24000
B27: Amarre plasticos de 20 cm | D27: unidad | E27: 300 | F27: 5 | G27: =F27*E27 -> 1500
B28: Accesorios de fijación para tablero de distribucion | D28: global | E28: 12000 | F28: 1 | G28: =F28*E28 -> 12000
F30: Sub-Total | G30: =SUM(G25:G29) -> 72500
B31: 3. TRANSPORTES
B32: Material | D32: Cantidad | E32: Rendimiento/Dia | F32: Tarifa | G32: Valor-unit.
F35: Sub-Total | G35: =SUM(G33:G34) -> 0
B36: 4. MANO DE OBRA
B37: Trabajador | C37: Jornal | D37: Prestaciones | E37: Jornal Total | F37: Rendimiento | G37: Valor-unit.
B38: =Personal!D20 -> TÉCNICO ELÉCTRICO (JR) | C38: 61940.706 | D38: 52649.6 | E38: 114590.31 | F38: 4 | G38: =E38/F38 -> 28647.576
B39: =Personal!D16 -> AYUDANTE (JR) | C39: 32680.606 | D39: 27778.515 | E39: 60459.121 | F39: 4 | G39: =E39/F39 -> 15114.78
F41: Sub-Total | G41: =SUM(G38:G40) -> 43762.357
F42: Total Costo Directo | G42: =+G22+G30+G35+G41 -> 119477.36
B45: GEBILIER RAMOS | G45: CILIA TOBIAS CARRASCAL
B46: Ing. Electrico Contratista Secretaria De Infraestructura | G46: SECRETARIA DE INFRAESTRUCTURA
B47: Elaboró | G47: Aprobó
B49: ¡Ahora le toca al pueblo! Dirección: Palacio de Naín - Calle 27 N 3 - 28 - Montería - Córdoba / Contacto Teléfono: 7848940 / Línea de atención gratuita: 018000400357 Email: contactenos@cordoba.gov.co - secretaria.infraestructura@cordoba.gov.co

Sheet 9,8-A.P.U
B2: ANÁLISIS DE PRECIOS UNITARIOS - A.P.U.
B4: REPÚBLICA DE COLOMBIA GOBERNACIÓN DE CORDOBA
B7: SECRETARÍA DE INFRAESTRUCTURA - DEPARTAMENTO DE CÓRDOBA
B9: MANTENIMIENTO Y MEJORAS LOCATIVAS EN DIFERENTES PUNTOS DEL BIBLIOPARQUE DAVID SANCHEZ JULIAO UBICADO EN EL BARRIO VILLA MELISA, DEL MUNICIPIO DE MONTERÍA-CORDOBA
B13: PROYECTO U OBRA: | D13: DESCRIPCIÓN DEL ÍTEM:
B14: =B9 -> MANTENIMIENTO Y MEJORAS LOCATIVAS EN DIFERENTES PUNTOS DEL BIBLIOPARQUE DAVID SANCHEZ JULIAO UBICADO EN EL BARRIO VILLA MELISA, DEL MUNICIPIO DE MONTERÍA-CORDOBA | D14: ='PRESUPUESTO GENERAL'!D51 -> SUMINISTRO DE CABLE DE COBRE 2 X N°6 + 1 N°6 + 1 N°6 T THWN. LIBRE DE HALOGENO. TUBERÍA EMT DE 1 1/4"y EMT DE 3/4". ACCESORIOS PARA SU INSTALACIÓN.
B15: ÍTEM: | C15: ='PRESUPUESTO GENERAL'!C51 -> 6.3.2 | D15: UNIDAD: | E15: ='PRESUPUESTO GENERAL'!E47 -> 0 | F15: CANTIDAD: | G15: ='PRESUPUESTO GENERAL'!F51 -> 5
B17: 1. EQUIPOS
B18: Descripción | D18: Cantidad | E18: Tarifa/Dia | F18: Rendimiento | G18: Valor-unit.
B19: Juego de herramientas menores | D19: 1 | E19: 179 | F19: 0.4 | G19: =(D19*E19)/F19 -> 447.5
B20: Escalera de tijera 2.4 | D20: 1 | E20: 805 | F20: 0.4 | G20: =(D20*E20)/F20 -> 2012.5
B21: Pinza voltiamperimetrica | D21: 1 | E21: 302 | F21: 0.4 | G21: =(D21*E21)/F21 -> 755
F22: Sub-Total | G22: =SUM(G19:G21) -> 3215
B23: 2. MATERIALES EN OBRA
B24: Descripción | D24: unidad | E24: Precio-unit. | F24: Cantidad | G24: Valor-unit.
B25: Tablero de distribución Monifasico bifilar de 2 circuitos | D25: unidad | E25: 100000 | F25: 1 | G25: =F25*E25 -> 100000
B26: breaker de 20 Amperios | D26: unidad | E26: 12000 | F26: 12 | G26: =F26*E26 -> 144000
B27: Amarre plasticos de 20 cm | D27: unidad | E27: 300 | F27: 10 | G27: =F27*E27 -> 3000
B28: Accesorios de fijación para tablero de distribucion | D28: global | E28: 15000 | F28: 1 | G28: =F28*E28 -> 15000
F30: Sub-Total | G30: =SUM(G25:G29) -> 262000
B31: 3. TRANSPORTES
B32: Material | D32: Cantidad | E32: Rendimiento/Dia | F32: Tarifa | G32: Valor-unit.
F35: Sub-Total | G35: =SUM(G33:G34) -> 0
B36: 4. MANO DE OBRA
B37: Trabajador | C37: Jornal | D37: Prestaciones | E37: Jornal Total | F37: Rendimiento | G37: Valor-unit.
B38: =Personal!D20 -> TÉCNICO ELÉCTRICO (JR) | C38: 61940.706 | D38: 52649.6 | E38: 114590.31 | F38: 2 | G38: =E38/F38 -> 57295.153
B39: =Personal!D16 -> AYUDANTE (JR) | C39: 32680.606 | D39: 27778.515 | E39: 60459.121 | F39: 2 | G39: =E39/F39 -> 30229.56
F41: Sub-Total | G41: =SUM(G38:G40) -> 87524.713
F42: Total Costo Directo | G42: =+G22+G30+G35+G41 -> 352739.71
B45: GEBILIER RAMOS | G45: CILIA TOBIAS CARRASCAL
B46: Ing. Electrico Contratista Secretaria De Infraestructura | G46: SECRETARIA DE INFRAESTRUCTURA
B47: Elaboró | G47: Aprobó
B49: ¡Ahora le toca al pueblo! Dirección: Palacio de Naín - Calle 27 N 3 - 28 - Montería - Córdoba / Contacto Teléfono: 7848940 / Línea de atención gratuita: 018000400357 Email: contactenos@cordoba.gov.co - secretaria.infraestructura@cordoba.gov.co

Sheet 9.9-A.P.U
B2: ANÁLISIS DE PRECIOS UNITARIOS - A.P.U.
B4: REPÚBLICA DE COLOMBIA GOBERNACIÓN DE CORDOBA
B7: SECRETARÍA DE INFRAESTRUCTURA - DEPARTAMENTO DE CÓRDOBA
B9: MANTENIMIENTO Y MEJORAS LOCATIVAS EN DIFERENTES PUNTOS DEL BIBLIOPARQUE DAVID SANCHEZ JULIAO UBICADO EN EL BARRIO VILLA MELISA, DEL MUNICIPIO DE MONTERÍA-CORDOBA
B13: PROYECTO U OBRA: | D13: DESCRIPCIÓN DEL ÍTEM:
B14: =B9 -> MANTENIMIENTO Y MEJORAS LOCATIVAS EN DIFERENTES PUNTOS DEL BIBLIOPARQUE DAVID SANCHEZ JULIAO UBICADO EN EL BARRIO VILLA MELISA, DEL MUNICIPIO DE MONTERÍA-CORDOBA | D14: ='PRESUPUESTO GENERAL'!D52 -> SUMINISTRO DE CABLE DE COBRE 2 X N°10 + 1 N°10 + 1 N°10 T THWN. LIBRE DE HALOGENO. TUBERÍA EMT DE 3/4". ACCESORIOS PARA SU INSTALACIÓN.
B15: ÍTEM: | C15: ='PRESUPUESTO GENERAL'!C52 -> 6.3.3 | D15: UNIDAD: | E15: ='PRESUPUESTO GENERAL'!E47 -> 0 | F15: CANTIDAD: | G15: ='PRESUPUESTO GENERAL'!F52 -> 120
B17: 1. EQUIPOS
B18: Descripción | D18: Cantidad | E18: Tarifa/Dia | F18: Rendimiento | G18: Valor-unit.
B19: Juego de herramientas menores | D19: 1 | E19: 179 | F19: 9 | G19: =(D19*E19)/F19 -> 19.888889
B20: taladro percutor | D20: 1 | E20: 2415 | F20: 9 | G20: =(D20*E20)/F20 -> 268.33333
B21: herramienta de impacto | D21: 1 | E21: 2919 | F21: 9 | G21: =(D21*E21)/F21 -> 324.33333
B22: Escalera de tijera 2.4 | D22: 1 | E22: 805 | F22: 9 | G22: =(D22*E22)/F22 -> 89.444444
B23: Pinza voltiamperimetrica | D23: 1 | E23: 302 | F23: 9 | G23: =(D23*E23)/F23 -> 33.555556
F24: Sub-Total | G24: =SUM(G19:G23) -> 735.55556
B25: 2. MATERIALES EN OBRA
B26: Descripción | D26: unidad | E26: Precio-unit. | F26: Cantidad | G26: Valor-unit.
B27: Reflector LED 200W | D27: unidad | E27: 400000 | F27: 1 | G27: =F27*E27 -> 400000
B28: Clavija en caucho polo tierra | D28: unidad | E28: 6400 | F28: 1 | G28: =F28*E28 -> 6400
B29: Accesorios de fijación | D29: global | E29: 4000 | F29: 1 | G29: =F29*E29 -> 4000
F32: Sub-Total | G32: =SUM(G27:G31) -> 410400
B33: 3. TRANSPORTES
B34: Material | D34: Cantidad | E34: Rendimiento/Dia | F34: Tarifa | G34: Valor-unit.
F37: Sub-Total | G37: =SUM(G35:G36) -> 0
B38: 4. MANO DE OBRA
B39: Trabajador | C39: Jornal | D39: Prestaciones | E39: Jornal Total | F39: Rendimiento | G39: Valor-unit.
B40: =Personal!D20 -> TÉCNICO ELÉCTRICO (JR) | C40: 61940.706 | D40: 52649.6 | E40: 114590.31 | F40: 9 | G40: =E40/F40 -> 12732.256
B41: =Personal!D16 -> AYUDANTE (JR) | C41: 32680.606 | D41: 27778.515 | E41: 60459.121 | F41: 9 | G41: =E41/F41 -> 6717.6801
F43: Sub-Total | G43: =SUM(G40:G42) -> 19449.936
F44: Total Costo Directo | G44: =+G24+G32+G37+G43 -> 430585.49
B47: GEBILIER RAMOS | G47: CILIA TOBIAS CARRASCAL
B48: Ing. Electrico Contratista Secretaria De Infraestructura | G48: SECRETARIA DE INFRAESTRUCTURA
B49: Elaboró | G49: Aprobó
B51: ¡Ahora le toca al pueblo! Dirección: Palacio de Naín - Calle 27 N 3 - 28 - Montería - Córdoba / Contacto Teléfono: 7848940 / Línea de atención gratuita: 018000400357 Email: contactenos@cordoba.gov.co - secretaria.infraestructura@cordoba.gov.co

Sheet 9.10-A.P.U
B2: ANÁLISIS DE PRECIOS UNITARIOS - A.P.U.
B4: REPÚBLICA DE COLOMBIA GOBERNACIÓN DE CORDOBA
B7: SECRETARÍA DE INFRAESTRUCTURA - DEPARTAMENTO DE CÓRDOBA
B9: MANTENIMIENTO Y MEJORAS LOCATIVAS EN DIFERENTES PUNTOS DEL BIBLIOPARQUE DAVID SANCHEZ JULIAO UBICADO EN EL BARRIO VILLA MELISA, DEL MUNICIPIO DE MONTERÍA-CORDOBA
B13: PROYECTO U OBRA: | D13: DESCRIPCIÓN DEL ÍTEM:
B14: =B9 -> MANTENIMIENTO Y MEJORAS LOCATIVAS EN DIFERENTES PUNTOS DEL BIBLIOPARQUE DAVID SANCHEZ JULIAO UBICADO EN EL BARRIO VILLA MELISA, DEL MUNICIPIO DE MONTERÍA-CORDOBA | D14: ='PRESUPUESTO GENERAL'!D53 -> SUMINISTRO DE CABLE DE COBRE 2 X N° 12 + 1 N° 12 + 1 N°12 T THWN. LIBRE DE HALOGENO. TUBERÍA EMT DE 1/2" y EMT DE 3/4". ACCESORIOS PARA SU INSTALACIÓN.
B15: ÍTEM: | C15: ='PRESUPUESTO GENERAL'!C53 -> 6.3.4 | D15: UNIDAD: | E15: ='PRESUPUESTO GENERAL'!E47 -> 0 | F15: CANTIDAD: | G15: ='PRESUPUESTO GENERAL'!F53 -> 350
B17: 1. EQUIPOS
B18: Descripción | D18: Cantidad | E18: Tarifa/Dia | F18: Rendimiento | G18: Valor-unit.
B19: Juego de herramientas menores | D19: 1 | E19: 179 | F19: 9 | G19: =(D19*E19)/F19 -> 19.888889
B20: taladro percutor | D20: 1 | E20: 2415 | F20: 9 | G20: =(D20*E20)/F20 -> 268.33333
B21: herramienta de impacto | D21: 1 | E21: 2919 | F21: 9 | G21: =(D21*E21)/F21 -> 324.33333
B22: Escalera de tijera 2.4 | D22: 1 | E22: 805 | F22: 9 | G22: =(D22*E22)/F22 -> 89.444444
B23: Pinza voltiamperimetrica | D23: 1 | E23: 302 | F23: 9 | G23: =(D23*E23)/F23 -> 33.555556
F24: Sub-Total | G24: =SUM(G19:G23) -> 735.55556
B25: 2. MATERIALES EN OBRA
B26: Descripción | D26: unidad | E26: Precio-unit. | F26: Cantidad | G26: Valor-unit.
B27: Reflector LED 200W | D27: unidad | E27: 250000 | F27: 1 | G27: =F27*E27 -> 250000
B28: Clavija en caucho polo tierra | D28: unidad | E28: 6400 | F28: 1 | G28: =F28*E28 -> 6400
B29: Accesorios de fijación | D29: global | E29: 4000 | F29: 1 | G29: =F29*E29 -> 4000
F32: Sub-Total | G32: =SUM(G27:G31) -> 260400
B33: 3. TRANSPORTES
B34: Material | D34: Cantidad | E34: Rendimiento/Dia | F34: Tarifa | G34: Valor-unit.
F37: Sub-Total | G37: =SUM(G35:G36) -> 0
B38: 4. MANO DE OBRA
B39: Trabajador | C39: Jornal | D39: Prestaciones | E39: Jornal Total | F39: Rendimiento | G39: Valor-unit.
B40: =Personal!D20 -> TÉCNICO ELÉCTRICO (JR) | C40: 61940.706 | D40: 52649.6 | E40: 114590.31 | F40: 9 | G40: =E40/F40 -> 12732.256
B41: =Personal!D16 -> AYUDANTE (JR) | C41: 32680.606 | D41: 27778.515 | E41: 60459.121 | F41: 9 | G41: =E41/F41 -> 6717.6801
F43: Sub-Total | G43: =SUM(G40:G42) -> 19449.936
F44: Total Costo Directo | G44: =+G24+G32+G37+G43 -> 280585.49
B47: GEBILIER RAMOS | G47: CILIA TOBIAS CARRASCAL
B48: Ing. Electrico Contratista Secretaria De Infraestructura | G48: SECRETARIA DE INFRAESTRUCTURA
B49: Elaboró | G49: Aprobó
B51: ¡Ahora le toca al pueblo! Dirección: Palacio de Naín - Calle 27 N 3 - 28 - Montería - Córdoba / Contacto Teléfono: 7848940 / Línea de atención gratuita: 018000400357 Email: contactenos@cordoba.gov.co - secretaria.infraestructura@cordoba.gov.co

Sheet Personal
C2: LISTADO DE JORNALES MANO DE OBRA NO CALIFICADA
C4: REPÚBLICA DE COLOMBIA GOBERNACIÓN DE CORDOBA
C7: ='PRESUPUESTO GENERAL'!C7 -> SECRETARÍA DE INFRAESTRUCTURA - DEPARTAMENTO DE CÓRDOBA
C9: ='PRESUPUESTO GENERAL'!C9 -> MANTENIMIENTO Y ADECUACIÓN DE LA CASA DE LA MUJER UBICADA EN EL MUNICIPIO DE MONTERÍA - CÓRDOBA
C12: GRUPO | D12: NOMBRE | E12: UNIDAD | F12: JORNAL 2020 | G12: FACTOR PRESTACIONAL (85%) | H12: Vr. Jornal 2020 + PRESTACIONES
C13: SUELDOS Y JORNALES | D13: MAESTRO (HR) | E13: HR | F13: =+'[2]F.P.'!Q37 -> 7742.5882 | G13: =+F13*85% -> 6581.2 | H13: =+F13+G13 -> 14323.788
C14: SUELDOS Y JORNALES | D14: MAESTRO (JR) | E14: JR | F14: =+'[2]F.P.'!Q36 -> 61940.706 | G14: =+F14*85% -> 52649.6 | H14: =+F14+G14 -> 114590.31
C15: SUELDOS Y JORNALES | D15: AYUDANTE (HR) | E15: HR | F15: =+'[2]F.P.'!E37 -> 4085.0757 | G15: =+F15*85% -> 3472.3144 | H15: =+F15+G15 -> 7557.3901
C16: SUELDOS Y JORNALES | D16: AYUDANTE (JR) | E16: JR | F16: =+'[2]F.P.'!E36 -> 32680.606 | G16: =+F16*85% -> 27778.515 | H16: =+F16+G16 -> 60459.121
C17: SUELDOS Y JORNALES | D17: OFICIAL (HR) | E17: HR | F17: =+'[2]F.P.'!K37 -> 5913.832 | G17: =+F17*85% -> 5026.7572 | H17: =+F17+G17 -> 10940.589
C18: SUELDOS Y JORNALES | D18: OFICIAL (JR) | E18: JR | F18: =+'[2]F.P.'!K36 -> 47310.656 | G18: =+F18*85% -> 40214.057 | H18: =+F18+G18 -> 87524.713
C19: SUELDOS Y JORNALES | D19: TÉCNICO ELÉCTRICO (HR) | E19: HR | F19: =+F13 -> 7742.5882 | G19: =+F19*85% -> 6581.2 | H19: =+F19+G19 -> 14323.788
C20: SUELDOS Y JORNALES | D20: TÉCNICO ELÉCTRICO (JR) | E20: JR | F20: =+F14 -> 61940.706 | G20: =+F20*85% -> 52649.6 | H20: =+F20+G20 -> 114590.31
C21: SUELDOS Y JORNALES | D21: TECNICO (SODADOR 1 A) (HR) | E21: HR | F21: =+F19 -> 7742.5882 | G21: =+F21*85% -> 6581.2 | H21: =+F21+G21 -> 14323.788
C22: SUELDOS Y JORNALES | D22: TECNICO (SODADOR 1 A) (JR) | E22: JR | F22: =+F20 -> 61940.706 | G22: =+F22*85% -> 52649.6 | H22: =+F22+G22 -> 114590.31
C23: SUELDOS Y JORNALES | D23: PLOMERO (HR) | E23: HR | F23: =+F19 -> 7742.5882 | G23: =+F23*85% -> 6581.2 | H23: =+F23+G23 -> 14323.788
C24: SUELDOS Y JORNALES | D24: PLOMERO (JR) | E24: JR | F24: =+F20 -> 61940.706 | G24: =+F24*85% -> 52649.6 | H24: =+F24+G24 -> 114590.31
C25: ANALISIS AUXILIARES | D25: CUADRILLA ( 2 AYUDANTES) (JR) | E25: JR | F25: =+F16*2 -> 65361.211 | G25: =+F25*85% -> 55557.03 | H25: =+F25+G25 -> 120918.24
C26: ANALISIS AUXILIARES | D26: CUADRILLA ( 2 AYUDANTES) (HR) | E26: HR | F26: =+F15*2 -> 8170.1514 | G26: =+F26*85% -> 6944.6287 | H26: =+F26+G26 -> 15114.78
C27: ANALISIS AUXILIARES | D27: CUADRILLA ( OFICIAL + 2 AYUDANTES) (JR) | E27: JR | F27: =+$F$18+($F$16*2) -> 112671.87 | G27: =+F27*85% -> 95771.087 | H27: =+F27+G27 -> 208442.95
C28: ANALISIS AUXILIARES | D28: CUADRILLA ( OFICIAL + 2 AYUDANTES) (HR) | E28: HR | F28: =+$F$17+($F$15*2) -> 14083.983 | G28: =+F28*85% -> 11971.386 | H28: =+F28+G28 -> 26055.369
C29: ANALISIS AUXILIARES | D29: CUADRILLA ( OFICIAL + 3 AYUDANTES) (HR) | E29: HR | F29: =+$F$17+($F$15*3) -> 18169.059 | G29: =+F29*85% -> 15443.7 | H29: =+F29+G29 -> 33612.759
C30: ANALISIS AUXILIARES | D30: CUADRILLA ( OFICIAL + 3 AYUDANTES) (JR) | E30: JR | F30: =+$F$18+($F$16*3) -> 145352.47 | G30: =+F30*85% -> 123549.6 | H30: =+F30+G30 -> 268902.07
C31: ANALISIS AUXILIARES | D31: CUADRILLA ( OFICIAL + 4 AYUDANTES) (HR) | E31: HR | F31: =+$F$17+($F$15*4) -> 22254.135 | G31: =+F31*85% -> 18916.015 | H31: =+F31+G31 -> 41170.149
C32: ANALISIS AUXILIARES | D32: CUADRILLA ( OFICIAL + 4 AYUDANTES) (JR) | E32: JR | F32: =+$F$18+($F$16*4) -> 178033.08 | G32: =+F32*85% -> 151328.12 | H32: =+F32+G32 -> 329361.2
C33: ANALISIS AUXILIARES | D33: CUADRILLA ( OFICIAL + 6 AYUDANTES) (HR) | E33: HR | F33: =+$F$17+($F$15*6) -> 30424.286 | G33: =+F33*85% -> 25860.643 | H33: =+F33+G33 -> 56284.93
C34: ANALISIS AUXILIARES | D34: CUADRILLA (OFICIAL + 6 AYUDANTES) (JR) | E34: JR | F34: =+$F$18+($F$16*6) -> 243394.29 | G34: =+F34*85% -> 206885.15 | H34: =+F34+G34 -> 450279.44
C35: ANALISIS AUXILIARES | D35: CUADRILLA ( OFICIAL + AYUDANTE) (JR) | E35: JR | F35: =+$F$18+($F$16) -> 79991.261 | G35: =+F35*85% -> 67992.572 | H35: =+F35+G35 -> 147983.83
C36: ANALISIS AUXILIARES | D36: CUADRILLA ( OFICIAL + AYUDANTE) (HR) | E36: HR | F36: =+$F$17+($F$15) -> 9998.9077 | G36: =+F36*85% -> 8499.0715 | H36: =+F36+G36 -> 18497.979
C37: ANALISIS AUXILIARES | D37: CUADRILLA ( TECNICO ELECTRICO + 2 AYUDANTES) (JR) | E37: JR | F37: =+$F$20+($F$16*2) -> 127301.92 | G37: =+F37*85% -> 108206.63 | H37: =+F37+G37 -> 235508.55
C38: ANALISIS AUXILIARES | D38: CUADRILLA ( TECNICO ELECTRICO + 2 AYUDANTES) (HR) | E38: HR | F38: =+$F$19+($F$15*2) -> 15912.74 | G38: =+F38*85% -> 13525.829 | H38: =+F38+G38 -> 29438.568
C39: ANALISIS AUXILIARES | D39: CUADRILLA ( TECNICO ELECTRICO + AYUDANTE) (JR) | E39: JR | F39: =+$F$20+($F$16) -> 94621.311 | G39: =+F39*85% -> 80428.115 | H39: =+F39+G39 -> 175049.43
C40: ANALISIS AUXILIARES | D40: CUADRILLA ( TECNICO ELECTRICO + AYUDANTE) (HR) | E40: HR | F40: =+$F$19+($F$15) -> 11827.664 | G40: =+F40*85% -> 10053.514 | H40: =+F40+G40 -> 21881.178
D41: CUADRILLA ( TECNICO REFRIGERACION + 2 AYUDANTES) (JR) | F41: =+$F$18+($F$16*2) -> 112671.87 | G41: =+F41*85% -> 95771.087 | H41: =+F41+G41 -> 208442.95
C43: OSCAR PINEDA MENDOZA | H43: FERNANDO SIMÓN HUMANEZ MARTINEZ
C44: Contratista Secretaria De Infraestructura | H44: Director Técnico y Administrativo S.I.D.
C45: Elaboró | H45: Aprobó
C47: GUSTAVO TIRADO HERNADEZ | H47: CILIA TOBIAS CARRASCAL
C48: Contratista Secretaria De Infraestructura | H48: SECRETARIA DE INFRAESTRUCTURA
C49: Elaboró | H49: Aprobó
C51: GEBILIER RAMOS
C52: Ing. Electrico Contratista Secretaria De Infraestructura
C53: Elaboró
C56: ¡Ahora le toca al pueblo! Dirección: Palacio de Naín - Calle 27 N 3 - 28 - Montería - Córdoba / Contacto Teléfono: 7848940 / Línea de atención gratuita: 018000400357 Email: contactenos@cordoba.gov.co - secretaria.infraestructura@cordoba.gov.co

Sheet F.P
C2: CÁLCULO DEL FACTOR PRESTACIONAL
C4: REPÚBLICA DE COLOMBIA GOBERNACIÓN DE CORDOBA
C8: ='PRESUPUESTO GENERAL'!C7 -> SECRETARÍA DE INFRAESTRUCTURA - DEPARTAMENTO DE CÓRDOBA
C10: ='PRESUPUESTO GENERAL'!C9 -> MANTENIMIENTO Y ADECUACIÓN DE LA CASA DE LA MUJER UBICADA EN EL MUNICIPIO DE MONTERÍA - CÓRDOBA
C14: AYUDANTE | I14: OFICIAL | O14: MAESTRO
C15: ITEM | D15: DESCRIPCIÓN | E15: VALOR | F15: % | I15: ITEM | J15: DESCRIPCIÓN | K15: VALOR | L15: % | O15: ITEM | P15: DESCRIPCIÓN | Q15: VALOR | R15: %
C16: 1 | D16: V/SMMLV | E16: =877803 -> 877803 | I16: 1 | J16: V/SMMLV | K16: =E16*1.5 -> 1316704.5 | O16: 1 | P16: V/SMMLV | Q16: =E16*2 -> 1755606
C17: 2 | D17: TRANSPORTE | E17: =+$E$16*F17 -> 102615.17 | F17: 0.1169 | I17: 2 | J17: TRANSPORTE | K17: =+E17 -> 102615.17 | L17: 0.1169 | O17: 2 | P17: TRANSPORTE | Q17: =+K17 -> 102615.17 | R17: 0.1169
C18: 3 | D18: RIESGOS | E18: =$E$16*F18 -> 61095.089 | F18: 0.0696 | I18: 3 | J18: RIESGOS | K18: =$E$16*L18 -> 61095.089 | L18: =+F18 -> 0.0696 | O18: 3 | P18: RIESGOS | Q18: =$E$16*R18 -> 61095.089 | R18: =+L18 -> 0.0696
C19: 4 | D19: SALUD | E19: =$E$16*F19 -> 74613.255 | F19: 0.085 | I19: 4 | J19: SALUD | K19: =$E$16*L19 -> 74613.255 | L19: =+F19 -> 0.085 | O19: 4 | P19: SALUD | Q19: =$E$16*R19 -> 74613.255 | R19: =+L19 -> 0.085
C20: 5 | D20: PENSION | E20: =$E$16*F20 -> 105336.36 | F20: 0.12 | I20: 5 | J20: PENSION | K20: =$E$16*L20 -> 105336.36 | L20: =+F20 -> 0.12 | O20: 5 | P20: PENSION | Q20: =$E$16*R20 -> 105336.36 | R20: =+L20 -> 0.12
C21: 6 | D21: VACACIONES | E21: =$E$16*F21 -> 36604.385 | F21: 0.0417 | I21: 6 | J21: VACACIONES | K21: =$E$16*L21 -> 36604.385 | L21: =+F21 -> 0.0417 | O21: 6 | P21: VACACIONES | Q21: =$E$16*R21 -> 36604.385 | R21: =+L21 -> 0.0417
C22: 7 | D22: CESANTIAS | E22: =$E$16*F22 -> 73150.25 | F22: 0.083333333 | I22: 7 | J22: CESANTIAS | K22: =$E$16*L22 -> 73150.25 | L22: =+F22 -> 0.083333333 | O22: 7 | P22: CESANTIAS | Q22: =$E$16*R22 -> 73150.25 | R22: =+L22 -> 0.083333333
C23: 8 | D23: INTERES CESAN | E23: =$E$16*F23 -> 8778.03 | F23: 0.01 | I23: 8 | J23: INTERES CESAN | K23: =$E$16*L23 -> 8778.03 | L23: =+F23 -> 0.01 | O23: 8 | P23: INTERES CESAN | Q23: =$E$16*R23 -> 8778.03 | R23: =+L23 -> 0.01
C24: 9 | D24: PRIMA ANUAL | E24: =$E$16*F24 -> 73150.25 | F24: 0.083333333 | I24: 9 | J24: PRIMA ANUAL | K24: =$E$16*L24 -> 73150.25 | L24: =+F24 -> 0.083333333 | O24: 9 | P24: PRIMA ANUAL | Q24: =$E$16*R24 -> 73150.25 | R24: =+L24 -> 0.083333333
C25: 10 | D25: PARAFISCALES | E25: =$E$16*F25 -> 79002.27 | F25: 0.09 | I25: 10 | J25: PARAFISCALES | K25: =$E$16*L25 -> 79002.27 | L25: =+F25 -> 0.09 | O25: 10 | P25: PARAFISCALES | Q25: =$E$16*R25 -> 79002.27 | R25: =+L25 -> 0.09
C26: 11 | D26: DOTACION | E26: =$E$16*F26 -> 43890.15 | F26: 0.05 | I26: 11 | J26: DOTACION | K26: =$E$16*L26 -> 43890.15 | L26: =+F26 -> 0.05 | O26: 11 | P26: DOTACION | Q26: =$E$16*R26 -> 43890.15 | R26: =+L26 -> 0.05
C27: 12 | D27: FIC SENA | E27: =$E$16*F27 -> 21945.075 | F27: 0.025 | I27: 12 | J27: CAJA DE COMPEMSACIÓN | K27: =$E$16*L27 -> 21945.075 | L27: =+F27 -> 0.025 | O27: 12 | P27: CAJA DE COMPEMSACIÓN | Q27: =$E$16*R27 -> 21945.075 | R27: =+L27 -> 0.025
C28: 13 | D28: BONIFICACIÓN RECREACION | E28: =$E$16*F28 -> 13167.045 | F28: 0.015 | I28: 13 | J28: BONIFICACIÓN RECREACION | K28: =$E$16*L28 -> 13167.045 | L28: =+F28 -> 0.015 | O28: 13 | P28: BONIFICACIÓN RECREACION | Q28: =$E$16*R28 -> 13167.045 | R28: =+L28 -> 0.015
C29: 14 | D29: INDEMNIZACIONES | E29: =$E$16*F29 -> 26334.09 | F29: 0.03 | I29: 14 | J29: INDEMNIZACIONES | K29: =$E$16*L29 -> 26334.09 | L29: =+F29 -> 0.03 | O29: 14 | P29: INDEMNIZACIONES | Q29: =$E$16*R29 -> 26334.09 | R29: =+L29 -> 0.03
... C31: 16 | D31: SEGUROS COLECTIVOS | E31: =$E$16*F31 -> 17556.06 | F31: 0.02 | I31: 16 | J31: SEGUROS COLECTIVOS | K31: =$E$16*L31 -> 17556.06 | L31: =+F31 -> 0.02 | O31: 16 | P31: SEGUROS COLECTIVOS | Q31: =$E$16*R31 -> 17556.06 | R31: =+L31 -> 0.02
E34: SALARIO | F34: F.P | G34: SALARIO+F.P | K34: SALARIO | L34: F.P | M34: SALARIO+F.P | Q34: SALARIO | R34: F.P | S34: SALARIO+F.P
D35: TOTAL SALARIO | E35: =+E16 -> 877803 | F35: =E35*F38 -> 745313.27 | G35: =+E35+F35 -> 1623116.3 | J35: TOTAL SALARIO | K35: =+K16 -> 1316704.5 | L35: =+K35*L38 -> 1117969.9 | M35: =+K35+L35 -> 2434674.4 | P35: TOTAL SALARIO | Q35: =+Q16+Q17 -> 1858221.2 | R35: =+Q35*R38 -> 1577753.7 | S35: =+Q35+R35 -> 3435974.8
D36: V/JORNAL | E36: =+E35/30 -> 29260.1 | F36: =+E36*F38 -> 24843.776 | G36: =+E36+F36 -> 54103.876 | J36: V/JORNAL | K36: =+K35/30 -> 43890.15 | L36: =+K36*L38 -> 37265.663 | M36: =+K36+L36 -> 81155.813 | P36: V/JORNAL | Q36: =+Q35/30 -> 61940.706 | R36: =+Q36*R38 -> 52591.789 | S36: =+Q36+R36 -> 114532.49
D37: V/HORA | E37: =E36/8 -> 3657.5125 | F37: =+E37*F38 -> 3105.4719 | G37: =+E37+F37 -> 6762.9844 | J37: V/HORA | K37: =K36/8 -> 5486.2688 | L37: =+K37*L38 -> 4658.2079 | M37: =+K37+L37 -> 10144.477 | P37: V/HORA | Q37: =Q36/8 -> 7742.5882 | R37: =+Q37*R38 -> 6573.9736 | S37: =+Q37+R37 -> 14316.562
D38: FACTOR PRESTACIONAL | F38: =SUM(F17:F31) -> 0.84906667 | J38: FACTOR PRESTACIONAL | L38: =SUM(L17:L31) -> 0.84906667 | P38: FACTOR PRESTACIONAL | R38: =SUM(R17:R31) -> 0.84906667
D45: OSCAR PINEDA MENDOZA | F45: GUSTAVO TIRADO HERNADEZ | K45: GEBILIER RAMOS | O45: FERNANDO SIMÓN HUMANEZ MARTINEZ | R45: CILIA TOBIAS CARRASCAL
D46: Contratista Secretaria De Infraestructura | F46: Contratista Secretaria De Infraestructura | K46: Ing. Electrico Contratista Secretaria De Infraestructura | O46: Director Técnico y Administrativo S.I.D. | R46: SECRETARIA DE INFRAESTRUCTURA
D47: Elaboró | F47: Elaboró | K47: Elaboró | O47: Aprobó | R47: Aprobó
C49: ¡Ahora le toca al pueblo! Dirección: Palacio de Naín - Calle 27 N 3 - 28 - Montería - Córdoba / Contacto Teléfono: 7848940 / Línea de atención gratuita: 018000400357 Email: contactenos@cordoba.gov.co - secretaria.infraestructura@cordoba.gov.co
